Workbook

Sheet Master
A1: Table of Contents
A2: Calculations
B3: Fixed and Operating Cost of In-house Maintenance | D3: =HYPERLINK("#"&ADDRESS(1,1,,,"C_fullhouse"),"here") -> here
B4: Administrative, Preventive Maintenance and Corrective Maintenance Cost based on PLAMAHS data for Table 2, colum 3. | D4: =HYPERLINK("#"&ADDRESS(1,1,,,"C_contracted_PLAMAHS"),"here") -> here
B6: NPV Calculation of Derpeciation and Maintenance Cost; Robustness Check for the Life Time Reduction Assumption | D6: =HYPERLINK("#"&ADDRESS(1,1,,,"C_depreciation_mtn_NPV"),"here") -> here
D7: =HYPERLINK("#"&ADDRESS(1,1,,,"C_device_share"),"here") -> here
B8: Share of Considered Devices in Total
B9: Calculation of Depreciation based on Device Value and Life Expectancy | D9: =HYPERLINK("#"&ADDRESS(1,1,,,"C_depreciation_yearly"),"here") -> here
B10: Colculation: Downtime for District Hospitals | D10: =HYPERLINK("#"&ADDRESS(1,1,,,"C_downtime_cost"),"here") -> here
B11: Average Number of Serives per Day | D11: =HYPERLINK("#"&ADDRESS(1,1,,,"C_services_daily"),"here") -> here
B12: Overhead Cost | D12: =HYPERLINK("#"&ADDRESS(1,1,,,"C_overhead_cost"),"here") -> here
A14: Data
B15: Invoiced Program Cost | D15: =HYPERLINK("#"&ADDRESS(1,1,,,"D_invoiced_cost"),"here") -> here
B16: Device Values | D16: =HYPERLINK("#"&ADDRESS(1,1,,,"D_device_values"),"here") -> here
B17: Service Prices | D17: =HYPERLINK("#"&ADDRESS(1,1,,,"D_service_prices"),"here") -> here
B18: Device Lifecycles | D18: =HYPERLINK("#"&ADDRESS(1,1,,,"D_device_lifecycles"),"here") -> here
B19: Currency Conversion | D19: =HYPERLINK("#"&ADDRESS(1,1,,,"D_currency_conversion"),"here") -> here
B20: Detailed Maintenance Component Cost In-house Maintenance Calculation | D20: =HYPERLINK("#"&ADDRESS(1,1,,,"D_fullhouse"),"here") -> here
A21: Notes: Sheets beginning with C_ are calucations, sheets beginning with D_ store data

Sheet C_fullhouse
B1: =HYPERLINK("#"&ADDRESS(1,1,,,"MASTER"),"M <=") -> M <=
A2: Fixed and Operating Cost of In-house Maintenance
C3: Assumed Discount Rate | F3: =Master!#REF! -> #REF!
F4: Year
D5: 10 years | E5: 3 years | F5: 0 | G5: 1 | H5: 2 | I5: 3 | J5: 4 | K5: 5 | L5: 6 | M5: 7 | N5: 8 | O5: 9 | P5: 10
A6: Initial investments | D6: =SUM(F7:F8) -> 910424 | E6: ‚
B7: Construction WS | D7: =F7+(G7/(1+$F$3)^1)+(H7/(1+$F$3)^2)+(I7/(1+$F$3)^3)+(J7/(1+$F$3)^4)+(K7/(1+$F$3)^5)+(L7/(1+$F$3)^6)+(M7/(1+$F$3)^7)+(N7/(1+$F$3)^8)+(O7/(1+$F$3)^9)+(P7/(1+$F$3)^10) -> #REF! | E7: =F7+(G7/(1+$F$3)^1)+(H7/(1+$F$3)^2)+(I7/(1+$F$3)^3) -> #REF! | F7: =D_fullhouse!S7 -> 710424
B8: Tools | D8: =F8+(G8/(1+$F$3)^1)+(H8/(1+$F$3)^2)+(I8/(1+$F$3)^3)+(J8/(1+$F$3)^4)+(K8/(1+$F$3)^5)+(L8/(1+$F$3)^6)+(M8/(1+$F$3)^7)+(N8/(1+$F$3)^8)+(O8/(1+$F$3)^9)+(P8/(1+$F$3)^10) -> #REF! | E8: =F8+(G8/(1+$F$3)^1)+(H8/(1+$F$3)^2)+(I8/(1+$F$3)^3) -> #REF! | F8: =D_fullhouse!N7 -> 200000
A9: Initial Admin
D10: =F10+(G10/(1+$F$3)^1)+(H10/(1+$F$3)^2)+(I10/(1+$F$3)^3)+(J10/(1+$F$3)^4)+(K10/(1+$F$3)^5)+(L10/(1+$F$3)^6)+(M10/(1+$F$3)^7)+(N10/(1+$F$3)^8)+(O10/(1+$F$3)^9)+(P10/(1+$F$3)^10) -> #REF! | E10: =F10+(G10/(1+$F$3)^1)+(H10/(1+$F$3)^2)+(I10/(1+$F$3)^3) -> #REF! | F10: =SUM(C_overhead_cost!O5:O7)/25 -> 3090.352 | G10: =C_overhead_cost!$P$16/25 -> 125864.07 | H10: =C_overhead_cost!$P$16/25 -> 125864.07 | I10: =C_overhead_cost!$P$16/25 -> 125864.07 | J10: =C_overhead_cost!$P$16/25 -> 125864.07 | K10: =C_overhead_cost!$P$16/25 -> 125864.07 | L10: =C_overhead_cost!$P$16/25 -> 125864.07 | M10: =C_overhead_cost!$P$16/25 -> 125864.07 | N10: =C_overhead_cost!$P$16/25 -> 125864.07 | ... P10: =C_overhead_cost!$P$16/25 -> 125864.07
A11: Operating cost | D11: =SUM(D12:D13) -> #REF! | E11: =SUM(E12:E13) -> #REF!
B12: Salaries | D12: =F12+(G12/(1+$F$3)^1)+(H12/(1+$F$3)^2)+(I12/(1+$F$3)^3)+(J12/(1+$F$3)^4)+(K12/(1+$F$3)^5)+(L12/(1+$F$3)^6)+(M12/(1+$F$3)^7)+(N12/(1+$F$3)^8)+(O12/(1+$F$3)^9)+(P12/(1+$F$3)^10) -> #REF! | E12: =F12+(G12/(1+$F$3)^1)+(H12/(1+$F$3)^2)+(I12/(1+$F$3)^3) -> #REF! | G12: =D_fullhouse!$M$8 -> 600000 | H12: =G12 -> 600000 | I12: =H12 -> 600000 | J12: =I12 -> 600000 | K12: =J12 -> 600000 | L12: =K12 -> 600000 | M12: =L12 -> 600000 | N12: =M12 -> 600000 | O12: =N12 -> 600000 | P12: =O12 -> 600000
B13: Spares & testing | D13: =F13+(G13/(1+$F$3)^1)+(H13/(1+$F$3)^2)+(I13/(1+$F$3)^3)+(J13/(1+$F$3)^4)+(K13/(1+$F$3)^5)+(L13/(1+$F$3)^6)+(M13/(1+$F$3)^7)+(N13/(1+$F$3)^8)+(O13/(1+$F$3)^9)+(P13/(1+$F$3)^10) -> #REF! | E13: =F13+(G13/(1+$F$3)^1)+(H13/(1+$F$3)^2)+(I13/(1+$F$3)^3) -> #REF! | G13: =0.7*(D_fullhouse!$O$8+D_fullhouse!$P$8) -> 385000 | H13: =$G$13 -> 385000 | I13: =$G$13 -> 385000 | J13: =$G$13 -> 385000 | K13: =$G$13 -> 385000 | L13: =$G$13 -> 385000 | M13: =$G$13 -> 385000 | N13: =$G$13 -> 385000 | O13: =$G$13 -> 385000 | P13: =$G$13 -> 385000
A14: Depreciation rate: | D14: =F14+(G14/(1+$F$3)^1)+(H14/(1+$F$3)^2)+(I14/(1+$F$3)^3)+(J14/(1+$F$3)^4)+(K14/(1+$F$3)^5)+(L14/(1+$F$3)^6)+(M14/(1+$F$3)^7)+(N14/(1+$F$3)^8)+(O14/(1+$F$3)^9)+(P14/(1+$F$3)^10) -> #REF! | E14: =F14+(G14/(1+$F$3)^1)+(H14/(1+$F$3)^2)+(I14/(1+$F$3)^3) -> #REF! | G14: =C_depreciation_yearly!$Q$25 -> 1960858.7 | H14: =C_depreciation_yearly!$Q$25 -> 1960858.7 | I14: =C_depreciation_yearly!$Q$25 -> 1960858.7 | J14: =C_depreciation_yearly!$Q$25 -> 1960858.7 | K14: =C_depreciation_yearly!$Q$25 -> 1960858.7 | L14: =C_depreciation_yearly!$Q$25 -> 1960858.7 | M14: =C_depreciation_yearly!$Q$25 -> 1960858.7 | N14: =C_depreciation_yearly!$Q$25 -> 1960858.7 | ... P14: =C_depreciation_yearly!$Q$25 -> 1960858.7
F15: =SUM(F7:F14) -> 913514.35 | G15: =SUM(G7:G14) -> 3071722.7 | H15: =SUM(H7:H14) -> 3071722.7 | I15: =SUM(I7:I14) -> 3071722.7 | J15: =SUM(J7:J14) -> 3071722.7 | K15: =SUM(K7:K14) -> 3071722.7 | L15: =SUM(L7:L14) -> 3071722.7 | M15: =SUM(M7:M14) -> 3071722.7 | ... P15: =SUM(P7:P14) -> 3071722.7
A16: NPV | B16: total | D16: =SUM(D6,D11,D14) -> #REF! | E16: =SUM(E6,E11,E14) -> #REF!
A17: NPV | B17: per year | D17: =D16/10 -> #REF! | E17: =E16/3 -> #REF!
A19: H_fullhouse | C19: for data
A21: Notes: WS = Work Shop. We asume identical management cost for in-house and contracted-out maintenance (Table 2, column 2&3)

Sheet C_contracted_PLAMAHS
B1: =HYPERLINK("#"&ADDRESS(1,1,,,"MASTER"),"M <=") -> M <=
B2: Administrative, Preventive Maintenance and Corrective Maintenance Cost based on PLAMAHS data for Table 2, colum 3.
B3: Costing based on break-down of progam cost
C4: In USD (2016)
C5: Assumed discount rate: | H5: =Master!#REF! -> #REF!
E6: 10 years | F6: 3 years | G6: 3 yrs (w/o In. Inv.) | H6: Year
B7: Contracted MTN | H7: 0 | I7: 1 | J7: 2 | K7: 3 | L7: 4 | M7: 5 | N7: 6 | O7: 7 | P7: 8 | Q7: 9 | R7: 10
B8: Maintenance Cost
C9: Administrative cost: | E9: =H9+(I9/(1+H$5)^1)+(J9/(1+H$5)^2)+(K9/(1+H$5)^3)+(L9/(1+H$5)^4)+(M9/(1+H$5)^5)+(N9/(1+H$5)^6)+(O9/(1+H$5)^7)+(P9/(1+H$5)^8)+(Q9/(1+H$5)^9)+(R9/(1+H$5)^10) -> #REF! | F9: =H9+(I9/(1+H$5)^1)+(J9/(1+H$5)^2)+(K9/(1+H$5)^3) -> #REF! | H9: =C_overhead_cost!$P$9/25 -> 653576.6 | I9: =C_overhead_cost!$P$16/25 -> 125864.07 | J9: =C_overhead_cost!$P$16/25 -> 125864.07 | K9: =C_overhead_cost!$P$16/25 -> 125864.07 | L9: =C_overhead_cost!$P$16/25 -> 125864.07 | M9: =C_overhead_cost!$P$16/25 -> 125864.07 | N9: =C_overhead_cost!$P$16/25 -> 125864.07 | O9: =C_overhead_cost!$P$16/25 -> 125864.07 | P9: =C_overhead_cost!$P$16/25 -> 125864.07 | ... R9: =C_overhead_cost!$P$16/25 -> 125864.07
C10: PM operating cost: | E10: =H10+(I10/(1+H$5)^1)+(J10/(1+H$5)^2)+(K10/(1+H$5)^3)+(L10/(1+H$5)^4)+(M10/(1+H$5)^5)+(N10/(1+H$5)^6)+(O10/(1+H$5)^7)+(P10/(1+H$5)^8)+(Q10/(1+H$5)^9)+(R10/(1+H$5)^10) -> #REF! | F10: =H10+(I10/(1+H$5)^1)+(J10/(1+H$5)^2)+(K10/(1+H$5)^3) -> #REF! | G10: =(I10/(1+H$5)^1)+(J10/(1+H$5)^2)+(K10/(1+H$5)^3) -> #REF! | H10: =(1/19)*D_invoiced_cost!C31*10^6*D_currency_conversion!$I$12*D_currency_conversion!$J$12 -> 903151.69 | I10: =(1/19)*D_invoiced_cost!D34*10^6*D_currency_conversion!$I$12*D_currency_conversion!$J$12 -> 118378.7 | J10: =(1/19)*D_invoiced_cost!E34*10^6*D_currency_conversion!$I$12*D_currency_conversion!$J$12 -> 157286.1 | K10: =(1/19)*D_invoiced_cost!F34*10^6*D_currency_conversion!$I$12*D_currency_conversion!$J$12 -> 176908.42 | L10: =0.85*K10+0.15*J10 -> 173965.07 | M10: =0.85*L10+0.15*K10 -> 174406.57 | N10: =(1/19)*D_invoiced_cost!I34*10^6*D_currency_conversion!$I$12*D_currency_conversion!$J$12 -> 264371.94 | O10: =(1/19)*D_invoiced_cost!J34*10^6*(1/D_currency_conversion!$J$6)*D_currency_conversion!$I$12*D_currency_conversion!$J$12 -> 0 | P10: =(1/19)*D_invoiced_cost!K34*10^6*(1/D_currency_conversion!$J$6)*D_currency_conversion!$I$12*D_currency_conversion!$J$12 -> 0 | Q10: =(1/19)*D_invoiced_cost!L34*10^6*(1/D_currency_conversion!$J$6)*D_currency_conversion!$I$12*D_currency_conversion!$J$12 -> 0 | R10: =(1/19)*D_invoiced_cost!M34*10^6*(1/D_currency_conversion!$J$6)*D_currency_conversion!$I$12*D_currency_conversion!$J$12 -> 0
C11: CM spare cost: | E11: =H11+(I11/(1+H$5)^1)+(J11/(1+H$5)^2)+(K11/(1+H$5)^3)+(L11/(1+H$5)^4)+(M11/(1+H$5)^5)+(N11/(1+H$5)^6)+(O11/(1+H$5)^7)+(P11/(1+H$5)^8)+(Q11/(1+H$5)^9)+(R11/(1+H$5)^10) -> #REF! | F11: =H11+(I11/(1+H$5)^1)+(J11/(1+H$5)^2)+(K11/(1+H$5)^3) -> #REF! | G11: =(I11/(1+H$5)^1)+(J11/(1+H$5)^2)+(K11/(1+H$5)^3) -> #REF! | I11: =(1/19)*D_invoiced_cost!D35*10^6*D_currency_conversion!$I$12*D_currency_conversion!$J$12 -> 9344.7184 | J11: =(1/19)*D_invoiced_cost!E35*10^6*D_currency_conversion!$I$12*D_currency_conversion!$J$12 -> 50924.052 | K11: =(1/19)*D_invoiced_cost!F35*10^6*D_currency_conversion!$I$12*D_currency_conversion!$J$12 -> 29776.119 | L11: =(1/19)*D_invoiced_cost!G35*10^6*D_currency_conversion!$I$12*D_currency_conversion!$J$12 -> 41551.697 | M11: =(1/19)*D_invoiced_cost!H35*10^6*D_currency_conversion!$I$12*D_currency_conversion!$J$12 -> 53327.274 | N11: =(1/19)*D_invoiced_cost!I35*10^6*D_currency_conversion!$I$12*D_currency_conversion!$J$12 -> 65090.596 | O11: =(1/19)*D_invoiced_cost!J35*10^6*(1/D_currency_conversion!$J$6)*D_currency_conversion!$I$12*D_currency_conversion!$J$12 -> 0 | P11: =(1/19)*D_invoiced_cost!K35*10^6*(1/D_currency_conversion!$J$6)*D_currency_conversion!$I$12*D_currency_conversion!$J$12 -> 0 | Q11: =(1/19)*D_invoiced_cost!L35*10^6*(1/D_currency_conversion!$J$6)*D_currency_conversion!$I$12*D_currency_conversion!$J$12 -> 0 | R11: =(1/19)*D_invoiced_cost!M35*10^6*(1/D_currency_conversion!$J$6)*D_currency_conversion!$I$12*D_currency_conversion!$J$12 -> 0
A13: Notes: CM = Corrective Maintenance; PM = Preventive Maintenance; MTN = Maintenance; w/o In. Inv. = Without Initial Invoice

Sheet C_depreciation_mtn_NPV
A1: =HYPERLINK("#"&ADDRESS(1,1,,,"MASTER"),"M <=") -> M <=
A2: NPV Calculation of Derpeciation and Maintenance Cost; Robustness Check for the Life Time Reduction Assumption
B3: for only five device types, in USD (2016) | O3: Discount Rate: | P3: =Master!#REF! -> #REF!
D4: NPV | P4: 0 | Q4: 1 | R4: 2 | S4: 3 | T4: 4 | U4: 5 | V4: 6 | W4: 7 | X4: 8 | Y4: 9 | Z4: 10
A5: No Maintenace | D5: 20 years | E5: 15 years | F5: 10 years | G5: 9 years | H5: 8 years | I5: 7 years | J5: 6 years | K5: 5 years | L5: 4 years | M5: 3 years | N5: 2 years | O5: 1 years
A6: Depreciation rate: | C6: Lifetime Reduction
C7: 0.39 | D7: =$P7+($Q7/(1+$P$3)^1)+($R7/(1+$P$3)^2)+($S7/(1+$P$3)^3)+($T7/(1+$P$3)^4)+($U7/(1+$P$3)^5)+($V7/(1+$P$3)^6)+($W7/(1+$P$3)^7)+($X7/(1+$P$3)^8)+($Y7/(1+$P$3)^9)+($Z7/(1+$P$3)^10)+Z7*(1/(1+$P$3)^11+1/(1+$P$3)^12+1/(1+$P$3)^13+1/(1+$P$3)^14+1/(1+$P$3)^15+1/(1+$P$3)^16+1/(1+$P$3)^17+1/(1+$P$3)^18+1/(1+$P$3)^19+1/(1+$P$3)^20) -> #REF! | E7: =$P7+($Q7/(1+$P$3)^1)+($R7/(1+$P$3)^2)+($S7/(1+$P$3)^3)+($T7/(1+$P$3)^4)+($U7/(1+$P$3)^5)+($V7/(1+$P$3)^6)+($W7/(1+$P$3)^7)+($X7/(1+$P$3)^8)+($Y7/(1+$P$3)^9)+($Z7/(1+$P$3)^10)+Z7*(1/(1+$P$3)^11+1/(1+$P$3)^12+1/(1+$P$3)^13+1/(1+$P$3)^14+1/(1+$P$3)^15) -> #REF! | F7: =($Q7/(1+$P$3)^1)+($R7/(1+$P$3)^2)+($S7/(1+$P$3)^3)+($T7/(1+$P$3)^4)+($U7/(1+$P$3)^5)+($V7/(1+$P$3)^6)+($W7/(1+$P$3)^7)+($X7/(1+$P$3)^8)+($Y7/(1+$P$3)^9)+($Z7/(1+$P$3)^10) -> #REF! | G7: =($Q7/(1+$P$3)^1)+($R7/(1+$P$3)^2)+($S7/(1+$P$3)^3)+($T7/(1+$P$3)^4)+($U7/(1+$P$3)^5)+($V7/(1+$P$3)^6)+($W7/(1+$P$3)^7)+($X7/(1+$P$3)^8)+($Y7/(1+$P$3)^9) -> #REF! | H7: =($Q7/(1+$P$3)^1)+($R7/(1+$P$3)^2)+($S7/(1+$P$3)^3)+($T7/(1+$P$3)^4)+($U7/(1+$P$3)^5)+($V7/(1+$P$3)^6)+($W7/(1+$P$3)^7)+($X7/(1+$P$3)^8) -> #REF! | I7: =($Q7/(1+$P$3)^1)+($R7/(1+$P$3)^2)+($S7/(1+$P$3)^3)+($T7/(1+$P$3)^4)+($U7/(1+$P$3)^5)+($V7/(1+$P$3)^6)+($W7/(1+$P$3)^7) -> #REF! | J7: =($Q7/(1+$P$3)^1)+($R7/(1+$P$3)^2)+($S7/(1+$P$3)^3)+($T7/(1+$P$3)^4)+($U7/(1+$P$3)^5)+($V7/(1+$P$3)^6) -> #REF! | K7: =($Q7/(1+$P$3)^1)+($R7/(1+$P$3)^2)+($S7/(1+$P$3)^3)+($T7/(1+$P$3)^4)+($U7/(1+$P$3)^5) -> #REF! | L7: =($Q7/(1+$P$3)^1)+($R7/(1+$P$3)^2)+($S7/(1+$P$3)^3)+($T7/(1+$P$3)^4) -> #REF! | M7: =($Q7/(1+$P$3)^1)+($R7/(1+$P$3)^2)+($S7/(1+$P$3)^3) -> #REF! | N7: =($Q7/(1+$P$3)^1)+($R7/(1+$P$3)^2) -> #REF! | O7: =($Q7/(1+$P$3)^1) -> #REF! | Q7: =C_depreciation_yearly!$O$25 -> #REF! | R7: =C_depreciation_yearly!$O$25 -> #REF! | S7: =C_depreciation_yearly!$O$25 -> #REF! | T7: =C_depreciation_yearly!$O$25 -> #REF! | U7: =C_depreciation_yearly!$O$25 -> #REF! | V7: =C_depreciation_yearly!$O$25 -> #REF! | W7: =C_depreciation_yearly!$O$25 -> #REF! | X7: =C_depreciation_yearly!$O$25 -> #REF! | ... Z7: =C_depreciation_yearly!$O$25 -> #REF!
C8: 0 | D8: =$P8+($Q8/(1+$P$3)^1)+($R8/(1+$P$3)^2)+($S8/(1+$P$3)^3)+($T8/(1+$P$3)^4)+($U8/(1+$P$3)^5)+($V8/(1+$P$3)^6)+($W8/(1+$P$3)^7)+($X8/(1+$P$3)^8)+($Y8/(1+$P$3)^9)+($Z8/(1+$P$3)^10)+Z8*(1/(1+$P$3)^11+1/(1+$P$3)^12+1/(1+$P$3)^13+1/(1+$P$3)^14+1/(1+$P$3)^15+1/(1+$P$3)^16+1/(1+$P$3)^17+1/(1+$P$3)^18+1/(1+$P$3)^19+1/(1+$P$3)^20) -> #REF! | E8: =$P8+($Q8/(1+$P$3)^1)+($R8/(1+$P$3)^2)+($S8/(1+$P$3)^3)+($T8/(1+$P$3)^4)+($U8/(1+$P$3)^5)+($V8/(1+$P$3)^6)+($W8/(1+$P$3)^7)+($X8/(1+$P$3)^8)+($Y8/(1+$P$3)^9)+($Z8/(1+$P$3)^10)+Z8*(1/(1+$P$3)^11+1/(1+$P$3)^12+1/(1+$P$3)^13+1/(1+$P$3)^14+1/(1+$P$3)^15) -> #REF! | F8: =($Q8/(1+$P$3)^1)+($R8/(1+$P$3)^2)+($S8/(1+$P$3)^3)+($T8/(1+$P$3)^4)+($U8/(1+$P$3)^5)+($V8/(1+$P$3)^6)+($W8/(1+$P$3)^7)+($X8/(1+$P$3)^8)+($Y8/(1+$P$3)^9)+($Z8/(1+$P$3)^10) -> #REF! | G8: =($Q8/(1+$P$3)^1)+($R8/(1+$P$3)^2)+($S8/(1+$P$3)^3)+($T8/(1+$P$3)^4)+($U8/(1+$P$3)^5)+($V8/(1+$P$3)^6)+($W8/(1+$P$3)^7)+($X8/(1+$P$3)^8)+($Y8/(1+$P$3)^9) -> #REF! | H8: =($Q8/(1+$P$3)^1)+($R8/(1+$P$3)^2)+($S8/(1+$P$3)^3)+($T8/(1+$P$3)^4)+($U8/(1+$P$3)^5)+($V8/(1+$P$3)^6)+($W8/(1+$P$3)^7)+($X8/(1+$P$3)^8) -> #REF! | I8: =($Q8/(1+$P$3)^1)+($R8/(1+$P$3)^2)+($S8/(1+$P$3)^3)+($T8/(1+$P$3)^4)+($U8/(1+$P$3)^5)+($V8/(1+$P$3)^6)+($W8/(1+$P$3)^7) -> #REF! | J8: =($Q8/(1+$P$3)^1)+($R8/(1+$P$3)^2)+($S8/(1+$P$3)^3)+($T8/(1+$P$3)^4)+($U8/(1+$P$3)^5)+($V8/(1+$P$3)^6) -> #REF! | K8: =($Q8/(1+$P$3)^1)+($R8/(1+$P$3)^2)+($S8/(1+$P$3)^3)+($T8/(1+$P$3)^4)+($U8/(1+$P$3)^5) -> #REF! | L8: =($Q8/(1+$P$3)^1)+($R8/(1+$P$3)^2)+($S8/(1+$P$3)^3)+($T8/(1+$P$3)^4) -> #REF! | M8: =($Q8/(1+$P$3)^1)+($R8/(1+$P$3)^2)+($S8/(1+$P$3)^3) -> #REF! | N8: =($Q8/(1+$P$3)^1)+($R8/(1+$P$3)^2) -> #REF! | O8: =($Q8/(1+$P$3)^1) -> #REF! | Q8: =C_depreciation_yearly!$O$54 -> 35295456 | R8: =C_depreciation_yearly!$O$54 -> 35295456 | S8: =C_depreciation_yearly!$O$54 -> 35295456 | T8: =C_depreciation_yearly!$O$54 -> 35295456 | U8: =C_depreciation_yearly!$O$54 -> 35295456 | V8: =C_depreciation_yearly!$O$54 -> 35295456 | W8: =C_depreciation_yearly!$O$54 -> 35295456 | X8: =C_depreciation_yearly!$O$54 -> 35295456 | ... Z8: =C_depreciation_yearly!$O$54 -> 35295456
C9: =C8+0.05 -> 0.05 | D9: =$P9+($Q9/(1+$P$3)^1)+($R9/(1+$P$3)^2)+($S9/(1+$P$3)^3)+($T9/(1+$P$3)^4)+($U9/(1+$P$3)^5)+($V9/(1+$P$3)^6)+($W9/(1+$P$3)^7)+($X9/(1+$P$3)^8)+($Y9/(1+$P$3)^9)+($Z9/(1+$P$3)^10)+Z9*(1/(1+$P$3)^11+1/(1+$P$3)^12+1/(1+$P$3)^13+1/(1+$P$3)^14+1/(1+$P$3)^15+1/(1+$P$3)^16+1/(1+$P$3)^17+1/(1+$P$3)^18+1/(1+$P$3)^19+1/(1+$P$3)^20) -> #REF! | E9: =$P9+($Q9/(1+$P$3)^1)+($R9/(1+$P$3)^2)+($S9/(1+$P$3)^3)+($T9/(1+$P$3)^4)+($U9/(1+$P$3)^5)+($V9/(1+$P$3)^6)+($W9/(1+$P$3)^7)+($X9/(1+$P$3)^8)+($Y9/(1+$P$3)^9)+($Z9/(1+$P$3)^10)+Z9*(1/(1+$P$3)^11+1/(1+$P$3)^12+1/(1+$P$3)^13+1/(1+$P$3)^14+1/(1+$P$3)^15) -> #REF! | F9: =($Q9/(1+$P$3)^1)+($R9/(1+$P$3)^2)+($S9/(1+$P$3)^3)+($T9/(1+$P$3)^4)+($U9/(1+$P$3)^5)+($V9/(1+$P$3)^6)+($W9/(1+$P$3)^7)+($X9/(1+$P$3)^8)+($Y9/(1+$P$3)^9)+($Z9/(1+$P$3)^10) -> #REF! | G9: =($Q9/(1+$P$3)^1)+($R9/(1+$P$3)^2)+($S9/(1+$P$3)^3)+($T9/(1+$P$3)^4)+($U9/(1+$P$3)^5)+($V9/(1+$P$3)^6)+($W9/(1+$P$3)^7)+($X9/(1+$P$3)^8)+($Y9/(1+$P$3)^9) -> #REF! | H9: =($Q9/(1+$P$3)^1)+($R9/(1+$P$3)^2)+($S9/(1+$P$3)^3)+($T9/(1+$P$3)^4)+($U9/(1+$P$3)^5)+($V9/(1+$P$3)^6)+($W9/(1+$P$3)^7)+($X9/(1+$P$3)^8) -> #REF! | I9: =($Q9/(1+$P$3)^1)+($R9/(1+$P$3)^2)+($S9/(1+$P$3)^3)+($T9/(1+$P$3)^4)+($U9/(1+$P$3)^5)+($V9/(1+$P$3)^6)+($W9/(1+$P$3)^7) -> #REF! | J9: =($Q9/(1+$P$3)^1)+($R9/(1+$P$3)^2)+($S9/(1+$P$3)^3)+($T9/(1+$P$3)^4)+($U9/(1+$P$3)^5)+($V9/(1+$P$3)^6) -> #REF! | K9: =($Q9/(1+$P$3)^1)+($R9/(1+$P$3)^2)+($S9/(1+$P$3)^3)+($T9/(1+$P$3)^4)+($U9/(1+$P$3)^5) -> #REF! | L9: =($Q9/(1+$P$3)^1)+($R9/(1+$P$3)^2)+($S9/(1+$P$3)^3)+($T9/(1+$P$3)^4) -> #REF! | M9: =($Q9/(1+$P$3)^1)+($R9/(1+$P$3)^2)+($S9/(1+$P$3)^3) -> #REF! | N9: =($Q9/(1+$P$3)^1)+($R9/(1+$P$3)^2) -> #REF! | O9: =($Q9/(1+$P$3)^1) -> #REF! | Q9: =C_depreciation_yearly!$O$79 -> 37153111 | R9: =C_depreciation_yearly!$O$79 -> 37153111 | S9: =C_depreciation_yearly!$O$79 -> 37153111 | T9: =C_depreciation_yearly!$O$79 -> 37153111 | U9: =C_depreciation_yearly!$O$79 -> 37153111 | V9: =C_depreciation_yearly!$O$79 -> 37153111 | W9: =C_depreciation_yearly!$O$79 -> 37153111 | X9: =C_depreciation_yearly!$O$79 -> 37153111 | ... Z9: =C_depreciation_yearly!$O$79 -> 37153111
C10: =C9+0.05 -> 0.1 | D10: =$P10+($Q10/(1+$P$3)^1)+($R10/(1+$P$3)^2)+($S10/(1+$P$3)^3)+($T10/(1+$P$3)^4)+($U10/(1+$P$3)^5)+($V10/(1+$P$3)^6)+($W10/(1+$P$3)^7)+($X10/(1+$P$3)^8)+($Y10/(1+$P$3)^9)+($Z10/(1+$P$3)^10)+Z10*(1/(1+$P$3)^11+1/(1+$P$3)^12+1/(1+$P$3)^13+1/(1+$P$3)^14+1/(1+$P$3)^15+1/(1+$P$3)^16+1/(1+$P$3)^17+1/(1+$P$3)^18+1/(1+$P$3)^19+1/(1+$P$3)^20) -> #REF! | E10: =$P10+($Q10/(1+$P$3)^1)+($R10/(1+$P$3)^2)+($S10/(1+$P$3)^3)+($T10/(1+$P$3)^4)+($U10/(1+$P$3)^5)+($V10/(1+$P$3)^6)+($W10/(1+$P$3)^7)+($X10/(1+$P$3)^8)+($Y10/(1+$P$3)^9)+($Z10/(1+$P$3)^10)+Z10*(1/(1+$P$3)^11+1/(1+$P$3)^12+1/(1+$P$3)^13+1/(1+$P$3)^14+1/(1+$P$3)^15) -> #REF! | F10: =($Q10/(1+$P$3)^1)+($R10/(1+$P$3)^2)+($S10/(1+$P$3)^3)+($T10/(1+$P$3)^4)+($U10/(1+$P$3)^5)+($V10/(1+$P$3)^6)+($W10/(1+$P$3)^7)+($X10/(1+$P$3)^8)+($Y10/(1+$P$3)^9)+($Z10/(1+$P$3)^10) -> #REF! | G10: =($Q10/(1+$P$3)^1)+($R10/(1+$P$3)^2)+($S10/(1+$P$3)^3)+($T10/(1+$P$3)^4)+($U10/(1+$P$3)^5)+($V10/(1+$P$3)^6)+($W10/(1+$P$3)^7)+($X10/(1+$P$3)^8)+($Y10/(1+$P$3)^9) -> #REF! | H10: =($Q10/(1+$P$3)^1)+($R10/(1+$P$3)^2)+($S10/(1+$P$3)^3)+($T10/(1+$P$3)^4)+($U10/(1+$P$3)^5)+($V10/(1+$P$3)^6)+($W10/(1+$P$3)^7)+($X10/(1+$P$3)^8) -> #REF! | I10: =($Q10/(1+$P$3)^1)+($R10/(1+$P$3)^2)+($S10/(1+$P$3)^3)+($T10/(1+$P$3)^4)+($U10/(1+$P$3)^5)+($V10/(1+$P$3)^6)+($W10/(1+$P$3)^7) -> #REF! | J10: =($Q10/(1+$P$3)^1)+($R10/(1+$P$3)^2)+($S10/(1+$P$3)^3)+($T10/(1+$P$3)^4)+($U10/(1+$P$3)^5)+($V10/(1+$P$3)^6) -> #REF! | K10: =($Q10/(1+$P$3)^1)+($R10/(1+$P$3)^2)+($S10/(1+$P$3)^3)+($T10/(1+$P$3)^4)+($U10/(1+$P$3)^5) -> #REF! | L10: =($Q10/(1+$P$3)^1)+($R10/(1+$P$3)^2)+($S10/(1+$P$3)^3)+($T10/(1+$P$3)^4) -> #REF! | M10: =($Q10/(1+$P$3)^1)+($R10/(1+$P$3)^2)+($S10/(1+$P$3)^3) -> #REF! | N10: =($Q10/(1+$P$3)^1)+($R10/(1+$P$3)^2) -> #REF! | O10: =($Q10/(1+$P$3)^1) -> #REF! | Q10: =C_depreciation_yearly!$O$104 -> 39217173 | R10: =C_depreciation_yearly!$O$104 -> 39217173 | S10: =C_depreciation_yearly!$O$104 -> 39217173 | T10: =C_depreciation_yearly!$O$104 -> 39217173 | U10: =C_depreciation_yearly!$O$104 -> 39217173 | V10: =C_depreciation_yearly!$O$104 -> 39217173 | W10: =C_depreciation_yearly!$O$104 -> 39217173 | X10: =C_depreciation_yearly!$O$104 -> 39217173 | ... Z10: =C_depreciation_yearly!$O$104 -> 39217173
C11: =C10+0.05 -> 0.15 | D11: =$P11+($Q11/(1+$P$3)^1)+($R11/(1+$P$3)^2)+($S11/(1+$P$3)^3)+($T11/(1+$P$3)^4)+($U11/(1+$P$3)^5)+($V11/(1+$P$3)^6)+($W11/(1+$P$3)^7)+($X11/(1+$P$3)^8)+($Y11/(1+$P$3)^9)+($Z11/(1+$P$3)^10)+Z11*(1/(1+$P$3)^11+1/(1+$P$3)^12+1/(1+$P$3)^13+1/(1+$P$3)^14+1/(1+$P$3)^15+1/(1+$P$3)^16+1/(1+$P$3)^17+1/(1+$P$3)^18+1/(1+$P$3)^19+1/(1+$P$3)^20) -> #REF! | E11: =$P11+($Q11/(1+$P$3)^1)+($R11/(1+$P$3)^2)+($S11/(1+$P$3)^3)+($T11/(1+$P$3)^4)+($U11/(1+$P$3)^5)+($V11/(1+$P$3)^6)+($W11/(1+$P$3)^7)+($X11/(1+$P$3)^8)+($Y11/(1+$P$3)^9)+($Z11/(1+$P$3)^10)+Z11*(1/(1+$P$3)^11+1/(1+$P$3)^12+1/(1+$P$3)^13+1/(1+$P$3)^14+1/(1+$P$3)^15) -> #REF! | F11: =($Q11/(1+$P$3)^1)+($R11/(1+$P$3)^2)+($S11/(1+$P$3)^3)+($T11/(1+$P$3)^4)+($U11/(1+$P$3)^5)+($V11/(1+$P$3)^6)+($W11/(1+$P$3)^7)+($X11/(1+$P$3)^8)+($Y11/(1+$P$3)^9)+($Z11/(1+$P$3)^10) -> #REF! | G11: =($Q11/(1+$P$3)^1)+($R11/(1+$P$3)^2)+($S11/(1+$P$3)^3)+($T11/(1+$P$3)^4)+($U11/(1+$P$3)^5)+($V11/(1+$P$3)^6)+($W11/(1+$P$3)^7)+($X11/(1+$P$3)^8)+($Y11/(1+$P$3)^9) -> #REF! | H11: =($Q11/(1+$P$3)^1)+($R11/(1+$P$3)^2)+($S11/(1+$P$3)^3)+($T11/(1+$P$3)^4)+($U11/(1+$P$3)^5)+($V11/(1+$P$3)^6)+($W11/(1+$P$3)^7)+($X11/(1+$P$3)^8) -> #REF! | I11: =($Q11/(1+$P$3)^1)+($R11/(1+$P$3)^2)+($S11/(1+$P$3)^3)+($T11/(1+$P$3)^4)+($U11/(1+$P$3)^5)+($V11/(1+$P$3)^6)+($W11/(1+$P$3)^7) -> #REF! | J11: =($Q11/(1+$P$3)^1)+($R11/(1+$P$3)^2)+($S11/(1+$P$3)^3)+($T11/(1+$P$3)^4)+($U11/(1+$P$3)^5)+($V11/(1+$P$3)^6) -> #REF! | K11: =($Q11/(1+$P$3)^1)+($R11/(1+$P$3)^2)+($S11/(1+$P$3)^3)+($T11/(1+$P$3)^4)+($U11/(1+$P$3)^5) -> #REF! | L11: =($Q11/(1+$P$3)^1)+($R11/(1+$P$3)^2)+($S11/(1+$P$3)^3)+($T11/(1+$P$3)^4) -> #REF! | M11: =($Q11/(1+$P$3)^1)+($R11/(1+$P$3)^2)+($S11/(1+$P$3)^3) -> #REF! | N11: =($Q11/(1+$P$3)^1)+($R11/(1+$P$3)^2) -> #REF! | O11: =($Q11/(1+$P$3)^1) -> #REF! | Q11: =C_depreciation_yearly!$O$129 -> 41524066 | R11: =C_depreciation_yearly!$O$129 -> 41524066 | S11: =C_depreciation_yearly!$O$129 -> 41524066 | T11: =C_depreciation_yearly!$O$129 -> 41524066 | U11: =C_depreciation_yearly!$O$129 -> 41524066 | V11: =C_depreciation_yearly!$O$129 -> 41524066 | W11: =C_depreciation_yearly!$O$129 -> 41524066 | X11: =C_depreciation_yearly!$O$129 -> 41524066 | ... Z11: =C_depreciation_yearly!$O$129 -> 41524066
C12: =C11+0.05 -> 0.2 | D12: =$P12+($Q12/(1+$P$3)^1)+($R12/(1+$P$3)^2)+($S12/(1+$P$3)^3)+($T12/(1+$P$3)^4)+($U12/(1+$P$3)^5)+($V12/(1+$P$3)^6)+($W12/(1+$P$3)^7)+($X12/(1+$P$3)^8)+($Y12/(1+$P$3)^9)+($Z12/(1+$P$3)^10)+Z12*(1/(1+$P$3)^11+1/(1+$P$3)^12+1/(1+$P$3)^13+1/(1+$P$3)^14+1/(1+$P$3)^15+1/(1+$P$3)^16+1/(1+$P$3)^17+1/(1+$P$3)^18+1/(1+$P$3)^19+1/(1+$P$3)^20) -> #REF! | E12: =$P12+($Q12/(1+$P$3)^1)+($R12/(1+$P$3)^2)+($S12/(1+$P$3)^3)+($T12/(1+$P$3)^4)+($U12/(1+$P$3)^5)+($V12/(1+$P$3)^6)+($W12/(1+$P$3)^7)+($X12/(1+$P$3)^8)+($Y12/(1+$P$3)^9)+($Z12/(1+$P$3)^10)+Z12*(1/(1+$P$3)^11+1/(1+$P$3)^12+1/(1+$P$3)^13+1/(1+$P$3)^14+1/(1+$P$3)^15) -> #REF! | F12: =($Q12/(1+$P$3)^1)+($R12/(1+$P$3)^2)+($S12/(1+$P$3)^3)+($T12/(1+$P$3)^4)+($U12/(1+$P$3)^5)+($V12/(1+$P$3)^6)+($W12/(1+$P$3)^7)+($X12/(1+$P$3)^8)+($Y12/(1+$P$3)^9)+($Z12/(1+$P$3)^10) -> #REF! | G12: =($Q12/(1+$P$3)^1)+($R12/(1+$P$3)^2)+($S12/(1+$P$3)^3)+($T12/(1+$P$3)^4)+($U12/(1+$P$3)^5)+($V12/(1+$P$3)^6)+($W12/(1+$P$3)^7)+($X12/(1+$P$3)^8)+($Y12/(1+$P$3)^9) -> #REF! | H12: =($Q12/(1+$P$3)^1)+($R12/(1+$P$3)^2)+($S12/(1+$P$3)^3)+($T12/(1+$P$3)^4)+($U12/(1+$P$3)^5)+($V12/(1+$P$3)^6)+($W12/(1+$P$3)^7)+($X12/(1+$P$3)^8) -> #REF! | I12: =($Q12/(1+$P$3)^1)+($R12/(1+$P$3)^2)+($S12/(1+$P$3)^3)+($T12/(1+$P$3)^4)+($U12/(1+$P$3)^5)+($V12/(1+$P$3)^6)+($W12/(1+$P$3)^7) -> #REF! | J12: =($Q12/(1+$P$3)^1)+($R12/(1+$P$3)^2)+($S12/(1+$P$3)^3)+($T12/(1+$P$3)^4)+($U12/(1+$P$3)^5)+($V12/(1+$P$3)^6) -> #REF! | K12: =($Q12/(1+$P$3)^1)+($R12/(1+$P$3)^2)+($S12/(1+$P$3)^3)+($T12/(1+$P$3)^4)+($U12/(1+$P$3)^5) -> #REF! | L12: =($Q12/(1+$P$3)^1)+($R12/(1+$P$3)^2)+($S12/(1+$P$3)^3)+($T12/(1+$P$3)^4) -> #REF! | M12: =($Q12/(1+$P$3)^1)+($R12/(1+$P$3)^2)+($S12/(1+$P$3)^3) -> #REF! | N12: =($Q12/(1+$P$3)^1)+($R12/(1+$P$3)^2) -> #REF! | O12: =($Q12/(1+$P$3)^1) -> #REF! | Q12: =C_depreciation_yearly!$O$154 -> 44119320 | R12: =C_depreciation_yearly!$O$154 -> 44119320 | S12: =C_depreciation_yearly!$O$154 -> 44119320 | T12: =C_depreciation_yearly!$O$154 -> 44119320 | U12: =C_depreciation_yearly!$O$154 -> 44119320 | V12: =C_depreciation_yearly!$O$154 -> 44119320 | W12: =C_depreciation_yearly!$O$154 -> 44119320 | X12: =C_depreciation_yearly!$O$154 -> 44119320 | ... Z12: =C_depreciation_yearly!$O$154 -> 44119320
C13: =C12+0.05 -> 0.25 | D13: =$P13+($Q13/(1+$P$3)^1)+($R13/(1+$P$3)^2)+($S13/(1+$P$3)^3)+($T13/(1+$P$3)^4)+($U13/(1+$P$3)^5)+($V13/(1+$P$3)^6)+($W13/(1+$P$3)^7)+($X13/(1+$P$3)^8)+($Y13/(1+$P$3)^9)+($Z13/(1+$P$3)^10)+Z13*(1/(1+$P$3)^11+1/(1+$P$3)^12+1/(1+$P$3)^13+1/(1+$P$3)^14+1/(1+$P$3)^15+1/(1+$P$3)^16+1/(1+$P$3)^17+1/(1+$P$3)^18+1/(1+$P$3)^19+1/(1+$P$3)^20) -> #REF! | E13: =$P13+($Q13/(1+$P$3)^1)+($R13/(1+$P$3)^2)+($S13/(1+$P$3)^3)+($T13/(1+$P$3)^4)+($U13/(1+$P$3)^5)+($V13/(1+$P$3)^6)+($W13/(1+$P$3)^7)+($X13/(1+$P$3)^8)+($Y13/(1+$P$3)^9)+($Z13/(1+$P$3)^10)+Z13*(1/(1+$P$3)^11+1/(1+$P$3)^12+1/(1+$P$3)^13+1/(1+$P$3)^14+1/(1+$P$3)^15) -> #REF! | F13: =($Q13/(1+$P$3)^1)+($R13/(1+$P$3)^2)+($S13/(1+$P$3)^3)+($T13/(1+$P$3)^4)+($U13/(1+$P$3)^5)+($V13/(1+$P$3)^6)+($W13/(1+$P$3)^7)+($X13/(1+$P$3)^8)+($Y13/(1+$P$3)^9)+($Z13/(1+$P$3)^10) -> #REF! | G13: =($Q13/(1+$P$3)^1)+($R13/(1+$P$3)^2)+($S13/(1+$P$3)^3)+($T13/(1+$P$3)^4)+($U13/(1+$P$3)^5)+($V13/(1+$P$3)^6)+($W13/(1+$P$3)^7)+($X13/(1+$P$3)^8)+($Y13/(1+$P$3)^9) -> #REF! | H13: =($Q13/(1+$P$3)^1)+($R13/(1+$P$3)^2)+($S13/(1+$P$3)^3)+($T13/(1+$P$3)^4)+($U13/(1+$P$3)^5)+($V13/(1+$P$3)^6)+($W13/(1+$P$3)^7)+($X13/(1+$P$3)^8) -> #REF! | I13: =($Q13/(1+$P$3)^1)+($R13/(1+$P$3)^2)+($S13/(1+$P$3)^3)+($T13/(1+$P$3)^4)+($U13/(1+$P$3)^5)+($V13/(1+$P$3)^6)+($W13/(1+$P$3)^7) -> #REF! | J13: =($Q13/(1+$P$3)^1)+($R13/(1+$P$3)^2)+($S13/(1+$P$3)^3)+($T13/(1+$P$3)^4)+($U13/(1+$P$3)^5)+($V13/(1+$P$3)^6) -> #REF! | K13: =($Q13/(1+$P$3)^1)+($R13/(1+$P$3)^2)+($S13/(1+$P$3)^3)+($T13/(1+$P$3)^4)+($U13/(1+$P$3)^5) -> #REF! | L13: =($Q13/(1+$P$3)^1)+($R13/(1+$P$3)^2)+($S13/(1+$P$3)^3)+($T13/(1+$P$3)^4) -> #REF! | M13: =($Q13/(1+$P$3)^1)+($R13/(1+$P$3)^2)+($S13/(1+$P$3)^3) -> #REF! | N13: =($Q13/(1+$P$3)^1)+($R13/(1+$P$3)^2) -> #REF! | O13: =($Q13/(1+$P$3)^1) -> #REF! | Q13: =C_depreciation_yearly!$O$179 -> 47060608 | R13: =C_depreciation_yearly!$O$179 -> 47060608 | S13: =C_depreciation_yearly!$O$179 -> 47060608 | T13: =C_depreciation_yearly!$O$179 -> 47060608 | U13: =C_depreciation_yearly!$O$179 -> 47060608 | V13: =C_depreciation_yearly!$O$179 -> 47060608 | W13: =C_depreciation_yearly!$O$179 -> 47060608 | X13: =C_depreciation_yearly!$O$179 -> 47060608 | ... Z13: =C_depreciation_yearly!$O$179 -> 47060608
C14: =C13+0.05 -> 0.3 | D14: =$P14+($Q14/(1+$P$3)^1)+($R14/(1+$P$3)^2)+($S14/(1+$P$3)^3)+($T14/(1+$P$3)^4)+($U14/(1+$P$3)^5)+($V14/(1+$P$3)^6)+($W14/(1+$P$3)^7)+($X14/(1+$P$3)^8)+($Y14/(1+$P$3)^9)+($Z14/(1+$P$3)^10)+Z14*(1/(1+$P$3)^11+1/(1+$P$3)^12+1/(1+$P$3)^13+1/(1+$P$3)^14+1/(1+$P$3)^15+1/(1+$P$3)^16+1/(1+$P$3)^17+1/(1+$P$3)^18+1/(1+$P$3)^19+1/(1+$P$3)^20) -> #REF! | E14: =$P14+($Q14/(1+$P$3)^1)+($R14/(1+$P$3)^2)+($S14/(1+$P$3)^3)+($T14/(1+$P$3)^4)+($U14/(1+$P$3)^5)+($V14/(1+$P$3)^6)+($W14/(1+$P$3)^7)+($X14/(1+$P$3)^8)+($Y14/(1+$P$3)^9)+($Z14/(1+$P$3)^10)+Z14*(1/(1+$P$3)^11+1/(1+$P$3)^12+1/(1+$P$3)^13+1/(1+$P$3)^14+1/(1+$P$3)^15) -> #REF! | F14: =($Q14/(1+$P$3)^1)+($R14/(1+$P$3)^2)+($S14/(1+$P$3)^3)+($T14/(1+$P$3)^4)+($U14/(1+$P$3)^5)+($V14/(1+$P$3)^6)+($W14/(1+$P$3)^7)+($X14/(1+$P$3)^8)+($Y14/(1+$P$3)^9)+($Z14/(1+$P$3)^10) -> #REF! | G14: =($Q14/(1+$P$3)^1)+($R14/(1+$P$3)^2)+($S14/(1+$P$3)^3)+($T14/(1+$P$3)^4)+($U14/(1+$P$3)^5)+($V14/(1+$P$3)^6)+($W14/(1+$P$3)^7)+($X14/(1+$P$3)^8)+($Y14/(1+$P$3)^9) -> #REF! | H14: =($Q14/(1+$P$3)^1)+($R14/(1+$P$3)^2)+($S14/(1+$P$3)^3)+($T14/(1+$P$3)^4)+($U14/(1+$P$3)^5)+($V14/(1+$P$3)^6)+($W14/(1+$P$3)^7)+($X14/(1+$P$3)^8) -> #REF! | I14: =($Q14/(1+$P$3)^1)+($R14/(1+$P$3)^2)+($S14/(1+$P$3)^3)+($T14/(1+$P$3)^4)+($U14/(1+$P$3)^5)+($V14/(1+$P$3)^6)+($W14/(1+$P$3)^7) -> #REF! | J14: =($Q14/(1+$P$3)^1)+($R14/(1+$P$3)^2)+($S14/(1+$P$3)^3)+($T14/(1+$P$3)^4)+($U14/(1+$P$3)^5)+($V14/(1+$P$3)^6) -> #REF! | K14: =($Q14/(1+$P$3)^1)+($R14/(1+$P$3)^2)+($S14/(1+$P$3)^3)+($T14/(1+$P$3)^4)+($U14/(1+$P$3)^5) -> #REF! | L14: =($Q14/(1+$P$3)^1)+($R14/(1+$P$3)^2)+($S14/(1+$P$3)^3)+($T14/(1+$P$3)^4) -> #REF! | M14: =($Q14/(1+$P$3)^1)+($R14/(1+$P$3)^2)+($S14/(1+$P$3)^3) -> #REF! | N14: =($Q14/(1+$P$3)^1)+($R14/(1+$P$3)^2) -> #REF! | O14: =($Q14/(1+$P$3)^1) -> #REF! | Q14: =C_depreciation_yearly!$O$204 -> 50422080 | R14: =C_depreciation_yearly!$O$204 -> 50422080 | S14: =C_depreciation_yearly!$O$204 -> 50422080 | T14: =C_depreciation_yearly!$O$204 -> 50422080 | U14: =C_depreciation_yearly!$O$204 -> 50422080 | V14: =C_depreciation_yearly!$O$204 -> 50422080 | W14: =C_depreciation_yearly!$O$204 -> 50422080 | X14: =C_depreciation_yearly!$O$204 -> 50422080 | ... Z14: =C_depreciation_yearly!$O$204 -> 50422080
C15: =C14+0.05 -> 0.35 | D15: =$P15+($Q15/(1+$P$3)^1)+($R15/(1+$P$3)^2)+($S15/(1+$P$3)^3)+($T15/(1+$P$3)^4)+($U15/(1+$P$3)^5)+($V15/(1+$P$3)^6)+($W15/(1+$P$3)^7)+($X15/(1+$P$3)^8)+($Y15/(1+$P$3)^9)+($Z15/(1+$P$3)^10)+Z15*(1/(1+$P$3)^11+1/(1+$P$3)^12+1/(1+$P$3)^13+1/(1+$P$3)^14+1/(1+$P$3)^15+1/(1+$P$3)^16+1/(1+$P$3)^17+1/(1+$P$3)^18+1/(1+$P$3)^19+1/(1+$P$3)^20) -> #REF! | E15: =$P15+($Q15/(1+$P$3)^1)+($R15/(1+$P$3)^2)+($S15/(1+$P$3)^3)+($T15/(1+$P$3)^4)+($U15/(1+$P$3)^5)+($V15/(1+$P$3)^6)+($W15/(1+$P$3)^7)+($X15/(1+$P$3)^8)+($Y15/(1+$P$3)^9)+($Z15/(1+$P$3)^10)+Z15*(1/(1+$P$3)^11+1/(1+$P$3)^12+1/(1+$P$3)^13+1/(1+$P$3)^14+1/(1+$P$3)^15) -> #REF! | F15: =($Q15/(1+$P$3)^1)+($R15/(1+$P$3)^2)+($S15/(1+$P$3)^3)+($T15/(1+$P$3)^4)+($U15/(1+$P$3)^5)+($V15/(1+$P$3)^6)+($W15/(1+$P$3)^7)+($X15/(1+$P$3)^8)+($Y15/(1+$P$3)^9)+($Z15/(1+$P$3)^10) -> #REF! | G15: =($Q15/(1+$P$3)^1)+($R15/(1+$P$3)^2)+($S15/(1+$P$3)^3)+($T15/(1+$P$3)^4)+($U15/(1+$P$3)^5)+($V15/(1+$P$3)^6)+($W15/(1+$P$3)^7)+($X15/(1+$P$3)^8)+($Y15/(1+$P$3)^9) -> #REF! | H15: =($Q15/(1+$P$3)^1)+($R15/(1+$P$3)^2)+($S15/(1+$P$3)^3)+($T15/(1+$P$3)^4)+($U15/(1+$P$3)^5)+($V15/(1+$P$3)^6)+($W15/(1+$P$3)^7)+($X15/(1+$P$3)^8) -> #REF! | I15: =($Q15/(1+$P$3)^1)+($R15/(1+$P$3)^2)+($S15/(1+$P$3)^3)+($T15/(1+$P$3)^4)+($U15/(1+$P$3)^5)+($V15/(1+$P$3)^6)+($W15/(1+$P$3)^7) -> #REF! | J15: =($Q15/(1+$P$3)^1)+($R15/(1+$P$3)^2)+($S15/(1+$P$3)^3)+($T15/(1+$P$3)^4)+($U15/(1+$P$3)^5)+($V15/(1+$P$3)^6) -> #REF! | K15: =($Q15/(1+$P$3)^1)+($R15/(1+$P$3)^2)+($S15/(1+$P$3)^3)+($T15/(1+$P$3)^4)+($U15/(1+$P$3)^5) -> #REF! | L15: =($Q15/(1+$P$3)^1)+($R15/(1+$P$3)^2)+($S15/(1+$P$3)^3)+($T15/(1+$P$3)^4) -> #REF! | M15: =($Q15/(1+$P$3)^1)+($R15/(1+$P$3)^2)+($S15/(1+$P$3)^3) -> #REF! | N15: =($Q15/(1+$P$3)^1)+($R15/(1+$P$3)^2) -> #REF! | O15: =($Q15/(1+$P$3)^1) -> #REF! | Q15: =C_depreciation_yearly!$O$229 -> 54300701 | R15: =C_depreciation_yearly!$O$229 -> 54300701 | S15: =C_depreciation_yearly!$O$229 -> 54300701 | T15: =C_depreciation_yearly!$O$229 -> 54300701 | U15: =C_depreciation_yearly!$O$229 -> 54300701 | V15: =C_depreciation_yearly!$O$229 -> 54300701 | W15: =C_depreciation_yearly!$O$229 -> 54300701 | X15: =C_depreciation_yearly!$O$229 -> 54300701 | ... Z15: =C_depreciation_yearly!$O$229 -> 54300701
C16: =C15+0.05 -> 0.4 | D16: =$P16+($Q16/(1+$P$3)^1)+($R16/(1+$P$3)^2)+($S16/(1+$P$3)^3)+($T16/(1+$P$3)^4)+($U16/(1+$P$3)^5)+($V16/(1+$P$3)^6)+($W16/(1+$P$3)^7)+($X16/(1+$P$3)^8)+($Y16/(1+$P$3)^9)+($Z16/(1+$P$3)^10)+Z16*(1/(1+$P$3)^11+1/(1+$P$3)^12+1/(1+$P$3)^13+1/(1+$P$3)^14+1/(1+$P$3)^15+1/(1+$P$3)^16+1/(1+$P$3)^17+1/(1+$P$3)^18+1/(1+$P$3)^19+1/(1+$P$3)^20) -> #REF! | E16: =$P16+($Q16/(1+$P$3)^1)+($R16/(1+$P$3)^2)+($S16/(1+$P$3)^3)+($T16/(1+$P$3)^4)+($U16/(1+$P$3)^5)+($V16/(1+$P$3)^6)+($W16/(1+$P$3)^7)+($X16/(1+$P$3)^8)+($Y16/(1+$P$3)^9)+($Z16/(1+$P$3)^10)+Z16*(1/(1+$P$3)^11+1/(1+$P$3)^12+1/(1+$P$3)^13+1/(1+$P$3)^14+1/(1+$P$3)^15) -> #REF! | F16: =($Q16/(1+$P$3)^1)+($R16/(1+$P$3)^2)+($S16/(1+$P$3)^3)+($T16/(1+$P$3)^4)+($U16/(1+$P$3)^5)+($V16/(1+$P$3)^6)+($W16/(1+$P$3)^7)+($X16/(1+$P$3)^8)+($Y16/(1+$P$3)^9)+($Z16/(1+$P$3)^10) -> #REF! | G16: =($Q16/(1+$P$3)^1)+($R16/(1+$P$3)^2)+($S16/(1+$P$3)^3)+($T16/(1+$P$3)^4)+($U16/(1+$P$3)^5)+($V16/(1+$P$3)^6)+($W16/(1+$P$3)^7)+($X16/(1+$P$3)^8)+($Y16/(1+$P$3)^9) -> #REF! | H16: =($Q16/(1+$P$3)^1)+($R16/(1+$P$3)^2)+($S16/(1+$P$3)^3)+($T16/(1+$P$3)^4)+($U16/(1+$P$3)^5)+($V16/(1+$P$3)^6)+($W16/(1+$P$3)^7)+($X16/(1+$P$3)^8) -> #REF! | I16: =($Q16/(1+$P$3)^1)+($R16/(1+$P$3)^2)+($S16/(1+$P$3)^3)+($T16/(1+$P$3)^4)+($U16/(1+$P$3)^5)+($V16/(1+$P$3)^6)+($W16/(1+$P$3)^7) -> #REF! | J16: =($Q16/(1+$P$3)^1)+($R16/(1+$P$3)^2)+($S16/(1+$P$3)^3)+($T16/(1+$P$3)^4)+($U16/(1+$P$3)^5)+($V16/(1+$P$3)^6) -> #REF! | K16: =($Q16/(1+$P$3)^1)+($R16/(1+$P$3)^2)+($S16/(1+$P$3)^3)+($T16/(1+$P$3)^4)+($U16/(1+$P$3)^5) -> #REF! | L16: =($Q16/(1+$P$3)^1)+($R16/(1+$P$3)^2)+($S16/(1+$P$3)^3)+($T16/(1+$P$3)^4) -> #REF! | M16: =($Q16/(1+$P$3)^1)+($R16/(1+$P$3)^2)+($S16/(1+$P$3)^3) -> #REF! | N16: =($Q16/(1+$P$3)^1)+($R16/(1+$P$3)^2) -> #REF! | O16: =($Q16/(1+$P$3)^1) -> #REF! | Q16: =C_depreciation_yearly!$O$254 -> 58825760 | R16: =C_depreciation_yearly!$O$254 -> 58825760 | S16: =C_depreciation_yearly!$O$254 -> 58825760 | T16: =C_depreciation_yearly!$O$254 -> 58825760 | U16: =C_depreciation_yearly!$O$254 -> 58825760 | V16: =C_depreciation_yearly!$O$254 -> 58825760 | W16: =C_depreciation_yearly!$O$254 -> 58825760 | X16: =C_depreciation_yearly!$O$254 -> 58825760 | ... Z16: =C_depreciation_yearly!$O$254 -> 58825760
C17: =C16+0.05 -> 0.45 | D17: =$P17+($Q17/(1+$P$3)^1)+($R17/(1+$P$3)^2)+($S17/(1+$P$3)^3)+($T17/(1+$P$3)^4)+($U17/(1+$P$3)^5)+($V17/(1+$P$3)^6)+($W17/(1+$P$3)^7)+($X17/(1+$P$3)^8)+($Y17/(1+$P$3)^9)+($Z17/(1+$P$3)^10)+Z17*(1/(1+$P$3)^11+1/(1+$P$3)^12+1/(1+$P$3)^13+1/(1+$P$3)^14+1/(1+$P$3)^15+1/(1+$P$3)^16+1/(1+$P$3)^17+1/(1+$P$3)^18+1/(1+$P$3)^19+1/(1+$P$3)^20) -> #REF! | E17: =$P17+($Q17/(1+$P$3)^1)+($R17/(1+$P$3)^2)+($S17/(1+$P$3)^3)+($T17/(1+$P$3)^4)+($U17/(1+$P$3)^5)+($V17/(1+$P$3)^6)+($W17/(1+$P$3)^7)+($X17/(1+$P$3)^8)+($Y17/(1+$P$3)^9)+($Z17/(1+$P$3)^10)+Z17*(1/(1+$P$3)^11+1/(1+$P$3)^12+1/(1+$P$3)^13+1/(1+$P$3)^14+1/(1+$P$3)^15) -> #REF! | F17: =($Q17/(1+$P$3)^1)+($R17/(1+$P$3)^2)+($S17/(1+$P$3)^3)+($T17/(1+$P$3)^4)+($U17/(1+$P$3)^5)+($V17/(1+$P$3)^6)+($W17/(1+$P$3)^7)+($X17/(1+$P$3)^8)+($Y17/(1+$P$3)^9)+($Z17/(1+$P$3)^10) -> #REF! | G17: =($Q17/(1+$P$3)^1)+($R17/(1+$P$3)^2)+($S17/(1+$P$3)^3)+($T17/(1+$P$3)^4)+($U17/(1+$P$3)^5)+($V17/(1+$P$3)^6)+($W17/(1+$P$3)^7)+($X17/(1+$P$3)^8)+($Y17/(1+$P$3)^9) -> #REF! | H17: =($Q17/(1+$P$3)^1)+($R17/(1+$P$3)^2)+($S17/(1+$P$3)^3)+($T17/(1+$P$3)^4)+($U17/(1+$P$3)^5)+($V17/(1+$P$3)^6)+($W17/(1+$P$3)^7)+($X17/(1+$P$3)^8) -> #REF! | I17: =($Q17/(1+$P$3)^1)+($R17/(1+$P$3)^2)+($S17/(1+$P$3)^3)+($T17/(1+$P$3)^4)+($U17/(1+$P$3)^5)+($V17/(1+$P$3)^6)+($W17/(1+$P$3)^7) -> #REF! | J17: =($Q17/(1+$P$3)^1)+($R17/(1+$P$3)^2)+($S17/(1+$P$3)^3)+($T17/(1+$P$3)^4)+($U17/(1+$P$3)^5)+($V17/(1+$P$3)^6) -> #REF! | K17: =($Q17/(1+$P$3)^1)+($R17/(1+$P$3)^2)+($S17/(1+$P$3)^3)+($T17/(1+$P$3)^4)+($U17/(1+$P$3)^5) -> #REF! | L17: =($Q17/(1+$P$3)^1)+($R17/(1+$P$3)^2)+($S17/(1+$P$3)^3)+($T17/(1+$P$3)^4) -> #REF! | M17: =($Q17/(1+$P$3)^1)+($R17/(1+$P$3)^2)+($S17/(1+$P$3)^3) -> #REF! | N17: =($Q17/(1+$P$3)^1)+($R17/(1+$P$3)^2) -> #REF! | O17: =($Q17/(1+$P$3)^1) -> #REF! | Q17: =C_depreciation_yearly!$O$279 -> 64173556 | R17: =C_depreciation_yearly!$O$279 -> 64173556 | S17: =C_depreciation_yearly!$O$279 -> 64173556 | T17: =C_depreciation_yearly!$O$279 -> 64173556 | U17: =C_depreciation_yearly!$O$279 -> 64173556 | V17: =C_depreciation_yearly!$O$279 -> 64173556 | W17: =C_depreciation_yearly!$O$279 -> 64173556 | X17: =C_depreciation_yearly!$O$279 -> 64173556 | ... Z17: =C_depreciation_yearly!$O$279 -> 64173556
C18: =C17+0.05 -> 0.5 | D18: =$P18+($Q18/(1+$P$3)^1)+($R18/(1+$P$3)^2)+($S18/(1+$P$3)^3)+($T18/(1+$P$3)^4)+($U18/(1+$P$3)^5)+($V18/(1+$P$3)^6)+($W18/(1+$P$3)^7)+($X18/(1+$P$3)^8)+($Y18/(1+$P$3)^9)+($Z18/(1+$P$3)^10)+Z18*(1/(1+$P$3)^11+1/(1+$P$3)^12+1/(1+$P$3)^13+1/(1+$P$3)^14+1/(1+$P$3)^15+1/(1+$P$3)^16+1/(1+$P$3)^17+1/(1+$P$3)^18+1/(1+$P$3)^19+1/(1+$P$3)^20) -> #REF! | E18: =$P18+($Q18/(1+$P$3)^1)+($R18/(1+$P$3)^2)+($S18/(1+$P$3)^3)+($T18/(1+$P$3)^4)+($U18/(1+$P$3)^5)+($V18/(1+$P$3)^6)+($W18/(1+$P$3)^7)+($X18/(1+$P$3)^8)+($Y18/(1+$P$3)^9)+($Z18/(1+$P$3)^10)+Z18*(1/(1+$P$3)^11+1/(1+$P$3)^12+1/(1+$P$3)^13+1/(1+$P$3)^14+1/(1+$P$3)^15) -> #REF! | F18: =($Q18/(1+$P$3)^1)+($R18/(1+$P$3)^2)+($S18/(1+$P$3)^3)+($T18/(1+$P$3)^4)+($U18/(1+$P$3)^5)+($V18/(1+$P$3)^6)+($W18/(1+$P$3)^7)+($X18/(1+$P$3)^8)+($Y18/(1+$P$3)^9)+($Z18/(1+$P$3)^10) -> #REF! | G18: =($Q18/(1+$P$3)^1)+($R18/(1+$P$3)^2)+($S18/(1+$P$3)^3)+($T18/(1+$P$3)^4)+($U18/(1+$P$3)^5)+($V18/(1+$P$3)^6)+($W18/(1+$P$3)^7)+($X18/(1+$P$3)^8)+($Y18/(1+$P$3)^9) -> #REF! | H18: =($Q18/(1+$P$3)^1)+($R18/(1+$P$3)^2)+($S18/(1+$P$3)^3)+($T18/(1+$P$3)^4)+($U18/(1+$P$3)^5)+($V18/(1+$P$3)^6)+($W18/(1+$P$3)^7)+($X18/(1+$P$3)^8) -> #REF! | I18: =($Q18/(1+$P$3)^1)+($R18/(1+$P$3)^2)+($S18/(1+$P$3)^3)+($T18/(1+$P$3)^4)+($U18/(1+$P$3)^5)+($V18/(1+$P$3)^6)+($W18/(1+$P$3)^7) -> #REF! | J18: =($Q18/(1+$P$3)^1)+($R18/(1+$P$3)^2)+($S18/(1+$P$3)^3)+($T18/(1+$P$3)^4)+($U18/(1+$P$3)^5)+($V18/(1+$P$3)^6) -> #REF! | K18: =($Q18/(1+$P$3)^1)+($R18/(1+$P$3)^2)+($S18/(1+$P$3)^3)+($T18/(1+$P$3)^4)+($U18/(1+$P$3)^5) -> #REF! | L18: =($Q18/(1+$P$3)^1)+($R18/(1+$P$3)^2)+($S18/(1+$P$3)^3)+($T18/(1+$P$3)^4) -> #REF! | M18: =($Q18/(1+$P$3)^1)+($R18/(1+$P$3)^2)+($S18/(1+$P$3)^3) -> #REF! | N18: =($Q18/(1+$P$3)^1)+($R18/(1+$P$3)^2) -> #REF! | O18: =($Q18/(1+$P$3)^1) -> #REF! | Q18: =C_depreciation_yearly!$O$304 -> 70590912 | R18: =C_depreciation_yearly!$O$304 -> 70590912 | S18: =C_depreciation_yearly!$O$304 -> 70590912 | T18: =C_depreciation_yearly!$O$304 -> 70590912 | U18: =C_depreciation_yearly!$O$304 -> 70590912 | V18: =C_depreciation_yearly!$O$304 -> 70590912 | W18: =C_depreciation_yearly!$O$304 -> 70590912 | X18: =C_depreciation_yearly!$O$304 -> 70590912 | ... Z18: =C_depreciation_yearly!$O$304 -> 70590912
A20: Downtime cost
B21: Apporach | C21: 1 | D21: =$P21+($Q21/(1+$P$3)^1)+($R21/(1+$P$3)^2)+($S21/(1+$P$3)^3)+($T21/(1+$P$3)^4)+($U21/(1+$P$3)^5)+($V21/(1+$P$3)^6)+($W21/(1+$P$3)^7)+($X21/(1+$P$3)^8)+($Y21/(1+$P$3)^9)+($Z21/(1+$P$3)^10)+Z7*(1/(1+P3)^11+1/(1+P3)^12+1/(1+P3)^13+1/(1+P3)^14+1/(1+P3)^15+1/(1+P3)^16+1/(1+P3)^17+1/(1+P3)^18+1/(1+P3)^19+1/(1+P3)^20) -> #REF! | E21: =$P21+($Q21/(1+$P$3)^1)+($R21/(1+$P$3)^2)+($S21/(1+$P$3)^3)+($T21/(1+$P$3)^4)+($U21/(1+$P$3)^5)+($V21/(1+$P$3)^6)+($W21/(1+$P$3)^7)+($X21/(1+$P$3)^8)+($Y21/(1+$P$3)^9)+($Z21/(1+$P$3)^10)+Z7*(1/(1+P3)^11+1/(1+P3)^12+1/(1+P3)^13+1/(1+P3)^14+1/(1+P3)^15) -> #REF! | F21: =$P21+($Q21/(1+$P$3)^1)+($R21/(1+$P$3)^2)+($S21/(1+$P$3)^3)+($T21/(1+$P$3)^4)+($U21/(1+$P$3)^5)+($V21/(1+$P$3)^6)+($W21/(1+$P$3)^7)+($X21/(1+$P$3)^8)+($Y21/(1+$P$3)^9)+($Z21/(1+$P$3)^10) -> #REF! | G21: =$P21+($Q21/(1+$P$3)^1)+($R21/(1+$P$3)^2)+($S21/(1+$P$3)^3)+($T21/(1+$P$3)^4)+($U21/(1+$P$3)^5)+($V21/(1+$P$3)^6)+($W21/(1+$P$3)^7)+($X21/(1+$P$3)^8)+($Y21/(1+$P$3)^9) -> #REF! | H21: =$P21+($Q21/(1+$P$3)^1)+($R21/(1+$P$3)^2)+($S21/(1+$P$3)^3)+($T21/(1+$P$3)^4)+($U21/(1+$P$3)^5)+($V21/(1+$P$3)^6)+($W21/(1+$P$3)^7)+($X21/(1+$P$3)^8) -> #REF! | I21: =$P21+($Q21/(1+$P$3)^1)+($R21/(1+$P$3)^2)+($S21/(1+$P$3)^3)+($T21/(1+$P$3)^4)+($U21/(1+$P$3)^5)+($V21/(1+$P$3)^6)+($W21/(1+$P$3)^7) -> #REF! | J21: =$P21+($Q21/(1+$P$3)^1)+($R21/(1+$P$3)^2)+($S21/(1+$P$3)^3)+($T21/(1+$P$3)^4)+($U21/(1+$P$3)^5)+($V21/(1+$P$3)^6) -> #REF! | K21: =$P21+($Q21/(1+$P$3)^1)+($R21/(1+$P$3)^2)+($S21/(1+$P$3)^3)+($T21/(1+$P$3)^4)+($U21/(1+$P$3)^5) -> #REF! | L21: =$P21+($Q21/(1+$P$3)^1)+($R21/(1+$P$3)^2)+($S21/(1+$P$3)^3)+($T21/(1+$P$3)^4) -> #REF! | M21: =$P21+($Q21/(1+$P$3)^1)+($R21/(1+$P$3)^2)+($S21/(1+$P$3)^3) -> #REF! | N21: =$P21+($Q21/(1+$P$3)^1)+($R21/(1+$P$3)^2) -> #REF! | O21: =$P21+($Q21/(1+$P$3)^1) -> #REF! | Q21: =C_downtime_cost!$AC$25*19 -> 399683.63 | R21: =C_downtime_cost!$AC$25*19 -> 399683.63 | S21: =C_downtime_cost!$AC$25*19 -> 399683.63 | T21: =C_downtime_cost!$AC$25*19 -> 399683.63 | U21: =C_downtime_cost!$AC$25*19 -> 399683.63 | V21: =C_downtime_cost!$AC$25*19 -> 399683.63 | W21: =C_downtime_cost!$AC$25*19 -> 399683.63 | X21: =C_downtime_cost!$AC$25*19 -> 399683.63 | ... Z21: =C_downtime_cost!$AC$25*19 -> 399683.63
B22: Approach | C22: 2 | D22: =$P22+($Q22/(1+$P$3)^1)+($R22/(1+$P$3)^2)+($S22/(1+$P$3)^3)+($T22/(1+$P$3)^4)+($U22/(1+$P$3)^5)+($V22/(1+$P$3)^6)+($W22/(1+$P$3)^7)+($X22/(1+$P$3)^8)+($Y22/(1+$P$3)^9)+($Z22/(1+$P$3)^10)+Z7*(1/(1+P3)^11+1/(1+P3)^12+1/(1+P3)^13+1/(1+P3)^14+1/(1+P3)^15+1/(1+P3)^16+1/(1+P3)^17+1/(1+P3)^18+1/(1+P3)^19+1/(1+P3)^20) -> #REF! | E22: =$P22+($Q22/(1+$P$3)^1)+($R22/(1+$P$3)^2)+($S22/(1+$P$3)^3)+($T22/(1+$P$3)^4)+($U22/(1+$P$3)^5)+($V22/(1+$P$3)^6)+($W22/(1+$P$3)^7)+($X22/(1+$P$3)^8)+($Y22/(1+$P$3)^9)+($Z22/(1+$P$3)^10)++Z7*(1/(1+P3)^11+1/(1+P3)^12+1/(1+P3)^13+1/(1+P3)^14+1/(1+P3)^15) -> #REF! | F22: =$P22+($Q22/(1+$P$3)^1)+($R22/(1+$P$3)^2)+($S22/(1+$P$3)^3)+($T22/(1+$P$3)^4)+($U22/(1+$P$3)^5)+($V22/(1+$P$3)^6)+($W22/(1+$P$3)^7)+($X22/(1+$P$3)^8)+($Y22/(1+$P$3)^9)+($Z22/(1+$P$3)^10) -> #REF! | G22: =$P22+($Q22/(1+$P$3)^1)+($R22/(1+$P$3)^2)+($S22/(1+$P$3)^3)+($T22/(1+$P$3)^4)+($U22/(1+$P$3)^5)+($V22/(1+$P$3)^6)+($W22/(1+$P$3)^7)+($X22/(1+$P$3)^8)+($Y22/(1+$P$3)^9) -> #REF! | H22: =$P22+($Q22/(1+$P$3)^1)+($R22/(1+$P$3)^2)+($S22/(1+$P$3)^3)+($T22/(1+$P$3)^4)+($U22/(1+$P$3)^5)+($V22/(1+$P$3)^6)+($W22/(1+$P$3)^7)+($X22/(1+$P$3)^8) -> #REF! | I22: =$P22+($Q22/(1+$P$3)^1)+($R22/(1+$P$3)^2)+($S22/(1+$P$3)^3)+($T22/(1+$P$3)^4)+($U22/(1+$P$3)^5)+($V22/(1+$P$3)^6)+($W22/(1+$P$3)^7) -> #REF! | J22: =$P22+($Q22/(1+$P$3)^1)+($R22/(1+$P$3)^2)+($S22/(1+$P$3)^3)+($T22/(1+$P$3)^4)+($U22/(1+$P$3)^5)+($V22/(1+$P$3)^6) -> #REF! | K22: =$P22+($Q22/(1+$P$3)^1)+($R22/(1+$P$3)^2)+($S22/(1+$P$3)^3)+($T22/(1+$P$3)^4)+($U22/(1+$P$3)^5) -> #REF! | L22: =$P22+($Q22/(1+$P$3)^1)+($R22/(1+$P$3)^2)+($S22/(1+$P$3)^3)+($T22/(1+$P$3)^4) -> #REF! | M22: =$P22+($Q22/(1+$P$3)^1)+($R22/(1+$P$3)^2)+($S22/(1+$P$3)^3) -> #REF! | N22: =$P22+($Q22/(1+$P$3)^1)+($R22/(1+$P$3)^2) -> #REF! | O22: =$P22+($Q22/(1+$P$3)^1) -> #REF! | Q22: =C_downtime_cost!$AE$25*19 -> 1228457.6 | R22: =C_downtime_cost!$AE$25*19 -> 1228457.6 | S22: =C_downtime_cost!$AE$25*19 -> 1228457.6 | T22: =C_downtime_cost!$AE$25*19 -> 1228457.6 | U22: =C_downtime_cost!$AE$25*19 -> 1228457.6 | V22: =C_downtime_cost!$AE$25*19 -> 1228457.6 | W22: =C_downtime_cost!$AE$25*19 -> 1228457.6 | X22: =C_downtime_cost!$AE$25*19 -> 1228457.6 | ... Z22: =C_downtime_cost!$AE$25*19 -> 1228457.6
B23: Approach | C23: 3 | D23: =$P23+($Q23/(1+$P$3)^1)+($R23/(1+$P$3)^2)+($S23/(1+$P$3)^3)+($T23/(1+$P$3)^4)+($U23/(1+$P$3)^5)+($V23/(1+$P$3)^6)+($W23/(1+$P$3)^7)+($X23/(1+$P$3)^8)+($Y23/(1+$P$3)^9)+($Z23/(1+$P$3)^10)+Z7*(1/(1+P3)^11+1/(1+P3)^12+1/(1+P3)^13+1/(1+P3)^14+1/(1+P3)^15+1/(1+P3)^16+1/(1+P3)^17+1/(1+P3)^18+1/(1+P3)^19+1/(1+P3)^20) -> #REF! | E23: =$P23+($Q23/(1+$P$3)^1)+($R23/(1+$P$3)^2)+($S23/(1+$P$3)^3)+($T23/(1+$P$3)^4)+($U23/(1+$P$3)^5)+($V23/(1+$P$3)^6)+($W23/(1+$P$3)^7)+($X23/(1+$P$3)^8)+($Y23/(1+$P$3)^9)+($Z23/(1+$P$3)^10)+Z7*(1/(1+P3)^11+1/(1+P3)^12+1/(1+P3)^13+1/(1+P3)^14+1/(1+P3)^15) -> #REF! | F23: =$P23+($Q23/(1+$P$3)^1)+($R23/(1+$P$3)^2)+($S23/(1+$P$3)^3)+($T23/(1+$P$3)^4)+($U23/(1+$P$3)^5)+($V23/(1+$P$3)^6)+($W23/(1+$P$3)^7)+($X23/(1+$P$3)^8)+($Y23/(1+$P$3)^9)+($Z23/(1+$P$3)^10) -> #REF! | G23: =$P23+($Q23/(1+$P$3)^1)+($R23/(1+$P$3)^2)+($S23/(1+$P$3)^3)+($T23/(1+$P$3)^4)+($U23/(1+$P$3)^5)+($V23/(1+$P$3)^6)+($W23/(1+$P$3)^7)+($X23/(1+$P$3)^8)+($Y23/(1+$P$3)^9) -> #REF! | H23: =$P23+($Q23/(1+$P$3)^1)+($R23/(1+$P$3)^2)+($S23/(1+$P$3)^3)+($T23/(1+$P$3)^4)+($U23/(1+$P$3)^5)+($V23/(1+$P$3)^6)+($W23/(1+$P$3)^7)+($X23/(1+$P$3)^8) -> #REF! | I23: =$P23+($Q23/(1+$P$3)^1)+($R23/(1+$P$3)^2)+($S23/(1+$P$3)^3)+($T23/(1+$P$3)^4)+($U23/(1+$P$3)^5)+($V23/(1+$P$3)^6)+($W23/(1+$P$3)^7) -> #REF! | J23: =$P23+($Q23/(1+$P$3)^1)+($R23/(1+$P$3)^2)+($S23/(1+$P$3)^3)+($T23/(1+$P$3)^4)+($U23/(1+$P$3)^5)+($V23/(1+$P$3)^6) -> #REF! | K23: =$P23+($Q23/(1+$P$3)^1)+($R23/(1+$P$3)^2)+($S23/(1+$P$3)^3)+($T23/(1+$P$3)^4)+($U23/(1+$P$3)^5) -> #REF! | L23: =$P23+($Q23/(1+$P$3)^1)+($R23/(1+$P$3)^2)+($S23/(1+$P$3)^3)+($T23/(1+$P$3)^4) -> #REF! | M23: =$P23+($Q23/(1+$P$3)^1)+($R23/(1+$P$3)^2)+($S23/(1+$P$3)^3) -> #REF! | N23: =$P23+($Q23/(1+$P$3)^1)+($R23/(1+$P$3)^2) -> #REF! | O23: =$P23+($Q23/(1+$P$3)^1) -> #REF! | Q23: =C_downtime_cost!$AG$25*19 -> 40537779 | R23: =C_downtime_cost!$AG$25*19 -> 40537779 | S23: =C_downtime_cost!$AG$25*19 -> 40537779 | T23: =C_downtime_cost!$AG$25*19 -> 40537779 | U23: =C_downtime_cost!$AG$25*19 -> 40537779 | V23: =C_downtime_cost!$AG$25*19 -> 40537779 | W23: =C_downtime_cost!$AG$25*19 -> 40537779 | X23: =C_downtime_cost!$AG$25*19 -> 40537779 | ... Z23: =C_downtime_cost!$AG$25*19 -> 40537779
A25: Total Cost | C25: Lifetime Reduction
C26: 0.39 | D26: =D7+D$22 -> #REF! | E26: =E7+E$22 -> #REF! | F26: =F7+F$22 -> #REF! | G26: =G7+G$22 -> #REF! | H26: =H7+H$22 -> #REF! | I26: =I7+I$22 -> #REF! | J26: =J7+J$22 -> #REF! | K26: =K7+K$22 -> #REF! | ... O26: =O7+O$22 -> #REF!
C27: 0 | D27: =D8+D$22 -> #REF! | E27: =E8+E$22 -> #REF! | F27: =F8+F$22 -> #REF! | G27: =G8+G$22 -> #REF! | H27: =H8+H$22 -> #REF! | I27: =I8+I$22 -> #REF! | J27: =J8+J$22 -> #REF! | K27: =K8+K$22 -> #REF! | ... O27: =O8+O$22 -> #REF!
C28: =C27+0.05 -> 0.05 | D28: =D9+D$22 -> #REF! | E28: =E9+E$22 -> #REF! | F28: =F9+F$22 -> #REF! | G28: =G9+G$22 -> #REF! | H28: =H9+H$22 -> #REF! | I28: =I9+I$22 -> #REF! | J28: =J9+J$22 -> #REF! | K28: =K9+K$22 -> #REF! | ... O28: =O9+O$22 -> #REF!
C29: =C28+0.05 -> 0.1 | D29: =D10+D$22 -> #REF! | E29: =E10+E$22 -> #REF! | F29: =F10+F$22 -> #REF! | G29: =G10+G$22 -> #REF! | H29: =H10+H$22 -> #REF! | I29: =I10+I$22 -> #REF! | J29: =J10+J$22 -> #REF! | K29: =K10+K$22 -> #REF! | ... O29: =O10+O$22 -> #REF!
C30: =C29+0.05 -> 0.15 | D30: =D11+D$22 -> #REF! | E30: =E11+E$22 -> #REF! | F30: =F11+F$22 -> #REF! | G30: =G11+G$22 -> #REF! | H30: =H11+H$22 -> #REF! | I30: =I11+I$22 -> #REF! | J30: =J11+J$22 -> #REF! | K30: =K11+K$22 -> #REF! | ... O30: =O11+O$22 -> #REF!
C31: =C30+0.05 -> 0.2 | D31: =D12+D$22 -> #REF! | E31: =E12+E$22 -> #REF! | F31: =F12+F$22 -> #REF! | G31: =G12+G$22 -> #REF! | H31: =H12+H$22 -> #REF! | I31: =I12+I$22 -> #REF! | J31: =J12+J$22 -> #REF! | K31: =K12+K$22 -> #REF! | ... O31: =O12+O$22 -> #REF!
C32: =C31+0.05 -> 0.25 | D32: =D13+D$22 -> #REF! | E32: =E13+E$22 -> #REF! | F32: =F13+F$22 -> #REF! | G32: =G13+G$22 -> #REF! | H32: =H13+H$22 -> #REF! | I32: =I13+I$22 -> #REF! | J32: =J13+J$22 -> #REF! | K32: =K13+K$22 -> #REF! | ... O32: =O13+O$22 -> #REF!
C33: =C32+0.05 -> 0.3 | D33: =D14+D$22 -> #REF! | E33: =E14+E$22 -> #REF! | F33: =F14+F$22 -> #REF! | G33: =G14+G$22 -> #REF! | H33: =H14+H$22 -> #REF! | I33: =I14+I$22 -> #REF! | J33: =J14+J$22 -> #REF! | K33: =K14+K$22 -> #REF! | ... O33: =O14+O$22 -> #REF!
C34: =C33+0.05 -> 0.35 | D34: =D15+D$22 -> #REF! | E34: =E15+E$22 -> #REF! | F34: =F15+F$22 -> #REF! | G34: =G15+G$22 -> #REF! | H34: =H15+H$22 -> #REF! | I34: =I15+I$22 -> #REF! | J34: =J15+J$22 -> #REF! | K34: =K15+K$22 -> #REF! | ... O34: =O15+O$22 -> #REF!
C35: =C34+0.05 -> 0.4 | D35: =D16+D$22 -> #REF! | E35: =E16+E$22 -> #REF! | F35: =F16+F$22 -> #REF! | G35: =G16+G$22 -> #REF! | H35: =H16+H$22 -> #REF! | I35: =I16+I$22 -> #REF! | J35: =J16+J$22 -> #REF! | K35: =K16+K$22 -> #REF! | ... O35: =O16+O$22 -> #REF!
C36: =C35+0.05 -> 0.45 | D36: =D17+D$22 -> #REF! | E36: =E17+E$22 -> #REF! | F36: =F17+F$22 -> #REF! | G36: =G17+G$22 -> #REF! | H36: =H17+H$22 -> #REF! | I36: =I17+I$22 -> #REF! | J36: =J17+J$22 -> #REF! | K36: =K17+K$22 -> #REF! | ... O36: =O17+O$22 -> #REF!
C37: =C36+0.05 -> 0.5 | D37: =D18+D$22 -> #REF! | E37: =E18+E$22 -> #REF! | F37: =F18+F$22 -> #REF! | G37: =G18+G$22 -> #REF! | H37: =H18+H$22 -> #REF! | I37: =I18+I$22 -> #REF! | J37: =J18+J$22 -> #REF! | K37: =K18+K$22 -> #REF! | ... O37: =O18+O$22 -> #REF!
D39: NPV | P39: Year
A40: Contracted-out Maintenance | D40: 20 years | E40: 15 years | F40: 10 years | G40: 9 years | H40: 8 years | I40: 7 years | J40: 6 years | K40: 5 years | L40: 4 years | M40: 3 years | N40: 2 years | O40: 1 years | P40: 0 | Q40: 1 | R40: 2 | S40: 3 | T40: 4 | U40: 5 | V40: 6 | W40: 7 | X40: 8 | Y40: 9 | Z40: 10
A41: Maintenance Cost
B42: PM operating cost: | D42: =F42+Z42*(1/(1+$P$3)^11+1/(1+$P$3)^12+1/(1+$P$3)^13+1/(1+$P$3)^14+1/(1+$P$3)^15+1/(1+$P$3)^16+1/(1+$P$3)^17+1/(1+$P$3)^18+1/(1+$P$3)^19+1/(1+$P$3)^20) -> #REF! | E42: =F42+Z42*(1/(1+$P$3)^11+1/(1+$P$3)^12+1/(1+$P$3)^13+1/(1+$P$3)^14+1/(1+$P$3)^15) -> #REF! | F42: =($Q42/(1+$P$3)^1)+($R42/(1+$P$3)^2)+($S42/(1+$P$3)^3)+($T42/(1+$P$3)^4)+($U42/(1+$P$3)^5)+($V42/(1+$P$3)^6)+($W42/(1+$P$3)^7)+($X42/(1+$P$3)^8)+($Y42/(1+$P$3)^9)+($Z42/(1+$P$3)^10) -> #REF! | G42: =($Q42/(1+$P$3)^1)+($R42/(1+$P$3)^2)+($S42/(1+$P$3)^3)+($T42/(1+$P$3)^4)+($U42/(1+$P$3)^5)+($V42/(1+$P$3)^6)+($W42/(1+$P$3)^7)+($X42/(1+$P$3)^8)+($Y42/(1+$P$3)^9) -> #REF! | H42: =($Q42/(1+$P$3)^1)+($R42/(1+$P$3)^2)+($S42/(1+$P$3)^3)+($T42/(1+$P$3)^4)+($U42/(1+$P$3)^5)+($V42/(1+$P$3)^6)+($W42/(1+$P$3)^7)+($X42/(1+$P$3)^8) -> #REF! | I42: =($Q42/(1+$P$3)^1)+($R42/(1+$P$3)^2)+($S42/(1+$P$3)^3)+($T42/(1+$P$3)^4)+($U42/(1+$P$3)^5)+($V42/(1+$P$3)^6)+($W42/(1+$P$3)^7) -> #REF! | J42: =($Q42/(1+$P$3)^1)+($R42/(1+$P$3)^2)+($S42/(1+$P$3)^3)+($T42/(1+$P$3)^4)+($U42/(1+$P$3)^5)+($V42/(1+$P$3)^6) -> #REF! | K42: =($Q42/(1+$P$3)^1)+($R42/(1+$P$3)^2)+($S42/(1+$P$3)^3)+($T42/(1+$P$3)^4)+($U42/(1+$P$3)^5) -> #REF! | L42: =($Q42/(1+$P$3)^1)+($R42/(1+$P$3)^2)+($S42/(1+$P$3)^3)+($T42/(1+$P$3)^4) -> #REF! | M42: =($Q42/(1+$P$3)^1)+($R42/(1+$P$3)^2)+($S42/(1+$P$3)^3) -> #REF! | N42: =($Q42/(1+$P$3)^1)+($R42/(1+$P$3)^2) -> #REF! | O42: =($Q42/(1+$P$3)^1) -> #REF! | P42: =D_invoiced_cost!C31*10^6*D_currency_conversion!$I$12*D_currency_conversion!$J$12*C_depreciation_yearly!M27 -> 5109016.9 | Q42: =D_invoiced_cost!D31*10^6*D_currency_conversion!$I$12*D_currency_conversion!$J$12*C_depreciation_yearly!$M$27 -> 4520704.9 | R42: =D_invoiced_cost!E31*10^6*D_currency_conversion!$I$12*D_currency_conversion!$J$12*C_depreciation_yearly!M27 -> 5562610.2 | S42: =D_invoiced_cost!F31*10^6*D_currency_conversion!$I$12*D_currency_conversion!$J$12*C_depreciation_yearly!M27 -> 6428785.5 | T42: =D_invoiced_cost!G31*10^6*D_currency_conversion!$I$12*D_currency_conversion!$J$12*C_depreciation_yearly!$M$27 -> 6659880.6 | U42: =D_invoiced_cost!H31*10^6*D_currency_conversion!$I$12*D_currency_conversion!$J$12*C_depreciation_yearly!M27 -> 6659880.6 | V42: =U42 -> 6659880.6 | W42: =V42 -> 6659880.6 | X42: =W42 -> 6659880.6 | Y42: =X42 -> 6659880.6 | Z42: =Y42 -> 6659880.6
B43: CM spare cost: | D43: =F43+Z43*(1/(1+$P$3)^11+1/(1+$P$3)^12+1/(1+$P$3)^13+1/(1+$P$3)^14+1/(1+$P$3)^15+1/(1+$P$3)^16+1/(1+$P$3)^17+1/(1+$P$3)^18+1/(1+$P$3)^19+1/(1+$P$3)^20) -> #REF! | E43: =F43+Z43*(1/(1+$P$3)^11+1/(1+$P$3)^12+1/(1+$P$3)^13+1/(1+$P$3)^14+1/(1+$P$3)^15) -> #REF! | F43: =($Q43/(1+$P$3)^1)+($R43/(1+$P$3)^2)+($S43/(1+$P$3)^3)+($T43/(1+$P$3)^4)+($U43/(1+$P$3)^5)+($V43/(1+$P$3)^6)+($W43/(1+$P$3)^7)+($X43/(1+$P$3)^8)+($Y43/(1+$P$3)^9)+($Z43/(1+$P$3)^10) -> #REF! | G43: =($Q43/(1+$P$3)^1)+($R43/(1+$P$3)^2)+($S43/(1+$P$3)^3)+($T43/(1+$P$3)^4)+($U43/(1+$P$3)^5)+($V43/(1+$P$3)^6)+($W43/(1+$P$3)^7)+($X43/(1+$P$3)^8)+($Y43/(1+$P$3)^9) -> #REF! | H43: =($Q43/(1+$P$3)^1)+($R43/(1+$P$3)^2)+($S43/(1+$P$3)^3)+($T43/(1+$P$3)^4)+($U43/(1+$P$3)^5)+($V43/(1+$P$3)^6)+($W43/(1+$P$3)^7)+($X43/(1+$P$3)^8) -> #REF! | I43: =($Q43/(1+$P$3)^1)+($R43/(1+$P$3)^2)+($S43/(1+$P$3)^3)+($T43/(1+$P$3)^4)+($U43/(1+$P$3)^5)+($V43/(1+$P$3)^6)+($W43/(1+$P$3)^7) -> #REF! | J43: =($Q43/(1+$P$3)^1)+($R43/(1+$P$3)^2)+($S43/(1+$P$3)^3)+($T43/(1+$P$3)^4)+($U43/(1+$P$3)^5)+($V43/(1+$P$3)^6) -> #REF! | K43: =($Q43/(1+$P$3)^1)+($R43/(1+$P$3)^2)+($S43/(1+$P$3)^3)+($T43/(1+$P$3)^4)+($U43/(1+$P$3)^5) -> #REF! | L43: =($Q43/(1+$P$3)^1)+($R43/(1+$P$3)^2)+($S43/(1+$P$3)^3)+($T43/(1+$P$3)^4) -> #REF! | M43: =($Q43/(1+$P$3)^1)+($R43/(1+$P$3)^2)+($S43/(1+$P$3)^3) -> #REF! | N43: =($Q43/(1+$P$3)^1)+($R43/(1+$P$3)^2) -> #REF! | O43: =($Q43/(1+$P$3)^1) -> #REF! | Q43: =D_invoiced_cost!D32*10^6*D_currency_conversion!$I$12*D_currency_conversion!$J$12*C_depreciation_yearly!$M$27 -> 328826.55 | R43: =D_invoiced_cost!E32*10^6*D_currency_conversion!$I$12*D_currency_conversion!$J$12*C_depreciation_yearly!$M$27 -> 328826.55 | S43: =D_invoiced_cost!F32*10^6*D_currency_conversion!$I$12*D_currency_conversion!$J$12*C_depreciation_yearly!$M$27 -> 328826.55 | T43: =D_invoiced_cost!G32*10^6*D_currency_conversion!$I$12*D_currency_conversion!$J$12*C_depreciation_yearly!$M$27 -> 394591.86 | U43: =T43 -> 394591.86 | V43: =U43 -> 394591.86 | W43: =V43 -> 394591.86 | X43: =W43 -> 394591.86 | Y43: =X43 -> 394591.86 | Z43: =Y43 -> 394591.86
A44: Depreciation rate: | D44: =F44+Z44*(1/(1+$P$3)^11+1/(1+$P$3)^12+1/(1+$P$3)^13+1/(1+$P$3)^14+1/(1+$P$3)^15+1/(1+$P$3)^16+1/(1+$P$3)^17+1/(1+$P$3)^18+1/(1+$P$3)^19+1/(1+$P$3)^20) -> #REF! | E44: =F44+Z44*(1/(1+$P$3)^11+1/(1+$P$3)^12+1/(1+$P$3)^13+1/(1+$P$3)^14+1/(1+$P$3)^15) -> #REF! | F44: =($Q44/(1+$P$3)^1)+($R44/(1+$P$3)^2)+($S44/(1+$P$3)^3)+($T44/(1+$P$3)^4)+($U44/(1+$P$3)^5)+($V44/(1+$P$3)^6)+($W44/(1+$P$3)^7)+($X44/(1+$P$3)^8)+($Y44/(1+$P$3)^9)+($Z44/(1+$P$3)^10) -> #REF! | G44: =($Q44/(1+$P$3)^1)+($R44/(1+$P$3)^2)+($S44/(1+$P$3)^3)+($T44/(1+$P$3)^4)+($U44/(1+$P$3)^5)+($V44/(1+$P$3)^6)+($W44/(1+$P$3)^7)+($X44/(1+$P$3)^8)+($Y44/(1+$P$3)^9) -> #REF! | H44: =($Q44/(1+$P$3)^1)+($R44/(1+$P$3)^2)+($S44/(1+$P$3)^3)+($T44/(1+$P$3)^4)+($U44/(1+$P$3)^5)+($V44/(1+$P$3)^6)+($W44/(1+$P$3)^7)+($X44/(1+$P$3)^8) -> #REF! | I44: =($Q44/(1+$P$3)^1)+($R44/(1+$P$3)^2)+($S44/(1+$P$3)^3)+($T44/(1+$P$3)^4)+($U44/(1+$P$3)^5)+($V44/(1+$P$3)^6)+($W44/(1+$P$3)^7) -> #REF! | J44: =($Q44/(1+$P$3)^1)+($R44/(1+$P$3)^2)+($S44/(1+$P$3)^3)+($T44/(1+$P$3)^4)+($U44/(1+$P$3)^5)+($V44/(1+$P$3)^6) -> #REF! | K44: =($Q44/(1+$P$3)^1)+($R44/(1+$P$3)^2)+($S44/(1+$P$3)^3)+($T44/(1+$P$3)^4)+($U44/(1+$P$3)^5) -> #REF! | L44: =($Q44/(1+$P$3)^1)+($R44/(1+$P$3)^2)+($S44/(1+$P$3)^3)+($T44/(1+$P$3)^4) -> #REF! | M44: =($Q44/(1+$P$3)^1)+($R44/(1+$P$3)^2)+($S44/(1+$P$3)^3) -> #REF! | N44: =($Q44/(1+$P$3)^1)+($R44/(1+$P$3)^2) -> #REF! | O44: =($Q44/(1+$P$3)^1) -> #REF! | Q44: =C_depreciation_yearly!$N$25 -> 35295456 | R44: =C_depreciation_yearly!$N$25 -> 35295456 | S44: =C_depreciation_yearly!$N$25 -> 35295456 | T44: =C_depreciation_yearly!$N$25 -> 35295456 | U44: =C_depreciation_yearly!$N$25 -> 35295456 | V44: =C_depreciation_yearly!$N$25 -> 35295456 | W44: =C_depreciation_yearly!$N$25 -> 35295456 | X44: =C_depreciation_yearly!$N$25 -> 35295456 | ... Z44: =C_depreciation_yearly!$N$25 -> 35295456
A45: Running cost total | D45: =SUM(D42:D44)+C_overhead_cost!Q40 -> #REF! | E45: =SUM(E42:E44)+C_overhead_cost!P40 -> #REF! | F45: =SUM(F42:F44)+C_overhead_cost!O40 -> #REF! | G45: =SUM(G42:G44)+C_overhead_cost!N40 -> #REF! | H45: =SUM(H42:H44)+C_overhead_cost!M40 -> #REF! | I45: =SUM(I42:I44)+C_overhead_cost!L40 -> #REF! | J45: =SUM(J42:J44)+C_overhead_cost!K40 -> #REF! | K45: =SUM(K42:K44)+C_overhead_cost!J40 -> #REF! | L45: =SUM(L42:L44)+C_overhead_cost!I40 -> #REF! | M45: =SUM(M42:M44)+C_overhead_cost!H40 -> #REF! | N45: =SUM(N42:N44)+C_overhead_cost!G40 -> #REF! | O45: =SUM(O42:O44)+C_overhead_cost!F40 -> #REF!
A46: Downtime cost
B47: Apporach | C47: 1 | D47: =F47+Z47*(1/(1+$P$3)^11+1/(1+$P$3)^12+1/(1+$P$3)^13+1/(1+$P$3)^14+1/(1+$P$3)^15+1/(1+$P$3)^16+1/(1+$P$3)^17+1/(1+$P$3)^18+1/(1+$P$3)^19+1/(1+$P$3)^20) -> #REF! | E47: =F47+Z47*(1/(1+$P$3)^11+1/(1+$P$3)^12+1/(1+$P$3)^13+1/(1+$P$3)^14+1/(1+$P$3)^15) -> #REF! | F47: =$P47+($Q47/(1+$P$3)^1)+($R47/(1+$P$3)^2)+($S47/(1+$P$3)^3)+($T47/(1+$P$3)^4)+($U47/(1+$P$3)^5)+($V47/(1+$P$3)^6)+($W47/(1+$P$3)^7)+($X47/(1+$P$3)^8)+($Y47/(1+$P$3)^9)+($Z47/(1+$P$3)^10) -> #REF! | G47: =$P47+($Q47/(1+$P$3)^1)+($R47/(1+$P$3)^2)+($S47/(1+$P$3)^3)+($T47/(1+$P$3)^4)+($U47/(1+$P$3)^5)+($V47/(1+$P$3)^6)+($W47/(1+$P$3)^7)+($X47/(1+$P$3)^8)+($Y47/(1+$P$3)^9) -> #REF! | H47: =$P47+($Q47/(1+$P$3)^1)+($R47/(1+$P$3)^2)+($S47/(1+$P$3)^3)+($T47/(1+$P$3)^4)+($U47/(1+$P$3)^5)+($V47/(1+$P$3)^6)+($W47/(1+$P$3)^7)+($X47/(1+$P$3)^8) -> #REF! | I47: =$P47+($Q47/(1+$P$3)^1)+($R47/(1+$P$3)^2)+($S47/(1+$P$3)^3)+($T47/(1+$P$3)^4)+($U47/(1+$P$3)^5)+($V47/(1+$P$3)^6)+($W47/(1+$P$3)^7) -> #REF! | J47: =$P47+($Q47/(1+$P$3)^1)+($R47/(1+$P$3)^2)+($S47/(1+$P$3)^3)+($T47/(1+$P$3)^4)+($U47/(1+$P$3)^5)+($V47/(1+$P$3)^6) -> #REF! | K47: =$P47+($Q47/(1+$P$3)^1)+($R47/(1+$P$3)^2)+($S47/(1+$P$3)^3)+($T47/(1+$P$3)^4)+($U47/(1+$P$3)^5) -> #REF! | L47: =$P47+($Q47/(1+$P$3)^1)+($R47/(1+$P$3)^2)+($S47/(1+$P$3)^3)+($T47/(1+$P$3)^4) -> #REF! | M47: =$P47+($Q47/(1+$P$3)^1)+($R47/(1+$P$3)^2)+($S47/(1+$P$3)^3) -> #REF! | N47: =$P47+($Q47/(1+$P$3)^1)+($R47/(1+$P$3)^2) -> #REF! | O47: =$P47+($Q47/(1+$P$3)^1) -> #REF! | Q47: =C_downtime_cost!$AD$25*19 -> 490639.84 | R47: =C_downtime_cost!$AD$25*19 -> 490639.84 | S47: =C_downtime_cost!$AD$25*19 -> 490639.84 | T47: =C_downtime_cost!$AD$25*19 -> 490639.84 | U47: =C_downtime_cost!$AD$25*19 -> 490639.84 | V47: =C_downtime_cost!$AD$25*19 -> 490639.84 | W47: =C_downtime_cost!$AD$25*19 -> 490639.84 | X47: =C_downtime_cost!$AD$25*19 -> 490639.84 | ... Z47: =C_downtime_cost!$AD$25*19 -> 490639.84
B48: Approach | C48: 2 | D48: =F48+Z48*(1/(1+$P$3)^11+1/(1+$P$3)^12+1/(1+$P$3)^13+1/(1+$P$3)^14+1/(1+$P$3)^15+1/(1+$P$3)^16+1/(1+$P$3)^17+1/(1+$P$3)^18+1/(1+$P$3)^19+1/(1+$P$3)^20) -> #REF! | E48: =F48+Z48*(1/(1+$P$3)^11+1/(1+$P$3)^12+1/(1+$P$3)^13+1/(1+$P$3)^14+1/(1+$P$3)^15) -> #REF! | F48: =$P48+($Q48/(1+$P$3)^1)+($R48/(1+$P$3)^2)+($S48/(1+$P$3)^3)+($T48/(1+$P$3)^4)+($U48/(1+$P$3)^5)+($V48/(1+$P$3)^6)+($W48/(1+$P$3)^7)+($X48/(1+$P$3)^8)+($Y48/(1+$P$3)^9)+($Z48/(1+$P$3)^10) -> #REF! | G48: =$P48+($Q48/(1+$P$3)^1)+($R48/(1+$P$3)^2)+($S48/(1+$P$3)^3)+($T48/(1+$P$3)^4)+($U48/(1+$P$3)^5)+($V48/(1+$P$3)^6)+($W48/(1+$P$3)^7)+($X48/(1+$P$3)^8)+($Y48/(1+$P$3)^9) -> #REF! | H48: =$P48+($Q48/(1+$P$3)^1)+($R48/(1+$P$3)^2)+($S48/(1+$P$3)^3)+($T48/(1+$P$3)^4)+($U48/(1+$P$3)^5)+($V48/(1+$P$3)^6)+($W48/(1+$P$3)^7)+($X48/(1+$P$3)^8) -> #REF! | I48: =$P48+($Q48/(1+$P$3)^1)+($R48/(1+$P$3)^2)+($S48/(1+$P$3)^3)+($T48/(1+$P$3)^4)+($U48/(1+$P$3)^5)+($V48/(1+$P$3)^6)+($W48/(1+$P$3)^7) -> #REF! | J48: =$P48+($Q48/(1+$P$3)^1)+($R48/(1+$P$3)^2)+($S48/(1+$P$3)^3)+($T48/(1+$P$3)^4)+($U48/(1+$P$3)^5)+($V48/(1+$P$3)^6) -> #REF! | K48: =$P48+($Q48/(1+$P$3)^1)+($R48/(1+$P$3)^2)+($S48/(1+$P$3)^3)+($T48/(1+$P$3)^4)+($U48/(1+$P$3)^5) -> #REF! | L48: =$P48+($Q48/(1+$P$3)^1)+($R48/(1+$P$3)^2)+($S48/(1+$P$3)^3)+($T48/(1+$P$3)^4) -> #REF! | M48: =$P48+($Q48/(1+$P$3)^1)+($R48/(1+$P$3)^2)+($S48/(1+$P$3)^3) -> #REF! | N48: =$P48+($Q48/(1+$P$3)^1)+($R48/(1+$P$3)^2) -> #REF! | O48: =$P48+($Q48/(1+$P$3)^1) -> #REF! | Q48: =C_downtime_cost!$AF$25*19 -> 774635.68 | R48: =C_downtime_cost!$AF$25*19 -> 774635.68 | S48: =C_downtime_cost!$AF$25*19 -> 774635.68 | T48: =C_downtime_cost!$AF$25*19 -> 774635.68 | U48: =C_downtime_cost!$AF$25*19 -> 774635.68 | V48: =C_downtime_cost!$AF$25*19 -> 774635.68 | W48: =C_downtime_cost!$AF$25*19 -> 774635.68 | X48: =C_downtime_cost!$AF$25*19 -> 774635.68 | ... Z48: =C_downtime_cost!$AF$25*19 -> 774635.68
B49: Approach | C49: 3 | D49: =F49+Z49*(1/(1+$P$3)^11+1/(1+$P$3)^12+1/(1+$P$3)^13+1/(1+$P$3)^14+1/(1+$P$3)^15+1/(1+$P$3)^16+1/(1+$P$3)^17+1/(1+$P$3)^18+1/(1+$P$3)^19+1/(1+$P$3)^20) -> #REF! | E49: =F49+Z49*(1/(1+$P$3)^11+1/(1+$P$3)^12+1/(1+$P$3)^13+1/(1+$P$3)^14+1/(1+$P$3)^15) -> #REF! | F49: =$P49+($Q49/(1+$P$3)^1)+($R49/(1+$P$3)^2)+($S49/(1+$P$3)^3)+($T49/(1+$P$3)^4)+($U49/(1+$P$3)^5)+($V49/(1+$P$3)^6)+($W49/(1+$P$3)^7)+($X49/(1+$P$3)^8)+($Y49/(1+$P$3)^9)+($Z49/(1+$P$3)^10) -> #REF! | G49: =$P49+($Q49/(1+$P$3)^1)+($R49/(1+$P$3)^2)+($S49/(1+$P$3)^3)+($T49/(1+$P$3)^4)+($U49/(1+$P$3)^5)+($V49/(1+$P$3)^6)+($W49/(1+$P$3)^7)+($X49/(1+$P$3)^8)+($Y49/(1+$P$3)^9) -> #REF! | H49: =$P49+($Q49/(1+$P$3)^1)+($R49/(1+$P$3)^2)+($S49/(1+$P$3)^3)+($T49/(1+$P$3)^4)+($U49/(1+$P$3)^5)+($V49/(1+$P$3)^6)+($W49/(1+$P$3)^7)+($X49/(1+$P$3)^8) -> #REF! | I49: =$P49+($Q49/(1+$P$3)^1)+($R49/(1+$P$3)^2)+($S49/(1+$P$3)^3)+($T49/(1+$P$3)^4)+($U49/(1+$P$3)^5)+($V49/(1+$P$3)^6)+($W49/(1+$P$3)^7) -> #REF! | J49: =$P49+($Q49/(1+$P$3)^1)+($R49/(1+$P$3)^2)+($S49/(1+$P$3)^3)+($T49/(1+$P$3)^4)+($U49/(1+$P$3)^5)+($V49/(1+$P$3)^6) -> #REF! | K49: =$P49+($Q49/(1+$P$3)^1)+($R49/(1+$P$3)^2)+($S49/(1+$P$3)^3)+($T49/(1+$P$3)^4)+($U49/(1+$P$3)^5) -> #REF! | L49: =$P49+($Q49/(1+$P$3)^1)+($R49/(1+$P$3)^2)+($S49/(1+$P$3)^3)+($T49/(1+$P$3)^4) -> #REF! | M49: =$P49+($Q49/(1+$P$3)^1)+($R49/(1+$P$3)^2)+($S49/(1+$P$3)^3) -> #REF! | N49: =$P49+($Q49/(1+$P$3)^1)+($R49/(1+$P$3)^2) -> #REF! | O49: =$P49+($Q49/(1+$P$3)^1) -> #REF! | Q49: =C_downtime_cost!$AH$25*19 -> 2252098.8 | R49: =C_downtime_cost!$AH$25*19 -> 2252098.8 | S49: =C_downtime_cost!$AH$25*19 -> 2252098.8 | T49: =C_downtime_cost!$AH$25*19 -> 2252098.8 | U49: =C_downtime_cost!$AH$25*19 -> 2252098.8 | V49: =C_downtime_cost!$AH$25*19 -> 2252098.8 | W49: =C_downtime_cost!$AH$25*19 -> 2252098.8 | X49: =C_downtime_cost!$AH$25*19 -> 2252098.8 | Y49: =C_downtime_cost!$AH$25*19 -> 2252098.8 | Z49: =C_downtime_cost!$AH$25*18 -> 2133567.3
A51: Fixed Cost | D51: =C_overhead_cost!$Q$31 -> 21448432 | E51: =C_overhead_cost!$Q$31 -> 21448432 | F51: =C_overhead_cost!$Q$31 -> 21448432 | G51: =C_overhead_cost!$Q$31 -> 21448432 | H51: =C_overhead_cost!$Q$31 -> 21448432 | I51: =C_overhead_cost!$Q$31 -> 21448432 | J51: =C_overhead_cost!$Q$31 -> 21448432 | K51: =C_overhead_cost!$Q$31 -> 21448432 | ... O51: =C_overhead_cost!$Q$31 -> 21448432
A52: Total Cost | D52: =D45+D51+D48 -> #REF! | E52: =E45+E51+E48 -> #REF! | F52: =F45+F51+F48 -> #REF! | G52: =G45+G51+G48 -> #REF! | H52: =H45+H51+H48 -> #REF! | I52: =I45+I51+I48 -> #REF! | J52: =J45+J51+J48 -> #REF! | K52: =K45+K51+K48 -> #REF! | ... O52: =O45+O51+O48 -> #REF!
A54: Notes: For our main calcuation we assume that non-maintained devices have a 39% short life time, which is a value calibrated from the literature. As a robustness check, we calculate the deprection rate if maintenance has no effect or non-maintained devices have a 50% lower life time in 5% steps.
O70: =N70 -> 0

Sheet C_device_share
A1: Share of Considered Devices in Total | E1: =HYPERLINK("#"&ADDRESS(1,1,,,"MASTER"),"M <=") -> M <= | J1: Number of Devices from each maintenance Round
A2: Equipment type selection: | J2: BoQ | K2: All Devices | N2: Only Considered Device Types
A3: 1 | B3: Laboratory equipment | J3: PPM | K3: Tot | L3: Crit | M3: NonCrit | N3: Tot | P3: Crit | R3: NonCrit
B4: a | C4: analyser | D4: ANL | E4: ANL | J4: 1 | K4: =L4+M4 -> 776 | L4: 81 | M4: 695 | N4: 507 | O4: =N4/K4 -> 0.65335052 | P4: 68 | Q4: =P4/L4 -> 0.83950617 | R4: 439 | S4: =R4/M4 -> 0.63165468
B5: b | C5: centrifuge | D5: CEN | E5: CEN | J5: 2 | K5: =L5+M5 -> 921 | L5: 83 | M5: 838 | N5: 602 | O5: =N5/K5 -> 0.65363735 | P5: 71 | Q5: =P5/L5 -> 0.85542169 | R5: 531 | S5: =R5/M5 -> 0.63365155
B6: c | C6: microscope | D6: MIC | E6: MIC | J6: 3 | K6: =L6+M6 -> 1000 | L6: 85 | M6: 915 | N6: 658 | O6: =N6/K6 -> 0.658 | P6: 74 | Q6: =P6/L6 -> 0.87058824 | R6: 584 | S6: =R6/M6 -> 0.63825137
A7: 2 | B7: Cold chain equipment | J7: 4 | K7: =L7+M7 -> 1075 | L7: 87 | M7: 988 | N7: 714 | O7: =N7/K7 -> 0.66418605 | P7: 76 | Q7: =P7/L7 -> 0.87356322 | R7: 638 | S7: =R7/M7 -> 0.64574899
B8: a | C8: refrigerator | D8: CLD | J8: 5 | K8: =L8+M8 -> 1108 | L8: 92 | M8: 1016 | N8: 730 | O8: =N8/K8 -> 0.65884477 | P8: 81 | Q8: =P8/L8 -> 0.88043478 | R8: 649 | S8: =R8/M8 -> 0.63877953
B9: b | C9: freezer | D9: CLD | J9: 6 | K9: =L9+M9 -> 1132 | L9: 97 | M9: 1035 | N9: 749 | O9: =N9/K9 -> 0.66166078 | P9: 86 | Q9: =P9/L9 -> 0.88659794 | R9: 663 | S9: =R9/M9 -> 0.64057971
A10: 3 | B10: Surgical equipment | J10: 7 | K10: =L10+M10 -> 97 | L10: 97 | N10: 86 | O10: =N10/K10 -> 0.88659794 | P10: 86 | Q10: =P10/L10 -> 0.88659794
B11: a | C11: anaesthesia unit | D11: ANS | J11: 8 | K11: =L11+M11 -> 98 | L11: 98 | N11: 87 | O11: =N11/K11 -> 0.8877551 | P11: 87 | Q11: =P11/L11 -> 0.8877551
B12: b | C12: electrosurgical unit | D12: ESU | J12: 9 | K12: =L12+M12 -> 96 | L12: 96 | N12: 85 | O12: =N12/K12 -> 0.88541667 | P12: 85 | Q12: =P12/L12 -> 0.88541667
B13: c | C13: operating light | D13: LGHT | J13: Notes: The numbers are for all devices, including those not in district hopitals
B14: d | C14: oxygen concentrator | D14: OXG
B15: e | C15: strelizing unit | D15: STR | J15: Summary Statistics and Share Calculation
B16: f | C16: operating table | D16: TAB | N16: DH only
A17: 4 | B17: Monitoring | J17: Average PPM-BoQ | M17: =AVERAGE($K$4:$K$9) -> 1002 | N17: =AVERAGE($K$4:$K$9) -> 1002
B18: a | C18: ecg | D18: ECG | E18: ECG | J18: Total maximum PPM-BoQ | M18: =MAX($K$4:$K$12) -> 1132 | N18: =MAX($K$4:$K$12) -> 1132
B19: b | C19: monitor | D19: MON | J19: Selection maximum BoQ | M19: =MAX(N4:N9) -> 749 | N19: =C_depreciation_yearly!K23 -> 419
A20: 5 | B20: Ultrasound imaging | D20: ULS | E20: ULS | J20: Share of total BoQ | M20: =M19/M18 -> 0.66166078 | N20: =N19/N18 -> 0.37014134
A21: 6 | B21: Xray imaging | D21: XRAY | E21: XRAY | J21: Notes: DH = District Hospitals

Sheet C_depreciation_yearly
A1: Calculation of Depreciation based on Device Value and Life Expectancy
A2: Equipment type: | D2: =HYPERLINK("#"&ADDRESS(1,1,,,"MASTER"),"M <=") -> M <= | E2: Purchasing | F2: Purchasing | G2: Life Expectancy | I2: Depreciation rate | K2: BoQ | L2: BoQ per HF | M2: Accum purch. | N2: Accum. deprec. rate | P2: Avg purch value | Q2: Avg depr rate per HF | S2: Life exp.
E3: value (NPR,14) | F3: value (NPR,16) | G3: w MTN | H3: w\o MTN | I3: w MTN | J3: w\o MTN | K3: (Cat2) | L3: (Cat2) | M3: value (NPR,14) | N3: w MTN | O3: w\o MTN | P3: per HF (NPR,14) | Q3: w MTN | R3: w\o MTN | S3: change
A4: 1 | B4: Laboratory equipment
B5: a | C5: analyser | D5: ANL | E5: =1000*D_device_values!$Q$4*(1/D_currency_conversion!$H$7)*D_currency_conversion!$H$6 -> 849913.19 | F5: =E5*D_currency_conversion!$I$12*D_currency_conversion!$J$12 -> 997381.26 | G5: =D_device_lifecycles!$X$4 -> 7.5 | H5: =D_device_lifecycles!$Y$4 -> #REF! | I5: =$F5/G5 -> 132984.17 | J5: =$F5/H5 -> #REF! | K5: 11 | L5: =K5/18 -> 0.61111111 | M5: =K5*E5 -> 9349045.1 | N5: =K5*I5 -> 1462825.8 | O5: =K5*J5 -> #REF! | P5: =L5*E5 -> 519391.39 | Q5: =I5*L5 -> 81268.102 | R5: =L5*J5 -> #REF! | S5: =(G5-H5)/G5 -> #REF!
B6: b | C6: centrifuge | D6: CEN | E6: =1000*D_device_values!$Q$5*(1/D_currency_conversion!$H$7)*D_currency_conversion!$H$6 -> 64714.202 | F6: =E6*D_currency_conversion!$I$12*D_currency_conversion!$J$12 -> 75942.735 | G6: =D_device_lifecycles!$X$5 -> 9 | H6: =D_device_lifecycles!$Y$5 -> #REF! | I6: =$F6/G6 -> 8438.0817 | J6: =$F6/H6 -> #REF! | K6: 53 | L6: =K6/18 -> 2.9444444 | M6: =K6*E6 -> 3429852.7 | N6: =K6*I6 -> 447218.33 | O6: =K6*J6 -> #REF! | P6: =L6*E6 -> 190547.37 | Q6: =I6*L6 -> 24845.463 | R6: =L6*J6 -> #REF! | S6: =(G6-H6)/G6 -> #REF!
B7: c | C7: microscope | D7: MIC | E7: =1000*D_device_values!$Q$6*(1/D_currency_conversion!$H$7)*D_currency_conversion!$H$6 -> 207085.45 | F7: =E7*D_currency_conversion!$I$12*D_currency_conversion!$J$12 -> 243016.75 | G7: =D_device_lifecycles!$X$6 -> 10 | H7: =D_device_lifecycles!$Y$6 -> #REF! | I7: =$F7/G7 -> 24301.675 | J7: =$F7/H7 -> #REF! | K7: 41 | L7: =K7/18 -> 2.2777778 | M7: =K7*E7 -> 8490503.3 | N7: =K7*I7 -> 996368.69 | O7: =K7*J7 -> #REF! | P7: =L7*E7 -> 471694.63 | Q7: =I7*L7 -> 55353.816 | R7: =L7*J7 -> #REF! | S7: =(G7-H7)/G7 -> #REF!
A8: 2 | B8: Cold chain equipment
B9: a | C9: refrigerator | D9: CLD | E9: =1000*D_device_values!$Q$8*(1/D_currency_conversion!$H$7)*D_currency_conversion!$H$6 -> 173469.52 | F9: =E9*D_currency_conversion!$I$12*D_currency_conversion!$J$12 -> 203568.14 | G9: =D_device_lifecycles!$X$8 -> 10 | H9: =D_device_lifecycles!$Y$8 -> #REF! | I9: =$F9/G9 -> 20356.814 | J9: =$F9/H9 -> #REF! | K9: 22 | L9: =K9/18 -> 1.2222222 | M9: =K9*E9 -> 3816329.5 | N9: =K9*I9 -> 447849.91 | O9: =K9*J9 -> #REF! | P9: =L9*E9 -> 212018.3 | Q9: =I9*L9 -> 24880.551 | R9: =L9*J9 -> #REF! | S9: =(G9-H9)/G9 -> #REF!
B10: b | C10: freezer | D10: CLD | E10: =1000*D_device_values!$Q$9*(1/D_currency_conversion!$H$7)*D_currency_conversion!$H$6 -> 173732.74 | F10: =E10*D_currency_conversion!$I$12*D_currency_conversion!$J$12 -> 203877.04 | G10: =D_device_lifecycles!$X$9 -> 11 | H10: =D_device_lifecycles!$Y$9 -> #REF! | I10: =$F10/G10 -> 18534.276 | J10: =$F10/H10 -> #REF! | K10: 22 | L10: =K10/18 -> 1.2222222 | M10: =K10*E10 -> 3822120.3 | N10: =K10*I10 -> 407754.07 | O10: =K10*J10 -> #REF! | P10: =L10*E10 -> 212340.02 | Q10: =I10*L10 -> 22653.004 | R10: =L10*J10 -> #REF! | S10: =(G10-H10)/G10 -> #REF!
A11: 3 | B11: Surgical equipment
B12: a | C12: anaesthesia unit | D12: ANS | E12: =1000*D_device_values!$Q$11*(1/D_currency_conversion!$H$7)*D_currency_conversion!$H$6 -> 1064482.6 | F12: =E12*D_currency_conversion!$I$12*D_currency_conversion!$J$12 -> 1249180.5 | G12: =D_device_lifecycles!$X$11 -> 10 | H12: =D_device_lifecycles!$Y$11 -> #REF! | I12: =$F12/G12 -> 124918.05 | J12: =$F12/H12 -> #REF! | K12: 4 | L12: =K12/18 -> 0.22222222 | M12: =K12*E12 -> 4257930.4 | N12: =K12*I12 -> 499672.2 | O12: =K12*J12 -> #REF! | P12: =L12*E12 -> 236551.69 | Q12: =I12*L12 -> 27759.567 | R12: =L12*J12 -> #REF! | S12: =(G12-H12)/G12 -> #REF!
B13: b | C13: electrosurgical unit | D13: ESU | E13: =1000*D_device_values!$Q$12*(1/D_currency_conversion!$H$7)*D_currency_conversion!$H$6 -> 362399.53 | F13: =E13*D_currency_conversion!$I$12*D_currency_conversion!$J$12 -> 425279.32 | G13: =D_device_lifecycles!$X$12 -> 9 | H13: =D_device_lifecycles!$Y$12 -> #REF! | I13: =$F13/G13 -> 47253.257 | J13: =$F13/H13 -> #REF! | K13: 13 | L13: =K13/18 -> 0.72222222 | M13: =K13*E13 -> 4711193.9 | N13: =K13*I13 -> 614292.35 | O13: =K13*J13 -> #REF! | P13: =L13*E13 -> 261733 | Q13: =I13*L13 -> 34127.353 | R13: =L13*J13 -> #REF! | S13: =(G13-H13)/G13 -> #REF!
B14: c | C14: operating light | D14: LGHT | E14: =1000*D_device_values!$Q$13*(1/D_currency_conversion!$H$7)*D_currency_conversion!$H$6 -> 369662.42 | F14: =E14*D_currency_conversion!$I$12*D_currency_conversion!$J$12 -> 433802.39 | G14: =D_device_lifecycles!$X$13 -> 7 | H14: =D_device_lifecycles!$Y$13 -> #REF! | I14: =$F14/G14 -> 61971.77 | J14: =$F14/H14 -> #REF! | K14: 19 | L14: =K14/18 -> 1.0555556 | M14: =K14*E14 -> 7023586 | N14: =K14*I14 -> 1177463.6 | O14: =K14*J14 -> #REF! | P14: =L14*E14 -> 390199.22 | Q14: =I14*L14 -> 65414.646 | R14: =L14*J14 -> #REF! | S14: =(G14-H14)/G14 -> #REF!
B15: d | C15: oxygen concentrator | D15: OXG | E15: =1000*D_device_values!$Q$14*(1/D_currency_conversion!$H$7)*D_currency_conversion!$H$6 -> 116485.56 | F15: =E15*D_currency_conversion!$I$12*D_currency_conversion!$J$12 -> 136696.92 | G15: =D_device_lifecycles!$X$14 -> 8 | H15: =D_device_lifecycles!$Y$14 -> #REF! | I15: =$F15/G15 -> 17087.115 | J15: =$F15/H15 -> #REF! | K15: 60 | L15: =K15/18 -> 3.3333333 | M15: =K15*E15 -> 6989133.8 | N15: =K15*I15 -> 1025226.9 | O15: =K15*J15 -> #REF! | P15: =L15*E15 -> 388285.21 | Q15: =I15*L15 -> 56957.051 | R15: =L15*J15 -> #REF! | S15: =(G15-H15)/G15 -> #REF!
B16: e | C16: strelizing unit | D16: STR | E16: =1000*D_device_values!$Q$15*(1/D_currency_conversion!$H$7)*D_currency_conversion!$H$6 -> 253752.59 | F16: =E16*D_currency_conversion!$I$12*D_currency_conversion!$J$12 -> 297781.09 | G16: =D_device_lifecycles!$X$15 -> 12 | H16: =D_device_lifecycles!$Y$15 -> #REF! | I16: =$F16/G16 -> 24815.091 | J16: =$F16/H16 -> #REF! | K16: 21 | L16: =K16/18 -> 1.1666667 | M16: =K16*E16 -> 5328804.4 | N16: =K16*I16 -> 521116.91 | O16: =K16*J16 -> #REF! | P16: =L16*E16 -> 296044.69 | Q16: =I16*L16 -> 28950.939 | R16: =L16*J16 -> #REF! | S16: =(G16-H16)/G16 -> #REF!
B17: f | C17: operating table | D17: TAB | E17: =1000*D_device_values!$Q$16*(1/D_currency_conversion!$H$7)*D_currency_conversion!$H$6 -> 869019.29 | F17: =E17*D_currency_conversion!$I$12*D_currency_conversion!$J$12 -> 1019802.4 | G17: =D_device_lifecycles!$X$16 -> 15 | H17: =D_device_lifecycles!$Y$16 -> #REF! | I17: =$F17/G17 -> 67986.83 | J17: =$F17/H17 -> #REF! | K17: 18 | L17: =K17/18 -> 1 | M17: =K17*E17 -> 15642347 | N17: =K17*I17 -> 1223762.9 | O17: =K17*J17 -> #REF! | P17: =L17*E17 -> 869019.29 | Q17: =I17*L17 -> 67986.83 | R17: =L17*J17 -> #REF! | S17: =(G17-H17)/G17 -> #REF!
A18: 4 | B18: Monitoring
B19: a | C19: ecg | D19: ECG | E19: =1000*D_device_values!$Q$18*(1/D_currency_conversion!$H$7)*D_currency_conversion!$H$6 -> 320982.44 | F19: =E19*D_currency_conversion!$I$12*D_currency_conversion!$J$12 -> 376675.97 | G19: =D_device_lifecycles!$X$18 -> 8 | H19: =D_device_lifecycles!$Y$18 -> #REF! | I19: =$F19/G19 -> 47084.496 | J19: =$F19/H19 -> #REF! | K19: 21 | L19: =K19/18 -> 1.1666667 | M19: =K19*E19 -> 6740631.3 | N19: =K19*I19 -> 988774.41 | O19: =K19*J19 -> #REF! | P19: =L19*E19 -> 374479.52 | Q19: =I19*L19 -> 54931.912 | R19: =L19*J19 -> #REF! | S19: =(G19-H19)/G19 -> #REF!
B20: b | C20: monitor | D20: MON | E20: =1000*D_device_values!$Q$19*(1/D_currency_conversion!$H$7)*D_currency_conversion!$H$6 -> 841284.63 | F20: =E20*D_currency_conversion!$I$12*D_currency_conversion!$J$12 -> 987255.56 | G20: =D_device_lifecycles!$X$19 -> 9 | H20: =D_device_lifecycles!$Y$19 -> #REF! | I20: =$F20/G20 -> 109695.06 | J20: =$F20/H20 -> #REF! | K20: 17 | L20: =K20/18 -> 0.94444444 | M20: =K20*E20 -> 14301839 | N20: =K20*I20 -> 1864816.1 | O20: =K20*J20 -> #REF! | P20: =L20*E20 -> 794546.59 | Q20: =I20*L20 -> 103600.89 | R20: =L20*J20 -> #REF! | S20: =(G20-H20)/G20 -> #REF!
A21: 5 | B21: Ultrasound imaging | D21: ULS | E21: =1000*D_device_values!$Q$20*(1/D_currency_conversion!$H$7)*D_currency_conversion!$H$6 -> 1216627 | F21: =E21*D_currency_conversion!$I$12*D_currency_conversion!$J$12 -> 1427723.4 | G21: =D_device_lifecycles!$X$20 -> 10 | H21: =D_device_lifecycles!$Y$20 -> #REF! | I21: =$F21/G21 -> 142772.34 | J21: =$F21/H21 -> #REF! | K21: 50 | L21: =K21/18 -> 2.7777778 | M21: =K21*E21 -> 60831350 | N21: =K21*I21 -> 7138617.1 | O21: =K21*J21 -> #REF! | P21: =L21*E21 -> 3379519.5 | Q21: =I21*L21 -> 396589.84 | R21: =L21*J21 -> #REF! | S21: =(G21-H21)/G21 -> #REF!
A22: 6 | B22: Xray imaging | D22: XRAY | E22: =1000*D_device_values!$Q$21*(1/D_currency_conversion!$H$7)*D_currency_conversion!$H$6 -> 3519053.4 | F22: =E22*D_currency_conversion!$I$12*D_currency_conversion!$J$12 -> 4129642.8 | G22: =D_device_lifecycles!$X$21 -> 8 | H22: =D_device_lifecycles!$Y$21 -> #REF! | I22: =$F22/G22 -> 516205.35 | J22: =$F22/H22 -> #REF! | K22: 47 | L22: =K22/18 -> 2.6111111 | M22: =K22*E22 -> 1.6539551e+08 | N22: =K22*I22 -> 24261651 | O22: =K22*J22 -> #REF! | P22: =L22*E22 -> 9188639.4 | Q22: =I22*L22 -> 1347869.5 | R22: =L22*J22 -> #REF! | S22: =(G22-H22)/G22 -> #REF!
A23: Notes: MTN = Maintenance; Avg = Average, HF = Health Facility; purch = purchasing | K23: =SUM(K5:K22) -> 419 | L23: 240 | M23: =SUM(M5:M22) -> 3.2013018e+08 | N23: =SUM(N5:N22) -> 43077411 | O23: =SUM(O5:O22) -> #REF! | P23: =SUM(P5:P22) -> 17785010 | Q23: =SUM(Q5:Q22) -> 2393189.5 | R23: =SUM(R5:R22) -> #REF!
A24: SOURCE | E24: A_value estimate | G24: C_lifecycle
J25: Spec BoQ | K25: =SUM(K5:K7,K19,K21,K22) -> 223 | L25: Special Sel: | M25: =SUM(M5:M7,M19,M21,M22) -> 2.5423689e+08 | N25: =SUM(N5:N7,N19,N21,N22) -> 35295456 | O25: =SUM(O5:O7,O19,O21,O22) -> #REF! | P25: Special Sel: | Q25: =SUM(Q5:Q7,Q19,Q21,Q22) -> 1960858.7 | R25: =SUM(R5:R7,R19,R21,R22) -> #REF!
L27: Share Spec Sel: | M27: =K25/C_device_share!M19 -> 0.29773031
A29: Robustness Checks: Different Changes in Average Life Expectancy of Euqipment, Maintenance vs. Non-Maintenance Scenarios
A30: Life exp. Change: | D30: 0
A31: Equipment type: | D31: =HYPERLINK("#"&ADDRESS(1,1,,,"MASTER"),"M <=") -> M <= | E31: Purchasing | F31: Purchasing | G31: Life Expectancy | I31: Depreciation rate | K31: BoQ | L31: BoQ per HF | M31: Accum purch. | N31: Accum. deprec. rate | P31: Avg purch value | Q31: Avg depr rate per HF | S31: Life exp.
E32: value (NPR,14) | F32: value (NPR,16) | G32: w MTN | H32: w\o MTN | I32: w MTN | J32: w\o MTN | K32: (Cat2) | L32: (Cat2) | M32: value (NPR,14) | N32: w MTN | O32: w\o MTN | P32: per HF (NPR,14) | Q32: w MTN | R32: w\o MTN | S32: change
A33: 1 | B33: Laboratory equipment
B34: a | C34: analyser | D34: ANL | E34: =1000*D_device_values!$Q$4*(1/D_currency_conversion!$H$7)*D_currency_conversion!$H$6 -> 849913.19 | F34: =E34*D_currency_conversion!$I$12*D_currency_conversion!$J$12 -> 997381.26 | G34: =D_device_lifecycles!$X$4 -> 7.5 | H34: =G34*(1-$D$30) -> 7.5 | I34: =$F34/G34 -> 132984.17 | J34: =$F34/H34 -> 132984.17 | K34: 11 | L34: =K34/18 -> 0.61111111 | M34: =K34*E34 -> 9349045.1 | N34: =K34*I34 -> 1462825.8 | O34: =K34*J34 -> 1462825.8 | P34: =L34*E34 -> 519391.39 | Q34: =I34*L34 -> 81268.102 | R34: =L34*J34 -> 81268.102 | S34: =(G34-H34)/G34 -> 0
B35: b | C35: centrifuge | D35: CEN | E35: =1000*D_device_values!$Q$5*(1/D_currency_conversion!$H$7)*D_currency_conversion!$H$6 -> 64714.202 | F35: =E35*D_currency_conversion!$I$12*D_currency_conversion!$J$12 -> 75942.735 | G35: =D_device_lifecycles!$X$5 -> 9 | H35: =G35*(1-$D$30) -> 9 | I35: =$F35/G35 -> 8438.0817 | J35: =$F35/H35 -> 8438.0817 | K35: 53 | L35: =K35/18 -> 2.9444444 | M35: =K35*E35 -> 3429852.7 | N35: =K35*I35 -> 447218.33 | O35: =K35*J35 -> 447218.33 | P35: =L35*E35 -> 190547.37 | Q35: =I35*L35 -> 24845.463 | R35: =L35*J35 -> 24845.463 | S35: =(G35-H35)/G35 -> 0
B36: c | C36: microscope | D36: MIC | E36: =1000*D_device_values!$Q$6*(1/D_currency_conversion!$H$7)*D_currency_conversion!$H$6 -> 207085.45 | F36: =E36*D_currency_conversion!$I$12*D_currency_conversion!$J$12 -> 243016.75 | G36: =D_device_lifecycles!$X$6 -> 10 | H36: =G36*(1-$D$30) -> 10 | I36: =$F36/G36 -> 24301.675 | J36: =$F36/H36 -> 24301.675 | K36: 41 | L36: =K36/18 -> 2.2777778 | M36: =K36*E36 -> 8490503.3 | N36: =K36*I36 -> 996368.69 | O36: =K36*J36 -> 996368.69 | P36: =L36*E36 -> 471694.63 | Q36: =I36*L36 -> 55353.816 | R36: =L36*J36 -> 55353.816 | S36: =(G36-H36)/G36 -> 0
A37: 2 | B37: Cold chain equipment
B38: a | C38: refrigerator | D38: CLD | E38: =1000*D_device_values!$Q$8*(1/D_currency_conversion!$H$7)*D_currency_conversion!$H$6 -> 173469.52 | F38: =E38*D_currency_conversion!$I$12*D_currency_conversion!$J$12 -> 203568.14 | G38: =D_device_lifecycles!$X$8 -> 10 | H38: =G38*(1-$D$30) -> 10 | I38: =$F38/G38 -> 20356.814 | J38: =$F38/H38 -> 20356.814 | K38: 22 | L38: =K38/18 -> 1.2222222 | M38: =K38*E38 -> 3816329.5 | N38: =K38*I38 -> 447849.91 | O38: =K38*J38 -> 447849.91 | P38: =L38*E38 -> 212018.3 | Q38: =I38*L38 -> 24880.551 | R38: =L38*J38 -> 24880.551 | S38: =(G38-H38)/G38 -> 0
B39: b | C39: freezer | D39: CLD | E39: =1000*D_device_values!$Q$9*(1/D_currency_conversion!$H$7)*D_currency_conversion!$H$6 -> 173732.74 | F39: =E39*D_currency_conversion!$I$12*D_currency_conversion!$J$12 -> 203877.04 | G39: =D_device_lifecycles!$X$9 -> 11 | H39: =G39*(1-$D$30) -> 11 | I39: =$F39/G39 -> 18534.276 | J39: =$F39/H39 -> 18534.276 | K39: 22 | L39: =K39/18 -> 1.2222222 | M39: =K39*E39 -> 3822120.3 | N39: =K39*I39 -> 407754.07 | O39: =K39*J39 -> 407754.07 | P39: =L39*E39 -> 212340.02 | Q39: =I39*L39 -> 22653.004 | R39: =L39*J39 -> 22653.004 | S39: =(G39-H39)/G39 -> 0
A40: 3 | B40: Surgical equipment
B41: a | C41: anaesthesia unit | D41: ANS | E41: =1000*D_device_values!$Q$11*(1/D_currency_conversion!$H$7)*D_currency_conversion!$H$6 -> 1064482.6 | F41: =E41*D_currency_conversion!$I$12*D_currency_conversion!$J$12 -> 1249180.5 | G41: =D_device_lifecycles!$X$11 -> 10 | H41: =G41*(1-$D$30) -> 10 | I41: =$F41/G41 -> 124918.05 | J41: =$F41/H41 -> 124918.05 | K41: 4 | L41: =K41/18 -> 0.22222222 | M41: =K41*E41 -> 4257930.4 | N41: =K41*I41 -> 499672.2 | O41: =K41*J41 -> 499672.2 | P41: =L41*E41 -> 236551.69 | Q41: =I41*L41 -> 27759.567 | R41: =L41*J41 -> 27759.567 | S41: =(G41-H41)/G41 -> 0
B42: b | C42: electrosurgical unit | D42: ESU | E42: =1000*D_device_values!$Q$12*(1/D_currency_conversion!$H$7)*D_currency_conversion!$H$6 -> 362399.53 | F42: =E42*D_currency_conversion!$I$12*D_currency_conversion!$J$12 -> 425279.32 | G42: =D_device_lifecycles!$X$12 -> 9 | H42: =G42*(1-$D$30) -> 9 | I42: =$F42/G42 -> 47253.257 | J42: =$F42/H42 -> 47253.257 | K42: 13 | L42: =K42/18 -> 0.72222222 | M42: =K42*E42 -> 4711193.9 | N42: =K42*I42 -> 614292.35 | O42: =K42*J42 -> 614292.35 | P42: =L42*E42 -> 261733 | Q42: =I42*L42 -> 34127.353 | R42: =L42*J42 -> 34127.353 | S42: =(G42-H42)/G42 -> 0
B43: c | C43: operating light | D43: LGHT | E43: =1000*D_device_values!$Q$13*(1/D_currency_conversion!$H$7)*D_currency_conversion!$H$6 -> 369662.42 | F43: =E43*D_currency_conversion!$I$12*D_currency_conversion!$J$12 -> 433802.39 | G43: =D_device_lifecycles!$X$13 -> 7 | H43: =G43*(1-$D$30) -> 7 | I43: =$F43/G43 -> 61971.77 | J43: =$F43/H43 -> 61971.77 | K43: 19 | L43: =K43/18 -> 1.0555556 | M43: =K43*E43 -> 7023586 | N43: =K43*I43 -> 1177463.6 | O43: =K43*J43 -> 1177463.6 | P43: =L43*E43 -> 390199.22 | Q43: =I43*L43 -> 65414.646 | R43: =L43*J43 -> 65414.646 | S43: =(G43-H43)/G43 -> 0
B44: d | C44: oxygen concentrator | D44: OXG | E44: =1000*D_device_values!$Q$14*(1/D_currency_conversion!$H$7)*D_currency_conversion!$H$6 -> 116485.56 | F44: =E44*D_currency_conversion!$I$12*D_currency_conversion!$J$12 -> 136696.92 | G44: =D_device_lifecycles!$X$14 -> 8 | H44: =G44*(1-$D$30) -> 8 | I44: =$F44/G44 -> 17087.115 | J44: =$F44/H44 -> 17087.115 | K44: 60 | L44: =K44/18 -> 3.3333333 | M44: =K44*E44 -> 6989133.8 | N44: =K44*I44 -> 1025226.9 | O44: =K44*J44 -> 1025226.9 | P44: =L44*E44 -> 388285.21 | Q44: =I44*L44 -> 56957.051 | R44: =L44*J44 -> 56957.051 | S44: =(G44-H44)/G44 -> 0
B45: e | C45: strelizing unit | D45: STR | E45: =1000*D_device_values!$Q$15*(1/D_currency_conversion!$H$7)*D_currency_conversion!$H$6 -> 253752.59 | F45: =E45*D_currency_conversion!$I$12*D_currency_conversion!$J$12 -> 297781.09 | G45: =D_device_lifecycles!$X$15 -> 12 | H45: =G45*(1-$D$30) -> 12 | I45: =$F45/G45 -> 24815.091 | J45: =$F45/H45 -> 24815.091 | K45: 21 | L45: =K45/18 -> 1.1666667 | M45: =K45*E45 -> 5328804.4 | N45: =K45*I45 -> 521116.91 | O45: =K45*J45 -> 521116.91 | P45: =L45*E45 -> 296044.69 | Q45: =I45*L45 -> 28950.939 | R45: =L45*J45 -> 28950.939 | S45: =(G45-H45)/G45 -> 0
B46: f | C46: operating table | D46: TAB | E46: =1000*D_device_values!$Q$16*(1/D_currency_conversion!$H$7)*D_currency_conversion!$H$6 -> 869019.29 | F46: =E46*D_currency_conversion!$I$12*D_currency_conversion!$J$12 -> 1019802.4 | G46: =D_device_lifecycles!$X$16 -> 15 | H46: =G46*(1-$D$30) -> 15 | I46: =$F46/G46 -> 67986.83 | J46: =$F46/H46 -> 67986.83 | K46: 18 | L46: =K46/18 -> 1 | M46: =K46*E46 -> 15642347 | N46: =K46*I46 -> 1223762.9 | O46: =K46*J46 -> 1223762.9 | P46: =L46*E46 -> 869019.29 | Q46: =I46*L46 -> 67986.83 | R46: =L46*J46 -> 67986.83 | S46: =(G46-H46)/G46 -> 0
A47: 4 | B47: Monitoring
B48: a | C48: ecg | D48: ECG | E48: =1000*D_device_values!$Q$18*(1/D_currency_conversion!$H$7)*D_currency_conversion!$H$6 -> 320982.44 | F48: =E48*D_currency_conversion!$I$12*D_currency_conversion!$J$12 -> 376675.97 | G48: =D_device_lifecycles!$X$18 -> 8 | H48: =G48*(1-$D$30) -> 8 | I48: =$F48/G48 -> 47084.496 | J48: =$F48/H48 -> 47084.496 | K48: 21 | L48: =K48/18 -> 1.1666667 | M48: =K48*E48 -> 6740631.3 | N48: =K48*I48 -> 988774.41 | O48: =K48*J48 -> 988774.41 | P48: =L48*E48 -> 374479.52 | Q48: =I48*L48 -> 54931.912 | R48: =L48*J48 -> 54931.912 | S48: =(G48-H48)/G48 -> 0
B49: b | C49: monitor | D49: MON | E49: =1000*D_device_values!$Q$19*(1/D_currency_conversion!$H$7)*D_currency_conversion!$H$6 -> 841284.63 | F49: =E49*D_currency_conversion!$I$12*D_currency_conversion!$J$12 -> 987255.56 | G49: =D_device_lifecycles!$X$19 -> 9 | H49: =G49*(1-$D$30) -> 9 | I49: =$F49/G49 -> 109695.06 | J49: =$F49/H49 -> 109695.06 | K49: 17 | L49: =K49/18 -> 0.94444444 | M49: =K49*E49 -> 14301839 | N49: =K49*I49 -> 1864816.1 | O49: =K49*J49 -> 1864816.1 | P49: =L49*E49 -> 794546.59 | Q49: =I49*L49 -> 103600.89 | R49: =L49*J49 -> 103600.89 | S49: =(G49-H49)/G49 -> 0
A50: 5 | B50: Ultrasound imaging | D50: ULS | E50: =1000*D_device_values!$Q$20*(1/D_currency_conversion!$H$7)*D_currency_conversion!$H$6 -> 1216627 | F50: =E50*D_currency_conversion!$I$12*D_currency_conversion!$J$12 -> 1427723.4 | G50: =D_device_lifecycles!$X$20 -> 10 | H50: =G50*(1-$D$30) -> 10 | I50: =$F50/G50 -> 142772.34 | J50: =$F50/H50 -> 142772.34 | K50: 50 | L50: =K50/18 -> 2.7777778 | M50: =K50*E50 -> 60831350 | N50: =K50*I50 -> 7138617.1 | O50: =K50*J50 -> 7138617.1 | P50: =L50*E50 -> 3379519.5 | Q50: =I50*L50 -> 396589.84 | R50: =L50*J50 -> 396589.84 | S50: =(G50-H50)/G50 -> 0
A51: 6 | B51: Xray imaging | D51: XRAY | E51: =1000*D_device_values!$Q$21*(1/D_currency_conversion!$H$7)*D_currency_conversion!$H$6 -> 3519053.4 | F51: =E51*D_currency_conversion!$I$12*D_currency_conversion!$J$12 -> 4129642.8 | G51: =D_device_lifecycles!$X$21 -> 8 | H51: =G51*(1-$D$30) -> 8 | I51: =$F51/G51 -> 516205.35 | J51: =$F51/H51 -> 516205.35 | K51: 47 | L51: =K51/18 -> 2.6111111 | M51: =K51*E51 -> 1.6539551e+08 | N51: =K51*I51 -> 24261651 | O51: =K51*J51 -> 24261651 | P51: =L51*E51 -> 9188639.4 | Q51: =I51*L51 -> 1347869.5 | R51: =L51*J51 -> 1347869.5 | S51: =(G51-H51)/G51 -> 0
K52: =SUM(K34:K51) -> 419 | L52: 240 | M52: =SUM(M34:M51) -> 3.2013018e+08 | N52: =SUM(N34:N51) -> 43077411 | O52: =SUM(O34:O51) -> 43077411 | P52: =SUM(P34:P51) -> 17785010 | Q52: =SUM(Q34:Q51) -> 2393189.5 | R52: =SUM(R34:R51) -> 2393189.5
A53: SOURCE | E53: A_value estimate | G53: C_lifecycle
J54: Spec BoQ | K54: =SUM(K34:K36,K48,K50,K51) -> 223 | L54: Special Sel: | M54: =SUM(M34:M36,M48,M50,M51) -> 2.5423689e+08 | N54: =SUM(N34:N36,N48,N50,N51) -> 35295456 | O54: =SUM(O34:O36,O48,O50,O51) -> 35295456 | P54: Special Sel: | Q54: =SUM(Q34:Q36,Q48,Q50,Q51) -> 1960858.7 | R54: =SUM(R34:R36,R48,R50,R51) -> 1960858.7
A55: Life exp. Change: | D55: 0.05
A56: Equipment type: | D56: =HYPERLINK("#"&ADDRESS(1,1,,,"MASTER"),"M <=") -> M <= | E56: Purchasing | F56: Purchasing | G56: Life Expectancy | I56: Depreciation rate | K56: BoQ | L56: BoQ per HF | M56: Accum purch. | N56: Accum. deprec. rate | P56: Avg purch value | Q56: Avg depr rate per HF | S56: Life exp.
E57: value (NPR,14) | F57: value (NPR,16) | G57: w MTN | H57: w\o MTN | I57: w MTN | J57: w\o MTN | K57: (Cat2) | L57: (Cat2) | M57: value (NPR,14) | N57: w MTN | O57: w\o MTN | P57: per HF (NPR,14) | Q57: w MTN | R57: w\o MTN | S57: change
A58: 1 | B58: Laboratory equipment
B59: a | C59: analyser | D59: ANL | E59: =1000*D_device_values!$Q$4*(1/D_currency_conversion!$H$7)*D_currency_conversion!$H$6 -> 849913.19 | F59: =E59*D_currency_conversion!$I$12*D_currency_conversion!$J$12 -> 997381.26 | G59: =D_device_lifecycles!$X$4 -> 7.5 | H59: =G59*(1-$D$55) -> 7.125 | I59: =$F59/G59 -> 132984.17 | J59: =$F59/H59 -> 139983.33 | K59: 11 | L59: =K59/18 -> 0.61111111 | M59: =K59*E59 -> 9349045.1 | N59: =K59*I59 -> 1462825.8 | O59: =K59*J59 -> 1539816.7 | P59: =L59*E59 -> 519391.39 | Q59: =I59*L59 -> 81268.102 | R59: =L59*J59 -> 85545.371 | S59: =(G59-H59)/G59 -> 0.05
B60: b | C60: centrifuge | D60: CEN | E60: =1000*D_device_values!$Q$5*(1/D_currency_conversion!$H$7)*D_currency_conversion!$H$6 -> 64714.202 | F60: =E60*D_currency_conversion!$I$12*D_currency_conversion!$J$12 -> 75942.735 | G60: =D_device_lifecycles!$X$5 -> 9 | H60: =G60*(1-$D$55) -> 8.55 | I60: =$F60/G60 -> 8438.0817 | J60: =$F60/H60 -> 8882.1913 | K60: 53 | L60: =K60/18 -> 2.9444444 | M60: =K60*E60 -> 3429852.7 | N60: =K60*I60 -> 447218.33 | O60: =K60*J60 -> 470756.14 | P60: =L60*E60 -> 190547.37 | Q60: =I60*L60 -> 24845.463 | R60: =L60*J60 -> 26153.119 | S60: =(G60-H60)/G60 -> 0.05
B61: c | C61: microscope | D61: MIC | E61: =1000*D_device_values!$Q$6*(1/D_currency_conversion!$H$7)*D_currency_conversion!$H$6 -> 207085.45 | F61: =E61*D_currency_conversion!$I$12*D_currency_conversion!$J$12 -> 243016.75 | G61: =D_device_lifecycles!$X$6 -> 10 | H61: =G61*(1-$D$55) -> 9.5 | I61: =$F61/G61 -> 24301.675 | J61: =$F61/H61 -> 25580.711 | K61: 41 | L61: =K61/18 -> 2.2777778 | M61: =K61*E61 -> 8490503.3 | N61: =K61*I61 -> 996368.69 | O61: =K61*J61 -> 1048809.1 | P61: =L61*E61 -> 471694.63 | Q61: =I61*L61 -> 55353.816 | R61: =L61*J61 -> 58267.175 | S61: =(G61-H61)/G61 -> 0.05
A62: 2 | B62: Cold chain equipment
B63: a | C63: refrigerator | D63: CLD | E63: =1000*D_device_values!$Q$8*(1/D_currency_conversion!$H$7)*D_currency_conversion!$H$6 -> 173469.52 | F63: =E63*D_currency_conversion!$I$12*D_currency_conversion!$J$12 -> 203568.14 | G63: =D_device_lifecycles!$X$8 -> 10 | H63: =G63*(1-$D$55) -> 9.5 | I63: =$F63/G63 -> 20356.814 | J63: =$F63/H63 -> 21428.226 | K63: 22 | L63: =K63/18 -> 1.2222222 | M63: =K63*E63 -> 3816329.5 | N63: =K63*I63 -> 447849.91 | O63: =K63*J63 -> 471420.96 | P63: =L63*E63 -> 212018.3 | Q63: =I63*L63 -> 24880.551 | R63: =L63*J63 -> 26190.053 | S63: =(G63-H63)/G63 -> 0.05
B64: b | C64: freezer | D64: CLD | E64: =1000*D_device_values!$Q$9*(1/D_currency_conversion!$H$7)*D_currency_conversion!$H$6 -> 173732.74 | F64: =E64*D_currency_conversion!$I$12*D_currency_conversion!$J$12 -> 203877.04 | G64: =D_device_lifecycles!$X$9 -> 11 | H64: =G64*(1-$D$55) -> 10.45 | I64: =$F64/G64 -> 18534.276 | J64: =$F64/H64 -> 19509.764 | K64: 22 | L64: =K64/18 -> 1.2222222 | M64: =K64*E64 -> 3822120.3 | N64: =K64*I64 -> 407754.07 | O64: =K64*J64 -> 429214.81 | P64: =L64*E64 -> 212340.02 | Q64: =I64*L64 -> 22653.004 | R64: =L64*J64 -> 23845.267 | S64: =(G64-H64)/G64 -> 0.05
A65: 3 | B65: Surgical equipment
B66: a | C66: anaesthesia unit | D66: ANS | E66: =1000*D_device_values!$Q$11*(1/D_currency_conversion!$H$7)*D_currency_conversion!$H$6 -> 1064482.6 | F66: =E66*D_currency_conversion!$I$12*D_currency_conversion!$J$12 -> 1249180.5 | G66: =D_device_lifecycles!$X$11 -> 10 | H66: =G66*(1-$D$55) -> 9.5 | I66: =$F66/G66 -> 124918.05 | J66: =$F66/H66 -> 131492.68 | K66: 4 | L66: =K66/18 -> 0.22222222 | M66: =K66*E66 -> 4257930.4 | N66: =K66*I66 -> 499672.2 | O66: =K66*J66 -> 525970.74 | P66: =L66*E66 -> 236551.69 | Q66: =I66*L66 -> 27759.567 | R66: =L66*J66 -> 29220.597 | S66: =(G66-H66)/G66 -> 0.05
B67: b | C67: electrosurgical unit | D67: ESU | E67: =1000*D_device_values!$Q$12*(1/D_currency_conversion!$H$7)*D_currency_conversion!$H$6 -> 362399.53 | F67: =E67*D_currency_conversion!$I$12*D_currency_conversion!$J$12 -> 425279.32 | G67: =D_device_lifecycles!$X$12 -> 9 | H67: =G67*(1-$D$55) -> 8.55 | I67: =$F67/G67 -> 47253.257 | J67: =$F67/H67 -> 49740.271 | K67: 13 | L67: =K67/18 -> 0.72222222 | M67: =K67*E67 -> 4711193.9 | N67: =K67*I67 -> 614292.35 | O67: =K67*J67 -> 646623.52 | P67: =L67*E67 -> 261733 | Q67: =I67*L67 -> 34127.353 | R67: =L67*J67 -> 35923.529 | S67: =(G67-H67)/G67 -> 0.05
B68: c | C68: operating light | D68: LGHT | E68: =1000*D_device_values!$Q$13*(1/D_currency_conversion!$H$7)*D_currency_conversion!$H$6 -> 369662.42 | F68: =E68*D_currency_conversion!$I$12*D_currency_conversion!$J$12 -> 433802.39 | G68: =D_device_lifecycles!$X$13 -> 7 | H68: =G68*(1-$D$55) -> 6.65 | I68: =$F68/G68 -> 61971.77 | J68: =$F68/H68 -> 65233.442 | K68: 19 | L68: =K68/18 -> 1.0555556 | M68: =K68*E68 -> 7023586 | N68: =K68*I68 -> 1177463.6 | O68: =K68*J68 -> 1239435.4 | P68: =L68*E68 -> 390199.22 | Q68: =I68*L68 -> 65414.646 | R68: =L68*J68 -> 68857.522 | S68: =(G68-H68)/G68 -> 0.05
B69: d | C69: oxygen concentrator | D69: OXG | E69: =1000*D_device_values!$Q$14*(1/D_currency_conversion!$H$7)*D_currency_conversion!$H$6 -> 116485.56 | F69: =E69*D_currency_conversion!$I$12*D_currency_conversion!$J$12 -> 136696.92 | G69: =D_device_lifecycles!$X$14 -> 8 | H69: =G69*(1-$D$55) -> 7.6 | I69: =$F69/G69 -> 17087.115 | J69: =$F69/H69 -> 17986.437 | K69: 60 | L69: =K69/18 -> 3.3333333 | M69: =K69*E69 -> 6989133.8 | N69: =K69*I69 -> 1025226.9 | O69: =K69*J69 -> 1079186.2 | P69: =L69*E69 -> 388285.21 | Q69: =I69*L69 -> 56957.051 | R69: =L69*J69 -> 59954.791 | S69: =(G69-H69)/G69 -> 0.05
B70: e | C70: strelizing unit | D70: STR | E70: =1000*D_device_values!$Q$15*(1/D_currency_conversion!$H$7)*D_currency_conversion!$H$6 -> 253752.59 | F70: =E70*D_currency_conversion!$I$12*D_currency_conversion!$J$12 -> 297781.09 | G70: =D_device_lifecycles!$X$15 -> 12 | H70: =G70*(1-$D$55) -> 11.4 | I70: =$F70/G70 -> 24815.091 | J70: =$F70/H70 -> 26121.148 | K70: 21 | L70: =K70/18 -> 1.1666667 | M70: =K70*E70 -> 5328804.4 | N70: =K70*I70 -> 521116.91 | O70: =K70*J70 -> 548544.12 | P70: =L70*E70 -> 296044.69 | Q70: =I70*L70 -> 28950.939 | R70: =L70*J70 -> 30474.673 | S70: =(G70-H70)/G70 -> 0.05
B71: f | C71: operating table | D71: TAB | E71: =1000*D_device_values!$Q$16*(1/D_currency_conversion!$H$7)*D_currency_conversion!$H$6 -> 869019.29 | F71: =E71*D_currency_conversion!$I$12*D_currency_conversion!$J$12 -> 1019802.4 | G71: =D_device_lifecycles!$X$16 -> 15 | H71: =G71*(1-$D$55) -> 14.25 | I71: =$F71/G71 -> 67986.83 | J71: =$F71/H71 -> 71565.084 | K71: 18 | L71: =K71/18 -> 1 | M71: =K71*E71 -> 15642347 | N71: =K71*I71 -> 1223762.9 | O71: =K71*J71 -> 1288171.5 | P71: =L71*E71 -> 869019.29 | Q71: =I71*L71 -> 67986.83 | R71: =L71*J71 -> 71565.084 | S71: =(G71-H71)/G71 -> 0.05
A72: 4 | B72: Monitoring
B73: a | C73: ecg | D73: ECG | E73: =1000*D_device_values!$Q$18*(1/D_currency_conversion!$H$7)*D_currency_conversion!$H$6 -> 320982.44 | F73: =E73*D_currency_conversion!$I$12*D_currency_conversion!$J$12 -> 376675.97 | G73: =D_device_lifecycles!$X$18 -> 8 | H73: =G73*(1-$D$55) -> 7.6 | I73: =$F73/G73 -> 47084.496 | J73: =$F73/H73 -> 49562.627 | K73: 21 | L73: =K73/18 -> 1.1666667 | M73: =K73*E73 -> 6740631.3 | N73: =K73*I73 -> 988774.41 | O73: =K73*J73 -> 1040815.2 | P73: =L73*E73 -> 374479.52 | Q73: =I73*L73 -> 54931.912 | R73: =L73*J73 -> 57823.065 | S73: =(G73-H73)/G73 -> 0.05
B74: b | C74: monitor | D74: MON | E74: =1000*D_device_values!$Q$19*(1/D_currency_conversion!$H$7)*D_currency_conversion!$H$6 -> 841284.63 | F74: =E74*D_currency_conversion!$I$12*D_currency_conversion!$J$12 -> 987255.56 | G74: =D_device_lifecycles!$X$19 -> 9 | H74: =G74*(1-$D$55) -> 8.55 | I74: =$F74/G74 -> 109695.06 | J74: =$F74/H74 -> 115468.49 | K74: 17 | L74: =K74/18 -> 0.94444444 | M74: =K74*E74 -> 14301839 | N74: =K74*I74 -> 1864816.1 | O74: =K74*J74 -> 1962964.3 | P74: =L74*E74 -> 794546.59 | Q74: =I74*L74 -> 103600.89 | R74: =L74*J74 -> 109053.57 | S74: =(G74-H74)/G74 -> 0.05
A75: 5 | B75: Ultrasound imaging | D75: ULS | E75: =1000*D_device_values!$Q$20*(1/D_currency_conversion!$H$7)*D_currency_conversion!$H$6 -> 1216627 | F75: =E75*D_currency_conversion!$I$12*D_currency_conversion!$J$12 -> 1427723.4 | G75: =D_device_lifecycles!$X$20 -> 10 | H75: =G75*(1-$D$55) -> 9.5 | I75: =$F75/G75 -> 142772.34 | J75: =$F75/H75 -> 150286.68 | K75: 50 | L75: =K75/18 -> 2.7777778 | M75: =K75*E75 -> 60831350 | N75: =K75*I75 -> 7138617.1 | O75: =K75*J75 -> 7514333.8 | P75: =L75*E75 -> 3379519.5 | Q75: =I75*L75 -> 396589.84 | R75: =L75*J75 -> 417462.99 | S75: =(G75-H75)/G75 -> 0.05
A76: 6 | B76: Xray imaging | D76: XRAY | E76: =1000*D_device_values!$Q$21*(1/D_currency_conversion!$H$7)*D_currency_conversion!$H$6 -> 3519053.4 | F76: =E76*D_currency_conversion!$I$12*D_currency_conversion!$J$12 -> 4129642.8 | G76: =D_device_lifecycles!$X$21 -> 8 | H76: =G76*(1-$D$55) -> 7.6 | I76: =$F76/G76 -> 516205.35 | J76: =$F76/H76 -> 543374.05 | K76: 47 | L76: =K76/18 -> 2.6111111 | M76: =K76*E76 -> 1.6539551e+08 | N76: =K76*I76 -> 24261651 | O76: =K76*J76 -> 25538580 | P76: =L76*E76 -> 9188639.4 | Q76: =I76*L76 -> 1347869.5 | R76: =L76*J76 -> 1418810 | S76: =(G76-H76)/G76 -> 0.05
K77: =SUM(K59:K76) -> 419 | L77: 240 | M77: =SUM(M59:M76) -> 3.2013018e+08 | N77: =SUM(N59:N76) -> 43077411 | O77: =SUM(O59:O76) -> 45344643 | P77: =SUM(P59:P76) -> 17785010 | Q77: =SUM(Q59:Q76) -> 2393189.5 | R77: =SUM(R59:R76) -> 2519146.8
A78: SOURCE | E78: A_value estimate | G78: C_lifecycle
J79: Spec BoQ | K79: =SUM(K59:K61,K73,K75,K76) -> 223 | L79: Special Sel: | M79: =SUM(M59:M61,M73,M75,M76) -> 2.5423689e+08 | N79: =SUM(N59:N61,N73,N75,N76) -> 35295456 | O79: =SUM(O59:O61,O73,O75,O76) -> 37153111 | P79: Special Sel: | Q79: =SUM(Q59:Q61,Q73,Q75,Q76) -> 1960858.7 | R79: =SUM(R59:R61,R73,R75,R76) -> 2064061.7
A80: Life exp. Change: | D80: 0.1
A81: Equipment type: | D81: =HYPERLINK("#"&ADDRESS(1,1,,,"MASTER"),"M <=") -> M <= | E81: Purchasing | F81: Purchasing | G81: Life Expectancy | I81: Depreciation rate | K81: BoQ | L81: BoQ per HF | M81: Accum purch. | N81: Accum. deprec. rate | P81: Avg purch value | Q81: Avg depr rate per HF | S81: Life exp.
E82: value (NPR,14) | F82: value (NPR,16) | G82: w MTN | H82: w\o MTN | I82: w MTN | J82: w\o MTN | K82: (Cat2) | L82: (Cat2) | M82: value (NPR,14) | N82: w MTN | O82: w\o MTN | P82: per HF (NPR,14) | Q82: w MTN | R82: w\o MTN | S82: change
A83: 1 | B83: Laboratory equipment
B84: a | C84: analyser | D84: ANL | E84: =1000*D_device_values!$Q$4*(1/D_currency_conversion!$H$7)*D_currency_conversion!$H$6 -> 849913.19 | F84: =E84*D_currency_conversion!$I$12*D_currency_conversion!$J$12 -> 997381.26 | G84: =D_device_lifecycles!$X$4 -> 7.5 | H84: =G84*(1-$D$80) -> 6.75 | I84: =$F84/G84 -> 132984.17 | J84: =$F84/H84 -> 147760.19 | K84: 11 | L84: =K84/18 -> 0.61111111 | M84: =K84*E84 -> 9349045.1 | N84: =K84*I84 -> 1462825.8 | O84: =K84*J84 -> 1625362 | P84: =L84*E84 -> 519391.39 | Q84: =I84*L84 -> 81268.102 | R84: =L84*J84 -> 90297.892 | S84: =(G84-H84)/G84 -> 0.1
B85: b | C85: centrifuge | D85: CEN | E85: =1000*D_device_values!$Q$5*(1/D_currency_conversion!$H$7)*D_currency_conversion!$H$6 -> 64714.202 | F85: =E85*D_currency_conversion!$I$12*D_currency_conversion!$J$12 -> 75942.735 | G85: =D_device_lifecycles!$X$5 -> 9 | H85: =G85*(1-$D$80) -> 8.1 | I85: =$F85/G85 -> 8438.0817 | J85: =$F85/H85 -> 9375.6463 | K85: 53 | L85: =K85/18 -> 2.9444444 | M85: =K85*E85 -> 3429852.7 | N85: =K85*I85 -> 447218.33 | O85: =K85*J85 -> 496909.26 | P85: =L85*E85 -> 190547.37 | Q85: =I85*L85 -> 24845.463 | R85: =L85*J85 -> 27606.07 | S85: =(G85-H85)/G85 -> 0.1
B86: c | C86: microscope | D86: MIC | E86: =1000*D_device_values!$Q$6*(1/D_currency_conversion!$H$7)*D_currency_conversion!$H$6 -> 207085.45 | F86: =E86*D_currency_conversion!$I$12*D_currency_conversion!$J$12 -> 243016.75 | G86: =D_device_lifecycles!$X$6 -> 10 | H86: =G86*(1-$D$80) -> 9 | I86: =$F86/G86 -> 24301.675 | J86: =$F86/H86 -> 27001.861 | K86: 41 | L86: =K86/18 -> 2.2777778 | M86: =K86*E86 -> 8490503.3 | N86: =K86*I86 -> 996368.69 | O86: =K86*J86 -> 1107076.3 | P86: =L86*E86 -> 471694.63 | Q86: =I86*L86 -> 55353.816 | R86: =L86*J86 -> 61504.24 | S86: =(G86-H86)/G86 -> 0.1
A87: 2 | B87: Cold chain equipment
B88: a | C88: refrigerator | D88: CLD | E88: =1000*D_device_values!$Q$8*(1/D_currency_conversion!$H$7)*D_currency_conversion!$H$6 -> 173469.52 | F88: =E88*D_currency_conversion!$I$12*D_currency_conversion!$J$12 -> 203568.14 | G88: =D_device_lifecycles!$X$8 -> 10 | H88: =G88*(1-$D$80) -> 9 | I88: =$F88/G88 -> 20356.814 | J88: =$F88/H88 -> 22618.683 | K88: 22 | L88: =K88/18 -> 1.2222222 | M88: =K88*E88 -> 3816329.5 | N88: =K88*I88 -> 447849.91 | O88: =K88*J88 -> 497611.02 | P88: =L88*E88 -> 212018.3 | Q88: =I88*L88 -> 24880.551 | R88: =L88*J88 -> 27645.056 | S88: =(G88-H88)/G88 -> 0.1
B89: b | C89: freezer | D89: CLD | E89: =1000*D_device_values!$Q$9*(1/D_currency_conversion!$H$7)*D_currency_conversion!$H$6 -> 173732.74 | F89: =E89*D_currency_conversion!$I$12*D_currency_conversion!$J$12 -> 203877.04 | G89: =D_device_lifecycles!$X$9 -> 11 | H89: =G89*(1-$D$80) -> 9.9 | I89: =$F89/G89 -> 18534.276 | J89: =$F89/H89 -> 20593.64 | K89: 22 | L89: =K89/18 -> 1.2222222 | M89: =K89*E89 -> 3822120.3 | N89: =K89*I89 -> 407754.07 | O89: =K89*J89 -> 453060.08 | P89: =L89*E89 -> 212340.02 | Q89: =I89*L89 -> 22653.004 | R89: =L89*J89 -> 25170.004 | S89: =(G89-H89)/G89 -> 0.1
A90: 3 | B90: Surgical equipment
B91: a | C91: anaesthesia unit | D91: ANS | E91: =1000*D_device_values!$Q$11*(1/D_currency_conversion!$H$7)*D_currency_conversion!$H$6 -> 1064482.6 | F91: =E91*D_currency_conversion!$I$12*D_currency_conversion!$J$12 -> 1249180.5 | G91: =D_device_lifecycles!$X$11 -> 10 | H91: =G91*(1-$D$80) -> 9 | I91: =$F91/G91 -> 124918.05 | J91: =$F91/H91 -> 138797.83 | K91: 4 | L91: =K91/18 -> 0.22222222 | M91: =K91*E91 -> 4257930.4 | N91: =K91*I91 -> 499672.2 | O91: =K91*J91 -> 555191.33 | P91: =L91*E91 -> 236551.69 | Q91: =I91*L91 -> 27759.567 | R91: =L91*J91 -> 30843.963 | S91: =(G91-H91)/G91 -> 0.1
B92: b | C92: electrosurgical unit | D92: ESU | E92: =1000*D_device_values!$Q$12*(1/D_currency_conversion!$H$7)*D_currency_conversion!$H$6 -> 362399.53 | F92: =E92*D_currency_conversion!$I$12*D_currency_conversion!$J$12 -> 425279.32 | G92: =D_device_lifecycles!$X$12 -> 9 | H92: =G92*(1-$D$80) -> 8.1 | I92: =$F92/G92 -> 47253.257 | J92: =$F92/H92 -> 52503.619 | K92: 13 | L92: =K92/18 -> 0.72222222 | M92: =K92*E92 -> 4711193.9 | N92: =K92*I92 -> 614292.35 | O92: =K92*J92 -> 682547.05 | P92: =L92*E92 -> 261733 | Q92: =I92*L92 -> 34127.353 | R92: =L92*J92 -> 37919.281 | S92: =(G92-H92)/G92 -> 0.1
B93: c | C93: operating light | D93: LGHT | E93: =1000*D_device_values!$Q$13*(1/D_currency_conversion!$H$7)*D_currency_conversion!$H$6 -> 369662.42 | F93: =E93*D_currency_conversion!$I$12*D_currency_conversion!$J$12 -> 433802.39 | G93: =D_device_lifecycles!$X$13 -> 7 | H93: =G93*(1-$D$80) -> 6.3 | I93: =$F93/G93 -> 61971.77 | J93: =$F93/H93 -> 68857.522 | K93: 19 | L93: =K93/18 -> 1.0555556 | M93: =K93*E93 -> 7023586 | N93: =K93*I93 -> 1177463.6 | O93: =K93*J93 -> 1308292.9 | P93: =L93*E93 -> 390199.22 | Q93: =I93*L93 -> 65414.646 | R93: =L93*J93 -> 72682.94 | S93: =(G93-H93)/G93 -> 0.1
B94: d | C94: oxygen concentrator | D94: OXG | E94: =1000*D_device_values!$Q$14*(1/D_currency_conversion!$H$7)*D_currency_conversion!$H$6 -> 116485.56 | F94: =E94*D_currency_conversion!$I$12*D_currency_conversion!$J$12 -> 136696.92 | G94: =D_device_lifecycles!$X$14 -> 8 | H94: =G94*(1-$D$80) -> 7.2 | I94: =$F94/G94 -> 17087.115 | J94: =$F94/H94 -> 18985.684 | K94: 60 | L94: =K94/18 -> 3.3333333 | M94: =K94*E94 -> 6989133.8 | N94: =K94*I94 -> 1025226.9 | O94: =K94*J94 -> 1139141 | P94: =L94*E94 -> 388285.21 | Q94: =I94*L94 -> 56957.051 | R94: =L94*J94 -> 63285.613 | S94: =(G94-H94)/G94 -> 0.1
B95: e | C95: strelizing unit | D95: STR | E95: =1000*D_device_values!$Q$15*(1/D_currency_conversion!$H$7)*D_currency_conversion!$H$6 -> 253752.59 | F95: =E95*D_currency_conversion!$I$12*D_currency_conversion!$J$12 -> 297781.09 | G95: =D_device_lifecycles!$X$15 -> 12 | H95: =G95*(1-$D$80) -> 10.8 | I95: =$F95/G95 -> 24815.091 | J95: =$F95/H95 -> 27572.323 | K95: 21 | L95: =K95/18 -> 1.1666667 | M95: =K95*E95 -> 5328804.4 | N95: =K95*I95 -> 521116.91 | O95: =K95*J95 -> 579018.79 | P95: =L95*E95 -> 296044.69 | Q95: =I95*L95 -> 28950.939 | R95: =L95*J95 -> 32167.71 | S95: =(G95-H95)/G95 -> 0.1
B96: f | C96: operating table | D96: TAB | E96: =1000*D_device_values!$Q$16*(1/D_currency_conversion!$H$7)*D_currency_conversion!$H$6 -> 869019.29 | F96: =E96*D_currency_conversion!$I$12*D_currency_conversion!$J$12 -> 1019802.4 | G96: =D_device_lifecycles!$X$16 -> 15 | H96: =G96*(1-$D$80) -> 13.5 | I96: =$F96/G96 -> 67986.83 | J96: =$F96/H96 -> 75540.922 | K96: 18 | L96: =K96/18 -> 1 | M96: =K96*E96 -> 15642347 | N96: =K96*I96 -> 1223762.9 | O96: =K96*J96 -> 1359736.6 | P96: =L96*E96 -> 869019.29 | Q96: =I96*L96 -> 67986.83 | R96: =L96*J96 -> 75540.922 | S96: =(G96-H96)/G96 -> 0.1
A97: 4 | B97: Monitoring
B98: a | C98: ecg | D98: ECG | E98: =1000*D_device_values!$Q$18*(1/D_currency_conversion!$H$7)*D_currency_conversion!$H$6 -> 320982.44 | F98: =E98*D_currency_conversion!$I$12*D_currency_conversion!$J$12 -> 376675.97 | G98: =D_device_lifecycles!$X$18 -> 8 | H98: =G98*(1-$D$80) -> 7.2 | I98: =$F98/G98 -> 47084.496 | J98: =$F98/H98 -> 52316.107 | K98: 21 | L98: =K98/18 -> 1.1666667 | M98: =K98*E98 -> 6740631.3 | N98: =K98*I98 -> 988774.41 | O98: =K98*J98 -> 1098638.2 | P98: =L98*E98 -> 374479.52 | Q98: =I98*L98 -> 54931.912 | R98: =L98*J98 -> 61035.458 | S98: =(G98-H98)/G98 -> 0.1
B99: b | C99: monitor | D99: MON | E99: =1000*D_device_values!$Q$19*(1/D_currency_conversion!$H$7)*D_currency_conversion!$H$6 -> 841284.63 | F99: =E99*D_currency_conversion!$I$12*D_currency_conversion!$J$12 -> 987255.56 | G99: =D_device_lifecycles!$X$19 -> 9 | H99: =G99*(1-$D$80) -> 8.1 | I99: =$F99/G99 -> 109695.06 | J99: =$F99/H99 -> 121883.4 | K99: 17 | L99: =K99/18 -> 0.94444444 | M99: =K99*E99 -> 14301839 | N99: =K99*I99 -> 1864816.1 | O99: =K99*J99 -> 2072017.8 | P99: =L99*E99 -> 794546.59 | Q99: =I99*L99 -> 103600.89 | R99: =L99*J99 -> 115112.1 | S99: =(G99-H99)/G99 -> 0.1
A100: 5 | B100: Ultrasound imaging | D100: ULS | E100: =1000*D_device_values!$Q$20*(1/D_currency_conversion!$H$7)*D_currency_conversion!$H$6 -> 1216627 | F100: =E100*D_currency_conversion!$I$12*D_currency_conversion!$J$12 -> 1427723.4 | G100: =D_device_lifecycles!$X$20 -> 10 | H100: =G100*(1-$D$80) -> 9 | I100: =$F100/G100 -> 142772.34 | J100: =$F100/H100 -> 158635.94 | K100: 50 | L100: =K100/18 -> 2.7777778 | M100: =K100*E100 -> 60831350 | N100: =K100*I100 -> 7138617.1 | O100: =K100*J100 -> 7931796.8 | P100: =L100*E100 -> 3379519.5 | Q100: =I100*L100 -> 396589.84 | R100: =L100*J100 -> 440655.38 | S100: =(G100-H100)/G100 -> 0.1
A101: 6 | B101: Xray imaging | D101: XRAY | E101: =1000*D_device_values!$Q$21*(1/D_currency_conversion!$H$7)*D_currency_conversion!$H$6 -> 3519053.4 | F101: =E101*D_currency_conversion!$I$12*D_currency_conversion!$J$12 -> 4129642.8 | G101: =D_device_lifecycles!$X$21 -> 8 | H101: =G101*(1-$D$80) -> 7.2 | I101: =$F101/G101 -> 516205.35 | J101: =$F101/H101 -> 573561.5 | K101: 47 | L101: =K101/18 -> 2.6111111 | M101: =K101*E101 -> 1.6539551e+08 | N101: =K101*I101 -> 24261651 | O101: =K101*J101 -> 26957390 | P101: =L101*E101 -> 9188639.4 | Q101: =I101*L101 -> 1347869.5 | R101: =L101*J101 -> 1497632.8 | S101: =(G101-H101)/G101 -> 0.1
K102: =SUM(K84:K101) -> 419 | L102: 240 | M102: =SUM(M84:M101) -> 3.2013018e+08 | N102: =SUM(N84:N101) -> 43077411 | O102: =SUM(O84:O101) -> 47863790 | P102: =SUM(P84:P101) -> 17785010 | Q102: =SUM(Q84:Q101) -> 2393189.5 | R102: =SUM(R84:R101) -> 2659099.4
...

Sheet C_downtime_cost
A1: Calculation: Downtime for District Hospitals
A2: Assumed Downtime Share | D2: =N4 -> 0.15 | E2: Average annual CM downtime | I2: Estimated downtime days based on date time | O2: Expected number of o\o days
A3: =HYPERLINK("#"&ADDRESS(1,1,,,"MASTER"),"M <=") -> M <= | E3: at HF level, as reported in jobcards | I3: passed between request and last inspection | O3: per year and per hospital | S3: Price per | T3: Price per | W3: Average services lost per year and hospital | AC3: Average returns lost per year and hospital (NPR, 2016)
E4: In hours | G4: In days | I4: # of CMs performed | K4: # days since last visit | M4: ass. share= | N4: 0.15 | O4: sh=36% | P4: sh=2% | Q4: Cat2 | R4: BoQ | S4: Output | T4: Output | U4: Average services | W4: DWNT 1 | Y4: DWNT 2 | AA4: DWNT 3 | AC4: DWNT 1 | AE4: DWNT 2 | AG4: DWNT 3
A5: Equipment type: | E5: w\o MTN | F5: w MTN | G5: w\o MTN | H5: w MTN | I5: w\o MTN | J5: w MTN | K5: w\o MTN | L5: w MTN | M5: w\o MTN | N5: w MTN | O5: w\o MTN | P5: w MTN | Q5: BoQ | R5: per HF | S5: (NPR,16) | T5: (I$PPP,16) | U5: per day | V5: per year | W5: w\o MTN | X5: w MTN | Y5: w\o MTN | Z5: w MTN | AA5: w\o MTN | AB5: w MTN | AC5: w\o MTN | AD5: w MTN | AE5: w\o MTN | AF5: w MTN | AG5: w\o MTN | AH5: w MTN
A6: 1 | B6: Laboratory equipment | U6: 33.625113 | V6: 12273.166 | W6: =$U6*AVERAGE(G7:G9) -> 98.066229 | X6: =$U6*AVERAGE(H7:H9) -> 51.993671 | Y6: =$U6*AVERAGE(M7:M9) -> 387.21514 | Z6: =$U6*AVERAGE(N7:N9) -> 200.08176 | AA6: =$U6*AVERAGE(O7:O9) -> 8591.2165 | AB6: =$U6*AVERAGE(P7:P9) -> 477.2898 | AC6: =W6*$S7 -> 9806.6229 | AD6: =X6*$S7 -> 5199.3671 | AE6: =Y6*$S7 -> 38721.514 | AF6: =Z6*$S7 -> 20008.176 | AG6: =AA6*$S7 -> 859121.65 | AH6: =AB6*$S7 -> 47728.98
B7: a | C7: analyser | D7: ANL | E7: 52.827088 | F7: 30.083335 | G7: =E7/24 -> 2.2011286 | H7: =F7/24 -> 1.2534723 | I7: 0.42105263 | J7: 0.30769231 | K7: 236.9028 | L7: 207.95328 | M7: =$N$4*I7*K7 -> 14.962282 | N7: =$N$4*J7*L7 -> 9.5978437 | O7: =0.36*R7*365 -> 80.3 | P7: =0.02*R7*365 -> 4.4611111 | Q7: 11 | R7: =Q7/18 -> 0.61111111 | S7: =100 -> 100
B8: b | C8: centrifuge | D8: CEN | E8: 82.015585 | F8: 69.446377 | G8: =E8/24 -> 3.417316 | H8: =F8/24 -> 2.893599 | I8: 0.52941176 | J8: 0.18918919 | K8: 147.8631 | L8: 177.079 | M8: =$N$4*I8*K8 -> 11.74207 | N8: =$N$4*J8*L8 -> 5.0252149 | O8: =0.36*R8*365 -> 386.9 | P8: =0.02*R8*365 -> 21.494444 | Q8: 53 | R8: =Q8/18 -> 2.9444444 | T8: =S7/D_currency_conversion!$J$17 -> 3.1251162
B9: c | C9: microscope | D9: MIC | E9: 75.1423 | F9: 11.802085 | G9: =E9/24 -> 3.1309292 | H9: =F9/24 -> 0.49175354 | I9: 0.29032258 | J9: 0.25396825 | K9: 180.0895 | L9: 84.73611 | M9: =$N$4*I9*K9 -> 7.8426072 | N9: =$N$4*J9*L9 -> 3.2280422 | O9: =0.36*R9*365 -> 299.3 | P9: =0.02*R9*365 -> 16.627778 | Q9: 41 | R9: =Q9/18 -> 2.2777778
A10: 2 | B10: Cold chain equipment
B11: a | C11: refrigerator | D11: CLD | P11: =0.02*R11*365 -> 8.9222222 | Q11: 22 | R11: =Q11/18 -> 1.2222222
B12: b | C12: freezer | D12: CLD | P12: =0.02*R12*365 -> 8.9222222 | Q12: 22 | R12: =Q12/18 -> 1.2222222
A13: 3 | B13: Surgical equipment
B14: a | C14: anaesthesia unit | D14: ANS | P14: =0.02*R14*365 -> 1.6222222 | Q14: 4 | R14: =Q14/18 -> 0.22222222
B15: b | C15: electrosurgical unit | D15: ESU | P15: =0.02*R15*365 -> 5.2722222 | Q15: 13 | R15: =Q15/18 -> 0.72222222
B16: c | C16: operating light | D16: LGHT | P16: =0.02*R16*365 -> 7.7055556 | Q16: 19 | R16: =Q16/18 -> 1.0555556
B17: d | C17: oxygen concentrator | D17: OXG | P17: =0.02*R17*365 -> 24.333333 | Q17: 60 | R17: =Q17/18 -> 3.3333333
B18: e | C18: strelizing unit | D18: STR | P18: =0.02*R18*365 -> 8.5166667 | Q18: 21 | R18: =Q18/18 -> 1.1666667
B19: f | C19: operating table | D19: TAB | P19: =0.02*R19*365 -> 7.3 | Q19: 18 | R19: =Q19/18 -> 1
A20: 4 | B20: Monitoring
B21: a | C21: ecg | D21: ECG | E21: 42.465629 | F21: 12.225019 | G21: =E21/24 -> 1.7694012 | H21: =F21/24 -> 0.50937579 | I21: 0.21621622 | J21: 0.2195122 | K21: 159.2671 | L21: 142.8099 | M21: =$N$4*I21*K21 -> 5.1654195 | N21: =$N$4*J21*L21 -> 4.7022773 | O21: =0.36*R21*365 -> 153.3 | P21: =0.02*R21*365 -> 8.5166667 | Q21: 21 | R21: =Q21/18 -> 1.1666667 | S21: =D_service_prices!E13 -> 200 | T21: =S21/D_currency_conversion!$J$17 -> 6.2502325 | U21: 0.2196347 | V21: 80.166665 | W21: =$U21*G21 -> 0.3886219 | X21: =$U21*H21 -> 0.1118766 | Y21: =$U21*M21 -> 1.1345054 | Z21: =$U21*N21 -> 1.0327833 | AA21: =$U21*O21 -> 33.67 | AB21: =$U21*P21 -> 1.8705555 | AC21: =W21*$S21 -> 77.72438 | AD21: =X21*$S21 -> 22.37532 | AE21: =Y21*$S21 -> 226.90107 | AF21: =Z21*$S21 -> 206.55665 | AG21: =AA21*$S21 -> 6733.9999 | AH21: =AB21*$S21 -> 374.11111
B22: b | C22: monitor | D22: MON | E22: 49.75 | F22: 21.19167 | G22: =E22/24 -> 2.0729167 | H22: =F22/24 -> 0.88298625 | I22: 0.22580645 | J22: 0.15555556 | K22: 230 | L22: 186.8507 | M22: =$N$4*I22*K22 -> 7.7903225 | N22: =$N$4*J22*L22 -> 4.3598498 | O22: =0.36*R22*365 -> 124.1 | P22: =0.02*R22*365 -> 6.8944444 | Q22: 17 | R22: =Q22/18 -> 0.94444444
A23: 5 | B23: Ultrasound imaging | D23: ULS | E23: 61.362503 | F23: 171.53489 | G23: =E23/24 -> 2.5567709 | H23: =F23/24 -> 7.1472869 | I23: 0.03508772 | J23: 0.01234568 | K23: 180 | L23: 150 | M23: =$N$4*I23*K23 -> 0.94736844 | N23: =$N$4*J23*L23 -> 0.2777778 | O23: =0.36*R23*365 -> 365 | P23: =0.02*R23*365 -> 20.277778 | Q23: 50 | R23: =Q23/18 -> 2.7777778 | S23: =AVERAGE(D_service_prices!E9:E10) -> 430 | T23: =S23/D_currency_conversion!$J$17 -> 13.438 | U23: 5.8237445 | V23: 2125.6667 | W23: =$U23*G23 -> 14.889981 | X23: =$U23*H23 -> 41.623973 | Y23: =$U23*M23 -> 5.5172317 | Z23: =$U23*N23 -> 1.6177069 | AA23: =$U23*O23 -> 2125.6667 | AB23: =$U23*P23 -> 118.0926 | AC23: =W23*$S23 -> 6402.6917 | AD23: =X23*$S23 -> 17898.308 | AE23: =Y23*$S23 -> 2372.4096 | AF23: =Z23*$S23 -> 695.61398 | AG23: =AA23*$S23 -> 914036.7 | AH23: =AB23*$S23 -> 50779.817
A24: 6 | B24: Xray imaging | D24: XRAY | E24: 110.56672 | F24: 62.934615 | G24: =E24/24 -> 4.6069467 | H24: =F24/24 -> 2.6222756 | I24: 0.61666667 | J24: 0.95774648 | K24: 244.7256 | L24: 134.1074 | M24: =$N$4*I24*K24 -> 22.637118 | N24: =$N$4*J24*L24 -> 19.266134 | O24: =0.36*R24*365 -> 343.1 | P24: =0.02*R24*365 -> 19.061111 | Q24: 47 | R24: =Q24/18 -> 2.6111111 | S24: =AVERAGE(D_service_prices!E3:E6) -> 262.5 | T24: =S24/D_currency_conversion!$J$17 -> 8.2034301 | U24: 3.9269405 | V24: 1433.3333 | W24: =$U24*G24 -> 18.091205 | X24: =$U24*H24 -> 10.29752 | Y24: =$U24*M24 -> 88.894616 | Z24: =$U24*N24 -> 75.65696 | AA24: =$U24*O24 -> 1347.3333 | AB24: =$U24*P24 -> 74.851849 | AC24: =W24*$S24 -> 4748.9414 | AD24: =X24*$S24 -> 2703.0991 | AE24: =Y24*$S24 -> 23334.837 | AF24: =Z24*$S24 -> 19859.952 | AG24: =AA24*$S24 -> 353674.99 | AH24: =AB24*$S24 -> 19648.61
G25: =AVERAGE(G7:G24) -> 2.8222013 | H25: =AVERAGE(H7:H24) -> 2.2572499 | M25: =AVERAGE(M7:M24) -> 10.155313 | N25: =AVERAGE(N7:N24) -> 6.6367342 | O25: =AVERAGE(O7:O24) -> 250.28571 | P25: =AVERAGE(P7:P24) -> 11.328519 | S25: =AVERAGE(S6:S24) -> 248.125 | AC25: =SUM(AC6:AC24) -> 21035.98 | AD25: =SUM(AD6:AD24) -> 25823.15 | AE25: =SUM(AE6:AE24) -> 64655.661 | AF25: =SUM(AF6:AF24) -> 40770.299 | AG25: =SUM(AG6:AG24) -> 2133567.3 | AH25: =SUM(AH6:AH24) -> 118531.52
D26: Notes: | E26: The time (h) between job request and job completed. This measure already reflects the differences in equipment-related BoQs, as it is directly informed by PLAMAHS | I26: Time passed between a CM job request and the last time the MC looked at the device. We assume a that for 10% of the time elapsed the device was o\o, such that for any CM activity we obtain a number of downtime days. | O26: Assume the same overall share of operational or o\o devices for each device. Given the avg number of devices per hospital calculate the sum of operational days by multiplying share*365*#devices | S26: B_service_prices | V26: CM: Corrective Maintenance; DWNT: Downtime Scenario; MTN: Maintenance

Sheet C_services_daily
A1: Average Number of Serives per Day | E1: =HYPERLINK("#"&ADDRESS(1,1,,,"MASTER"),"M <=") -> M <=
D2: 2012/13 | I2: 2013/14
E4: Services per day | J4: Services per day
A5: Region | B5: District | C5: PopTile | D5: Population | E5: Lab | F5: ECG | G5: Xray | H5: US | I5: Population | J5: Lab | K5: ECG | L5: Xray | M5: US
A6: FW | B6: bajura | C6: 1 | D6: 140226 | E6: 18.18904 | F6: 0 | G6: 1.953425 | H6: 0.060274 | I6: 142345 | J6: 32.13425 | K6: 0 | L6: 1.408219 | M6: 0.460274
A7: FW | B7: darchula | C7: 1 | D7: 135344 | E7: 32.42192 | F7: 0.4 | G7: 7.832877 | H7: 1.39726
A8: MW | B8: dolpa | C8: 1 | D8: 37962 | E8: 4.523288 | F8: 0 | G8: 2.139711 | H8: 0.4876712 | I8: 38002 | J8: 4.4 | K8: 0 | L8: 4.626382 | M8: 2.643836
A9: MW | B9: humla | C9: 1 | D9: 52857 | E9: 4.605479 | F9: 0 | G9: 0 | H9: 2.136241 | I9: 52940 | J9: 2.89863 | K9: 0 | L9: 0 | M9: 2.057534
A10: MW | B10: kalikot | C10: 1 | D10: 148255 | E10: 22.23836 | F10: 0.3636806 | G10: 2.720548 | H10: 0.8383561 | I10: 146335 | J10: 30.23014 | K10: 0.2237549 | L10: 0.490411 | M10: 1.386301
A11: MW | B11: mugu | C11: 1 | D11: 57334 | E11: 2.457534 | F11: 0 | G11: 0.7369863 | H11: 1.624658 | I11: 59057 | J11: 6.821918 | K11: 0 | L11: 1.315068 | M11: 3.208219
A12: FW | B12: bajhang | C12: 2 | D12: 201278 | E12: 33.14795 | F12: 0.139726 | G12: 5.39726 | H12: 6.660274 | I12: 202733 | J12: 41.0411 | K12: 0.0520548 | L12: 6.849315 | M12: 6.120548
A13: FW | B13: doti | C13: 2 | D13: 212575 | E13: 35.66027 | F13: 0 | G13: 4.616438 | H13: 4.241096 | I13: 207263 | J13: 47.18082 | K13: 0.7945206 | L13: 6.756165 | M13: 6.375342
A14: MW | B14: jajarkot | C14: 2 | D14: 179323 | E14: 9.336987 | F14: 0 | G14: 1.090411 | H14: 0.0191781 | I14: 180621 | J14: 10.3863 | K14: 0.0986301 | L14: 2.169863 | M14: 2.569863
A15: MW | B15: pyuthan | C15: 2 | D15: 238912 | E15: 19.91781 | F15: 0 | G15: 3.043836 | H15: 0 | I15: 230853 | J15: 28.76986 | K15: 0 | L15: 3.758904 | M15: 0.6109589
A16: MW | B16: rolpa | C16: 2 | D16: 229856 | E16: 53.54795 | F16: 0.4958904 | G16: 8.024657 | H16: 0.8712329 | I16: 224318 | J16: 39.06027 | K16: 0.1287671 | L16: 8.136987 | M16: 2.619178
A17: MW | B17: rukum | C17: 2 | D17: 214606 | E17: 40.86575 | F17: 0.1808219 | G17: 7.79452 | H17: 0.7890411 | I17: 212982 | J17: 35.31233 | K17: 0.2438356 | L17: 7.271233 | M17: 5.265753
A18: FW | B18: achham | C18: 3 | D18: 262459 | E18: 60.58356 | F18: 0 | G18: 5.10137 | H18: 1.40274 | I18: 263382 | J18: 61.97534 | K18: 0 | L18: 6.123288 | M18: 1.164384
A19: FW | B19: baitadi | C19: 3 | D19: 254988 | E19: 52.23014 | F19: 0 | G19: 5.550685 | H19: 4.39726 | I19: 254727 | J19: 73.96165 | K19: 0.0054795 | L19: 5.284932 | M19: 6.4
... A22: MW | B22: salyan | C22: 3 | D22: 248631 | E22: 32.49589 | F22: 0.1013699 | G22: 1.747945 | H22: 3.60274 | I22: 269711 | J22: 35.52055 | K22: 0.0219178 | L22: 2.868493 | M22: 2.591781
A24: Mean values, middle-sized HFs: | E24: =AVERAGE(E12:E17) -> 32.079453 | F24: =AVERAGE(F12:F17) -> 0.13607305 | G24: =AVERAGE(G12:G17) -> 4.9945203 | H24: =AVERAGE(H12:H17) -> 2.0968037 | J24: =AVERAGE(J12:J17) -> 33.625113 | K24: =AVERAGE(K12:K17) -> 0.2196347 | L24: =AVERAGE(L12:L17) -> 5.8237445 | M24: =AVERAGE(M12:M17) -> 3.9269405
A25: Mean values, middle-sized HFs, per year: | E25: =E24*365 -> 11709 | F25: =F24*365 -> 49.666663 | G25: =G24*365 -> 1822.9999 | H25: =H24*365 -> 765.33334 | J25: =J24*365 -> 12273.166 | K25: =K24*365 -> 80.166665 | L25: =L24*365 -> 2125.6667 | M25: =M24*365 -> 1433.3333

Sheet C_overhead_cost
A1: Calculation of Overhead Cost (incl. NPV)
A2: =HYPERLINK("#"&ADDRESS(1,1,,,"MASTER"),"M <=") -> M <= | H2: Original price obtained: | J2: Effective price | P2: FC & MC Totals | R2: Share | S2: Cost
F3: share | G3: quant | H3: ref period | I3: price tot | J3: original | K3: rep year | L3: USD in repY | M3: NPR in repY | N3: NPR in 2016 | O3: USD in 2016 | P3: NPR in 2016 | S3: In NPR 2016
A4: Start-up cost
B5: IT-System | F5: 0.7 | G5: 1 | H5: 3 years | I5: 55000 | J5: =I5*F5*G5 -> 38500 | K5: 2014 | L5: =J5*(1/D_currency_conversion!$H$7) -> 51079.249 | M5: =L5*D_currency_conversion!$H$6 -> 4982993.6 | N5: =M5*D_currency_conversion!I12*D_currency_conversion!I12 -> 5798062.6 | O5: =(1/D_currency_conversion!$J$6)*N5 -> 53993.822 | R5: 1 | S5: =N5*R5 -> 5798062.6
B6: Car | F6: 0.5 | G6: 1 | H6: 3 years | I6: 30000 | J6: =I6*F6*G6 -> 15000 | K6: 2014 | L6: =J6*(1/D_currency_conversion!$H$7) -> 19901.006 | M6: =L6*D_currency_conversion!$H$6 -> 1941426.1 | N6: =M6*D_currency_conversion!I12*D_currency_conversion!J12 -> 2278282.1 | O6: =(1/D_currency_conversion!$J$6)*N6 -> 21216.252 | R6: =R$5 -> 1 | S6: =N6*R6 -> 2278282.1
B7: Rooms | F7: 1 | G7: 40 | H7: 3 years | I7: 5500 | J7: =I7*G7*F7 -> 220000 | K7: 2016 | L7: =J7*(1/D_currency_conversion!$J$6) -> 2048.7259 | N7: =J7 -> 220000 | O7: =L7 -> 2048.7259 | R7: =R$5 -> 1 | S7: =N7*R7 -> 220000
B8: RIA | F8: 1 | G8: 1 | H8: 3 years | I8: 50000 | J8: =I8*F8*G8 -> 50000 | K8: 2010 | L8: =J8*(1/D_currency_conversion!$D$7) -> 66221.223 | M8: =L8*D_currency_conversion!D6 -> 4851523 | N8: =M8*D_currency_conversion!E12*D_currency_conversion!F12*D_currency_conversion!G12*D_currency_conversion!H12*D_currency_conversion!I12*D_currency_conversion!J12 -> 8043070.3 | O8: =(1/D_currency_conversion!$J$6)*N8 -> 74900.21 | R8: =R$5 -> 1 | S8: =N8*R8 -> 8043070.3
A9: Running cost | P9: =SUM(N5:N8) -> 16339415
B10: Staff
C11: RTM | F11: 1 | G11: 2 | H11: p.m. | I11: 35000 | J11: =I11*F11*G11*12 -> 840000 | K11: 2016 | L11: =J11*(1/D_currency_conversion!$J$6) -> 7822.4079 | O11: =L11 -> 7822.4079 | R11: 1 | S11: =J11*R11 -> 840000
C12: PAM Engineer | F12: 1 | G12: 2 | H12: p.m. | I12: 35000 | J12: =I12*F12*G12*12 -> 840000 | K12: 2016 | L12: =J12*(1/D_currency_conversion!$J$6) -> 7822.4079 | O12: =L12 -> 7822.4079 | R12: =R$11 -> 1 | S12: =J12*R12 -> 840000
C13: PAM Chief | F13: 0.5 | G13: 1 | H13: p.m. | I13: 70000 | J13: =I13*F13*G13*12 -> 420000 | K13: 2016 | L13: =J13*(1/D_currency_conversion!$J$6) -> 3911.2039 | O13: =L13 -> 3911.2039 | R13: =R$11 -> 1 | S13: =J13*R13 -> 420000
B14: IT-System | F14: 0.3 | G14: 1 | H14: 3 years | I14: 55000 | J14: =(I14*F14*G14)/3 -> 5500 | K14: 2014 | L14: =J14*(1/D_currency_conversion!$H$7) -> 7297.0356 | M14: =L14*D_currency_conversion!$H$6 -> 711856.22 | N14: =M14*D_currency_conversion!I12*D_currency_conversion!J12 -> 835370.09 | O14: =(1/D_currency_conversion!$J$6)*N14 -> 7779.2923 | R14: =R$11 -> 1 | S14: =N14*R14 -> 835370.09
B15: Car | F15: 0.5 | G15: 1 | H15: p.m. | I15: 30000 | J15: =I15*F15*G15*12 -> 180000 | K15: 2014 | L15: =J15*(1/D_currency_conversion!$H$6) -> 1845.1288 | M15: =L15*D_currency_conversion!$H$6 -> 180000 | N15: =M15*D_currency_conversion!I12*D_currency_conversion!J12 -> 211231.72 | O15: =(1/D_currency_conversion!$J$6)*N15 -> 1967.0722 | R15: =R$11 -> 1 | S15: =N15*R15 -> 211231.72
P16: =SUM(S11:S15) -> 3146601.8
B17: Consultant | F17: 0.75 | I17: 110000 | J17: =I17*F17 -> 82500 | K17: 2014 | L17: =J17*(1/D_currency_conversion!$H$7) -> 109455.53 | M17: =L17*D_currency_conversion!$H$6 -> 10677843 | N17: =M17*D_currency_conversion!I12*D_currency_conversion!J12 -> 12530551 | O17: =(1/D_currency_conversion!$J$6)*N17 -> 116689.38 | R17: 1 | S17: =M17*R17 -> 10677843
P18: =O17 -> 116689.38 | R18: Notes: Assumed share of overhead cost occuring if only the hospitals considered were maintained (district hospitals.
N19: w\o consult | O19: =SUM(O5:O15) -> 181461.39
N20: w. consult | O20: =SUM(O5:O17) -> 298150.78
A21: Notes: FC = Fixed Cost; OC = Operating Cost. Share: Assumed share of sverhead cost that would occur if only devices considered were maintained.
A23: Overhead cost NPV calculation
A24: =Master!#REF! -> #REF! | F24: NPV (1 Yrs) | G24: NPV (2 Yrs) | H24: NPV (3 Yrs) | I24: NPV (4 Yrs) | J24: NPV (5 Yrs) | K24: NPV (6 Yrs) | L24: NPV (7 Yrs) | M24: NPV (8 Yrs) | N24: NPV (9 Yrs) | O24: NPV (10 Yrs) | P24: 15yrs | Q24: 20yrs | R24: 0 | S24: 1 | T24: 2 | U24: 3 | V24: 4 | W24: 5 | X24: 6 | Y24: 7 | Z24: 8 | AA24: 9 | AB24: 10
A25: Start-up cost
B26: IT-System | F26: =$R26 -> 5798062.6 | G26: =$R26 -> 5798062.6 | H26: =$R26 -> 5798062.6 | I26: =$R26 -> 5798062.6 | J26: =$R26 -> 5798062.6 | K26: =$R26 -> 5798062.6 | L26: =$R26 -> 5798062.6 | M26: =$R26 -> 5798062.6 | ... Q26: =$R26 -> 5798062.6 | R26: =S5 -> 5798062.6 | S26: 0 | T26: 0 | U26: 0 | V26: 0 | W26: 0 | X26: 0 | Y26: 0 | Z26: 0 | AA26: 0 | AB26: 0
B27: Car | F27: =$R27 -> 2278282.1 | G27: =$R27 -> 2278282.1 | H27: =$R27 -> 2278282.1 | I27: =$R27 -> 2278282.1 | J27: =$R27 -> 2278282.1 | K27: =$R27 -> 2278282.1 | L27: =$R27 -> 2278282.1 | M27: =$R27 -> 2278282.1 | ... Q27: =$R27 -> 2278282.1 | R27: =S6 -> 2278282.1 | S27: 0 | T27: 0 | U27: 0 | V27: 0 | W27: 0 | X27: 0 | Y27: 0 | Z27: 0 | AA27: 0 | AB27: 0
B28: Rooms | F28: =$R28 -> 220000 | G28: =$R28 -> 220000 | H28: =$R28 -> 220000 | I28: =$R28 -> 220000 | J28: =$R28 -> 220000 | K28: =$R28 -> 220000 | L28: =$R28 -> 220000 | M28: =$R28 -> 220000 | ... Q28: =$R28 -> 220000 | R28: =S7 -> 220000 | S28: 0 | T28: 0 | U28: 0 | V28: 0 | W28: 0 | X28: 0 | Y28: 0 | Z28: 0 | AA28: 0 | AB28: 0
B29: RIA | F29: =$R29 -> 8043070.3 | G29: =$R29 -> 8043070.3 | H29: =$R29 -> 8043070.3 | I29: =$R29 -> 8043070.3 | J29: =$R29 -> 8043070.3 | K29: =$R29 -> 8043070.3 | L29: =$R29 -> 8043070.3 | M29: =$R29 -> 8043070.3 | ... Q29: =$R29 -> 8043070.3 | R29: =S8 -> 8043070.3 | S29: 0 | T29: 0 | U29: 0 | V29: 0 | W29: 0 | X29: 0 | Y29: 0 | Z29: 0 | AA29: 0 | AB29: 0
A30: Start-up cost total (incl. mobilization)
F31: =D_invoiced_cost!$C$31*10^6*D_currency_conversion!$I$12*D_currency_conversion!$J$12*C_depreciation_yearly!$M$27+SUM(F26:F29) -> 21448432 | G31: =D_invoiced_cost!$C$31*10^6*D_currency_conversion!$I$12*D_currency_conversion!$J$12*C_depreciation_yearly!$M$27+SUM(G26:G29) -> 21448432 | H31: =D_invoiced_cost!$C$31*10^6*D_currency_conversion!$I$12*D_currency_conversion!$J$12*C_depreciation_yearly!$M$27+SUM(H26:H29) -> 21448432 | I31: =D_invoiced_cost!$C$31*10^6*D_currency_conversion!$I$12*D_currency_conversion!$J$12*C_depreciation_yearly!$M$27+SUM(I26:I29) -> 21448432 | J31: =D_invoiced_cost!$C$31*10^6*D_currency_conversion!$I$12*D_currency_conversion!$J$12*C_depreciation_yearly!$M$27+SUM(J26:J29) -> 21448432 | K31: =D_invoiced_cost!$C$31*10^6*D_currency_conversion!$I$12*D_currency_conversion!$J$12*C_depreciation_yearly!$M$27+SUM(K26:K29) -> 21448432 | L31: =D_invoiced_cost!$C$31*10^6*D_currency_conversion!$I$12*D_currency_conversion!$J$12*C_depreciation_yearly!$M$27+SUM(L26:L29) -> 21448432 | M31: =D_invoiced_cost!$C$31*10^6*D_currency_conversion!$I$12*D_currency_conversion!$J$12*C_depreciation_yearly!$M$27+SUM(M26:M29) -> 21448432 | ... Q31: =D_invoiced_cost!$C$31*10^6*D_currency_conversion!$I$12*D_currency_conversion!$J$12*C_depreciation_yearly!$M$27+SUM(Q26:Q29) -> 21448432
A32: Running cost
B33: Staff
C34: RTM | F34: =(S34/(1+A$24)^1) -> #REF! | G34: =(S34/(1+A$24)^1)+(T34/(1+A$24)^2) -> #REF! | H34: =R34+(S34/(1+A$24)^1)+(T34/(1+A$24)^2)+(U34/(1+A$24)^3) -> #REF! | I34: =R34+(S34/(1+A$24)^1)+(T34/(1+A$24)^2)+(U34/(1+A$24)^3)+(V34/(1+A$24)^4) -> #REF! | J34: =R34+(S34/(1+A$24)^1)+(T34/(1+A$24)^2)+(U34/(1+A$24)^3)+(V34/(1+A$24)^4)+(W34/(1+A$24)^5) -> #REF! | K34: =R34+(S34/(1+A$24)^1)+(T34/(1+A$24)^2)+(U34/(1+A$24)^3)+(V34/(1+A$24)^4)+(W34/(1+A$24)^5)+(X34/(1+A$24)^6) -> #REF! | L34: =R34+(S34/(1+A$24)^1)+(T34/(1+A$24)^2)+(U34/(1+A$24)^3)+(V34/(1+A$24)^4)+(W34/(1+A$24)^5)+(X34/(1+A$24)^6)+(Y34/(1+A$24)^7) -> #REF! | M34: =R34+(S34/(1+A$24)^1)+(T34/(1+A$24)^2)+(U34/(1+A$24)^3)+(V34/(1+A$24)^4)+(W34/(1+A$24)^5)+(X34/(1+A$24)^6)+(Y34/(1+A$24)^7)+(Z34/(1+A$24)^8) -> #REF! | N34: =R34+(S34/(1+A$24)^1)+(T34/(1+A$24)^2)+(U34/(1+A$24)^3)+(V34/(1+A$24)^4)+(W34/(1+A$24)^5)+(X34/(1+A$24)^6)+(Y34/(1+A$24)^7)+(Z34/(1+A$24)^8)+(AA34/(1+A$24)^9) -> #REF! | O34: =R34+(S34/(1+A$24)^1)+(T34/(1+A$24)^2)+(U34/(1+A$24)^3)+(V34/(1+A$24)^4)+(W34/(1+A$24)^5)+(X34/(1+A$24)^6)+(Y34/(1+A$24)^7)+(Z34/(1+A$24)^8)+(AA34/(1+A$24)^9)+(AB34/(1+A$24)^10) -> #REF! | P34: =O34+AB34*(1/(1+$A$24)^11+1/(1+$A$24)^12+1/(1+$A$24)^13+1/(1+$A$24)^14+1/(1+$A$24)^15) -> #REF! | Q34: =P34+AB34*(1/(1+$Q$6)^16+1/(1+$Q$6)^17+1/(1+$Q$6)^18+1/(1+$Q$6)^19+1/(1+$Q$6)^20) -> #REF! | R34: 0 | S34: =$S11 -> 840000 | T34: =$S11 -> 840000 | U34: =$S11 -> 840000 | V34: =$S11 -> 840000 | W34: =$S11 -> 840000 | X34: =$S11 -> 840000 | Y34: =$S11 -> 840000 | Z34: =$S11 -> 840000 | ... AB34: =$S11 -> 840000
C35: PAM Engineer | F35: =(S35/(1+A$24)^1) -> #REF! | G35: =(S35/(1+A$24)^1)+(T35/(1+A$24)^2) -> #REF! | H35: =R35+(S35/(1+A$24)^1)+(T35/(1+A$24)^2)+(U35/(1+A$24)^3) -> #REF! | I35: =R35+(S35/(1+A$24)^1)+(T35/(1+A$24)^2)+(U35/(1+A$24)^3)+(V35/(1+A$24)^4) -> #REF! | J35: =R35+(S35/(1+A$24)^1)+(T35/(1+A$24)^2)+(U35/(1+A$24)^3)+(V35/(1+A$24)^4)+(W35/(1+A$24)^5) -> #REF! | K35: =R35+(S35/(1+A$24)^1)+(T35/(1+A$24)^2)+(U35/(1+A$24)^3)+(V35/(1+A$24)^4)+(W35/(1+A$24)^5)+(X35/(1+A$24)^6) -> #REF! | L35: =R35+(S35/(1+A$24)^1)+(T35/(1+A$24)^2)+(U35/(1+A$24)^3)+(V35/(1+A$24)^4)+(W35/(1+A$24)^5)+(X35/(1+A$24)^6)+(Y35/(1+A$24)^7) -> #REF! | M35: =R35+(S35/(1+A$24)^1)+(T35/(1+A$24)^2)+(U35/(1+A$24)^3)+(V35/(1+A$24)^4)+(W35/(1+A$24)^5)+(X35/(1+A$24)^6)+(Y35/(1+A$24)^7)+(Z35/(1+A$24)^8) -> #REF! | N35: =R35+(S35/(1+A$24)^1)+(T35/(1+A$24)^2)+(U35/(1+A$24)^3)+(V35/(1+A$24)^4)+(W35/(1+A$24)^5)+(X35/(1+A$24)^6)+(Y35/(1+A$24)^7)+(Z35/(1+A$24)^8)+(AA35/(1+A$24)^9) -> #REF! | O35: =R35+(S35/(1+A$24)^1)+(T35/(1+A$24)^2)+(U35/(1+A$24)^3)+(V35/(1+A$24)^4)+(W35/(1+A$24)^5)+(X35/(1+A$24)^6)+(Y35/(1+A$24)^7)+(Z35/(1+A$24)^8)+(AA35/(1+A$24)^9)+(AB35/(1+A$24)^10) -> #REF! | P35: =O35+AB35*(1/(1+$A$24)^11+1/(1+$A$24)^12+1/(1+$A$24)^13+1/(1+$A$24)^14+1/(1+$A$24)^15) -> #REF! | Q35: =P35+AB35*(1/(1+$Q$6)^16+1/(1+$Q$6)^17+1/(1+$Q$6)^18+1/(1+$Q$6)^19+1/(1+$Q$6)^20) -> #REF! | R35: 0 | S35: =$S12 -> 840000 | T35: =$S12 -> 840000 | U35: =$S12 -> 840000 | V35: =$S12 -> 840000 | W35: =$S12 -> 840000 | X35: =$S12 -> 840000 | Y35: =$S12 -> 840000 | Z35: =$S12 -> 840000 | ... AB35: =$S12 -> 840000
C36: PAM Chief | F36: =(S36/(1+A$24)^1) -> #REF! | G36: =(S36/(1+A$24)^1)+(T36/(1+A$24)^2) -> #REF! | H36: =R36+(S36/(1+A$24)^1)+(T36/(1+A$24)^2)+(U36/(1+A$24)^3) -> #REF! | I36: =R36+(S36/(1+A$24)^1)+(T36/(1+A$24)^2)+(U36/(1+A$24)^3)+(V36/(1+A$24)^4) -> #REF! | J36: =R36+(S36/(1+A$24)^1)+(T36/(1+A$24)^2)+(U36/(1+A$24)^3)+(V36/(1+A$24)^4)+(W36/(1+A$24)^5) -> #REF! | K36: =R36+(S36/(1+A$24)^1)+(T36/(1+A$24)^2)+(U36/(1+A$24)^3)+(V36/(1+A$24)^4)+(W36/(1+A$24)^5)+(X36/(1+A$24)^6) -> #REF! | L36: =R36+(S36/(1+A$24)^1)+(T36/(1+A$24)^2)+(U36/(1+A$24)^3)+(V36/(1+A$24)^4)+(W36/(1+A$24)^5)+(X36/(1+A$24)^6)+(Y36/(1+A$24)^7) -> #REF! | M36: =R36+(S36/(1+A$24)^1)+(T36/(1+A$24)^2)+(U36/(1+A$24)^3)+(V36/(1+A$24)^4)+(W36/(1+A$24)^5)+(X36/(1+A$24)^6)+(Y36/(1+A$24)^7)+(Z36/(1+A$24)^8) -> #REF! | N36: =R36+(S36/(1+A$24)^1)+(T36/(1+A$24)^2)+(U36/(1+A$24)^3)+(V36/(1+A$24)^4)+(W36/(1+A$24)^5)+(X36/(1+A$24)^6)+(Y36/(1+A$24)^7)+(Z36/(1+A$24)^8)+(AA36/(1+A$24)^9) -> #REF! | O36: =R36+(S36/(1+A$24)^1)+(T36/(1+A$24)^2)+(U36/(1+A$24)^3)+(V36/(1+A$24)^4)+(W36/(1+A$24)^5)+(X36/(1+A$24)^6)+(Y36/(1+A$24)^7)+(Z36/(1+A$24)^8)+(AA36/(1+A$24)^9)+(AB36/(1+A$24)^10) -> #REF! | P36: =O36+AB36*(1/(1+$A$24)^11+1/(1+$A$24)^12+1/(1+$A$24)^13+1/(1+$A$24)^14+1/(1+$A$24)^15) -> #REF! | Q36: =P36+AB36*(1/(1+$Q$6)^16+1/(1+$Q$6)^17+1/(1+$Q$6)^18+1/(1+$Q$6)^19+1/(1+$Q$6)^20) -> #REF! | R36: 0 | S36: =$S13 -> 420000 | T36: =$S13 -> 420000 | U36: =$S13 -> 420000 | V36: =$S13 -> 420000 | W36: =$S13 -> 420000 | X36: =$S13 -> 420000 | Y36: =$S13 -> 420000 | Z36: =$S13 -> 420000 | ... AB36: =$S13 -> 420000
B37: IT-System | F37: =(S37/(1+A$24)^1) -> #REF! | G37: =(S37/(1+A$24)^1)+(T37/(1+A$24)^2) -> #REF! | H37: =R37+(S37/(1+A$24)^1)+(T37/(1+A$24)^2)+(U37/(1+A$24)^3) -> #REF! | I37: =R37+(S37/(1+A$24)^1)+(T37/(1+A$24)^2)+(U37/(1+A$24)^3)+(V37/(1+A$24)^4) -> #REF! | J37: =R37+(S37/(1+A$24)^1)+(T37/(1+A$24)^2)+(U37/(1+A$24)^3)+(V37/(1+A$24)^4)+(W37/(1+A$24)^5) -> #REF! | K37: =R37+(S37/(1+A$24)^1)+(T37/(1+A$24)^2)+(U37/(1+A$24)^3)+(V37/(1+A$24)^4)+(W37/(1+A$24)^5)+(X37/(1+A$24)^6) -> #REF! | L37: =R37+(S37/(1+A$24)^1)+(T37/(1+A$24)^2)+(U37/(1+A$24)^3)+(V37/(1+A$24)^4)+(W37/(1+A$24)^5)+(X37/(1+A$24)^6)+(Y37/(1+A$24)^7) -> #REF! | M37: =R37+(S37/(1+A$24)^1)+(T37/(1+A$24)^2)+(U37/(1+A$24)^3)+(V37/(1+A$24)^4)+(W37/(1+A$24)^5)+(X37/(1+A$24)^6)+(Y37/(1+A$24)^7)+(Z37/(1+A$24)^8) -> #REF! | N37: =R37+(S37/(1+A$24)^1)+(T37/(1+A$24)^2)+(U37/(1+A$24)^3)+(V37/(1+A$24)^4)+(W37/(1+A$24)^5)+(X37/(1+A$24)^6)+(Y37/(1+A$24)^7)+(Z37/(1+A$24)^8)+(AA37/(1+A$24)^9) -> #REF! | O37: =R37+(S37/(1+A$24)^1)+(T37/(1+A$24)^2)+(U37/(1+A$24)^3)+(V37/(1+A$24)^4)+(W37/(1+A$24)^5)+(X37/(1+A$24)^6)+(Y37/(1+A$24)^7)+(Z37/(1+A$24)^8)+(AA37/(1+A$24)^9)+(AB37/(1+A$24)^10) -> #REF! | P37: =O37+AB37*(1/(1+$A$24)^11+1/(1+$A$24)^12+1/(1+$A$24)^13+1/(1+$A$24)^14+1/(1+$A$24)^15) -> #REF! | Q37: =P37+AB37*(1/(1+$Q$6)^16+1/(1+$Q$6)^17+1/(1+$Q$6)^18+1/(1+$Q$6)^19+1/(1+$Q$6)^20) -> #REF! | R37: 0 | S37: =$S14 -> 835370.09 | T37: =$S14 -> 835370.09 | U37: =$S14 -> 835370.09 | V37: =$S14 -> 835370.09 | W37: =$S14 -> 835370.09 | X37: =$S14 -> 835370.09 | Y37: =$S14 -> 835370.09 | Z37: =$S14 -> 835370.09 | ... AB37: =$S14 -> 835370.09
B38: Car | F38: =(S38/(1+A$24)^1) -> #REF! | G38: =(S38/(1+A$24)^1)+(T38/(1+A$24)^2) -> #REF! | H38: =R38+(S38/(1+A$24)^1)+(T38/(1+A$24)^2)+(U38/(1+A$24)^3) -> #REF! | I38: =R38+(S38/(1+A$24)^1)+(T38/(1+A$24)^2)+(U38/(1+A$24)^3)+(V38/(1+A$24)^4) -> #REF! | J38: =R38+(S38/(1+A$24)^1)+(T38/(1+A$24)^2)+(U38/(1+A$24)^3)+(V38/(1+A$24)^4)+(W38/(1+A$24)^5) -> #REF! | K38: =R38+(S38/(1+A$24)^1)+(T38/(1+A$24)^2)+(U38/(1+A$24)^3)+(V38/(1+A$24)^4)+(W38/(1+A$24)^5)+(X38/(1+A$24)^6) -> #REF! | L38: =R38+(S38/(1+A$24)^1)+(T38/(1+A$24)^2)+(U38/(1+A$24)^3)+(V38/(1+A$24)^4)+(W38/(1+A$24)^5)+(X38/(1+A$24)^6)+(Y38/(1+A$24)^7) -> #REF! | M38: =R38+(S38/(1+A$24)^1)+(T38/(1+A$24)^2)+(U38/(1+A$24)^3)+(V38/(1+A$24)^4)+(W38/(1+A$24)^5)+(X38/(1+A$24)^6)+(Y38/(1+A$24)^7)+(Z38/(1+A$24)^8) -> #REF! | N38: =R38+(S38/(1+A$24)^1)+(T38/(1+A$24)^2)+(U38/(1+A$24)^3)+(V38/(1+A$24)^4)+(W38/(1+A$24)^5)+(X38/(1+A$24)^6)+(Y38/(1+A$24)^7)+(Z38/(1+A$24)^8)+(AA38/(1+A$24)^9) -> #REF! | O38: =R38+(S38/(1+A$24)^1)+(T38/(1+A$24)^2)+(U38/(1+A$24)^3)+(V38/(1+A$24)^4)+(W38/(1+A$24)^5)+(X38/(1+A$24)^6)+(Y38/(1+A$24)^7)+(Z38/(1+A$24)^8)+(AA38/(1+A$24)^9)+(AB38/(1+A$24)^10) -> #REF! | P38: =O38+AB38*(1/(1+$A$24)^11+1/(1+$A$24)^12+1/(1+$A$24)^13+1/(1+$A$24)^14+1/(1+$A$24)^15) -> #REF! | Q38: =P38+AB38*(1/(1+$Q$6)^16+1/(1+$Q$6)^17+1/(1+$Q$6)^18+1/(1+$Q$6)^19+1/(1+$Q$6)^20) -> #REF! | R38: 0 | S38: =$S15 -> 211231.72 | T38: =$S15 -> 211231.72 | U38: =$S15 -> 211231.72 | V38: =$S15 -> 211231.72 | W38: =$S15 -> 211231.72 | X38: =$S15 -> 211231.72 | Y38: =$S15 -> 211231.72 | Z38: =$S15 -> 211231.72 | ... AB38: =$S15 -> 211231.72
A39: Running cost total
F40: =SUM(F34:F38) -> #REF! | G40: =SUM(G34:G38) -> #REF! | H40: =SUM(H34:H38) -> #REF! | I40: =SUM(I34:I38) -> #REF! | J40: =SUM(J34:J38) -> #REF! | K40: =SUM(K34:K38) -> #REF! | L40: =SUM(L34:L38) -> #REF! | M40: =SUM(M34:M38) -> #REF! | ... Q40: =SUM(Q34:Q38) -> #REF!

Sheet D_invoiced_cost
A1: Maintenance cost calculation | D1: =HYPERLINK("#"&ADDRESS(1,1,,,"MASTER"),"M <=") -> M <=
A3: Original program cost calculation (accum over all facilities in a PPM round) | J3: Plamahs maintenance cost (accum. Over all cat2 facilities in a PPM round)
A4: in Million NPR | C4: Program | E4: PPM abz | F4: Invoiced | G4: Spares | J4: Maintenance | K4: Total CM | L4: Invoiced CM | M4: MTN fees as | N4: Approx. PM | O4: CM amount
A5: PPM | C5: Total | D5: PPM total | E5: sanction | F5: spread | G5: Invoiced | H5: Total | J5: Round | K5: amount | L5: amount | M5: per contract | N5: fees | O5: + PM fees
A6: 0 | B6: MP | C6: 22.1 | D6: 0 | E6: 0 | G6: 0 | H6: 0 | J6: 1 | K6: 30166 | L6: 0 | M6: 4769100 | N6: 850500 | O6: 880666
A7: 1 | C7: 9.805892 | D7: 9.805892 | E7: =D7+(C$13/6) -> 9.7775735 | F7: =G$14/6 -> 0.7112001 | G7: 0 | H7: 0.0328125 | J7: 2 | K7: 121132 | L7: 64771 | M7: 4703100 | N7: 1066140 | O7: 1187272
A8: 2 | C8: 9.805892 | D8: 9.805892 | E8: =D8+(C$13/6) -> 9.7775735 | F8: =G$14/6 -> 0.7112001 | G8: 0 | H8: 0.0328125 | J8: 3 | K8: 205745 | L8: 117595 | M8: 4771100 | N8: 1162980 | O8: 1368725
A9: 3 | C9: 11.036578 | D9: 10.452201 | E9: =D9+(C$13/6) -> 10.423883 | F9: =G$14/6 -> 0.7112001 | G9: 0.584377 | H9: 1.026661 | J9: 4 | K9: 618753.6 | L9: 524038 | M9: 5055100 | N9: 1383600 | O9: 2002354
A10: 4 | C10: 14.582524 | D10: 13.666538 | E10: =D10+(C$13/6) -> 13.638219 | F10: =G$14/6 -> 0.7112001 | G10: 0.91598629 | H10: 1.299729 | J10: 5 | K10: 315092.8 | L10: 201140 | M10: 5137100 | N10: 1414920 | O10: 1730013
A11: 5 | C11: 16.420245 | D11: 15.146417 | E11: =D11+(C$13/6) -> 15.118098 | F11: =G$14/6 -> 0.7112001 | G11: 1.2738283 | H11: 1.5910443 | J11: 6 | K11: 167004.9 | L11: 134325 | M11: 5057100 | N11: 1449360 | O11: 1616365
A12: 6 | C12: 14.212133 | D12: 12.719124 | E12: =D12+(C$13/6) -> 12.690805 | F12: =G$14/6 -> 0.7112001 | G12: 1.493009 | H12: 1.916894 | J12: Notes: CM = Corrective Maintenance; PM = Preventive Maintenance; MTN = Maitenance
A13: N.A. | B13: Sanction | C13: -0.169911 | D13: 0 | E13: 0 | G13: 0 | H13: 0
C14: =SUM(C6:C13) -> 97.793353 | E14: =SUM(E7:E12) -> 71.426152 | G14: =SUM(G7:G12) -> 4.2672006 | H14: after 3 years
C15: =C14*10^6*D_currency_conversion!I12*D_currency_conversion!J12*(1/D_currency_conversion!J6) -> 1068703.3 | E15: =E14*1.21 -> 86.425644 | G15: =G14*1.2 -> 5.1206408 | H15: betw year 4 and 6
E16: =E15*4/3 -> 115.23419 | G16: =G15*4/3 -> 6.827521 | H16: betw year 7 and 10
A17: Notes: PPM = Preventive Maintenance Round
A19: Break-down cost for total Bill of Quantity (Illustration Purposes Only)
C20: Year
A21: 1 | B21: share | C21: 0 | D21: 1 | E21: 2 | F21: 3 | G21: 4 | H21: 5 | I21: 6 | J21: 7 | K21: 8 | L21: 9 | M21: 10
B22: PPM | C22: =A21*$C$6 -> 22.1 | D22: =A21*(E$7+E$8) -> 19.555147 | E22: =A21*(E$9+E$10) -> 24.062102 | F22: =A21*($E$11+$E$12) -> 27.808904 | G22: =$A21*($E$15/3) -> 28.808548 | H22: =$A21*($E$15/3) -> 28.808548 | I22: =$A21*($E$15/3) -> 28.808548 | J22: =$A21*($E$15/3) -> 28.808548 | K22: =$A21*($E$15/3) -> 28.808548 | L22: =$A21*($E$15/3) -> 28.808548 | M22: =$A21*($E$15/3) -> 28.808548
B23: Spares inv | C23: 0 | D23: =A21*($G$14/3) -> 1.4224002 | E23: =A21*($G$14/3) -> 1.4224002 | F23: =A21*($G$14/3) -> 1.4224002 | G23: =$A21*($G$15/3) -> 1.7068803 | H23: =$A21*($G$15/3) -> 1.7068803 | I23: =$A21*($G$15/3) -> 1.7068803 | J23: =$A21*($G$15/3) -> 1.7068803 | K23: =$A21*($G$15/3) -> 1.7068803 | L23: =$A21*($G$15/3) -> 1.7068803 | M23: =$A21*($G$15/3) -> 1.7068803
A24: Spares tot | C24: 0 | D24: =H7+H8 -> 0.065625 | E24: =H9+H10 -> 2.32639 | F24: =$H$11+$H$12 -> 3.5079383 | G24: =$H$11+$H$12 -> 3.5079383 | H24: =$H$11+$H$12 -> 3.5079383 | I24: =$H$11+$H$12 -> 3.5079383 | J24: =$H$11+$H$12 -> 3.5079383 | K24: =$H$11+$H$12 -> 3.5079383 | L24: =$H$11+$H$12 -> 3.5079383 | M24: =$H$11+$H$12 -> 3.5079383
A25: Notes: Numbers in Million NPR
A27: Break-down cost for main Bill of Quantity selectionion (66%)
C28: Year
A29: =C_device_share!M20 -> 0.66166078 | B29: share | C29: 0 | D29: 1 | E29: 2 | F29: 3 | G29: 4 | H29: 5 | I29: 6 | J29: 7 | K29: 8 | L29: 9 | M29: 10
A30: Program cost data (Basis for Maintenance Cost Calculation Table 2, Column 2)
B31: PPM | C31: =A29*$C$6 -> 14.622703 | D31: =A29*(E$7+E$8) -> 12.938874 | E31: =A29*(E$9+E$10) -> 15.920949 | F31: =A29*($E$11+$E$12) -> 18.400061 | G31: =$A29*($E$15/3) -> 19.061486 | H31: =$A29*($E$15/3) -> 19.061486 | I31: =$A29*($E$15/3) -> 19.061486 | J31: =$A29*($E$15/3) -> 19.061486 | K31: =$A29*($E$15/3) -> 19.061486 | L31: =$A29*($E$15/3) -> 19.061486 | M31: =$A29*($E$15/3) -> 19.061486
B32: Spares inv | C32: 0 | D32: =A29*($G$14/3) -> 0.94114643 | E32: =A29*($G$14/3) -> 0.94114643 | F32: =A29*($G$14/3) -> 0.94114643 | G32: =$A29*($G$15/3) -> 1.1293757 | H32: =$A29*($G$15/3) -> 1.1293757 | I32: =$A29*($G$15/3) -> 1.1293757 | J32: =$A29*($G$15/3) -> 1.1293757 | K32: =$A29*($G$15/3) -> 1.1293757 | L32: =$A29*($G$15/3) -> 1.1293757 | M32: =$A29*($G$15/3) -> 1.1293757
A33: Plamahs cost data (Basis for Maintenance Ciost Calculation Table 2, column 3)
B34: Approx. PM | C34: 0 | D34: =($N$6+$N$7)/10^6 -> 1.91664 | E34: =($N$8+$N$9)/10^6 -> 2.54658 | F34: =($N$10+$N$11)/10^6 -> 2.86428 | I34: =F34*(1+0.4944) -> 4.28038
B35: Total CM | C35: 0 | D35: =($K$6+$K$7)/10^6 -> 0.151298 | E35: =($K$8+$K$9)/10^6 -> 0.8244986 | F35: =($K$10+$K$11)/10^6 -> 0.4820977 | G35: 0.67275313 | H35: 0.86340856 | I35: =F35*2.186 -> 1.0538656
A36: Notes: Numbers in Million NPR

Sheet D_device_values
A1: =HYPERLINK("#"&ADDRESS(1,1,,,"MASTER"),"M <=") -> M <=
B2: estimates of installed value for replacement equipment of good quality, 2014 price level | S2: Original Excel: | U2: RIA final v6.xlsx
M3: 1 | N3: Laboratory equipment | S3: Original Sheet: | U3: value estimate
E4: quantity | F4: cost in 1.000 Euro | N4: a | O4: analyser | P4: ANL | Q4: =SUM(J41:J47) -> 6.5666667
D5: 2014 RIA: Equipment List in E, C, W | E5: found | F5: unit | G5: total | N5: b | O5: centrifuge | P5: CEN | Q5: =F39 -> 0.5
B6: Imaging | C6: 1 | D6: X-Ray unit, stationary 100mA | E6: 9 | F6: 22 | G6: =F6*E6 -> 198 | H6: =SUM(E6:E11) -> 111 | I6: =E6/H$6 -> 0.081081081 | J6: =I6*F6 -> 1.7837838 | N6: c | O6: microscope | P6: MIC | Q6: =F37 -> 1.6
C7: 2 | D7: X-Ray unit, stationary 300mA | E7: 14 | F7: 34 | G7: =F7*E7 -> 476 | I7: =E7/H$6 -> 0.12612613 | J7: =I7*F7 -> 4.2882883 | M7: 2 | N7: Cold chain equipment
C8: 3 | D8: X-Ray unit, stationary 500mA | E8: 19 | F8: 50 | G8: =F8*E8 -> 950 | I8: =E8/H$6 -> 0.17117117 | J8: =I8*F8 -> 8.5585586 | N8: a | O8: refrigerator | P8: CLD | Q8: =SUM(J107:J108) -> 1.340274
C9: 4 | D9: X-Ray unit, C-arm, image intensifier | E9: 5 | F9: 68 | G9: =F9*E9 -> 340 | I9: =E9/H$6 -> 0.045045045 | J9: =I9*F9 -> 3.0630631 | N9: b | O9: freezer | P9: CLD | Q9: =SUM(J104:J106) -> 1.3423077
C10: 5 | D10: X-Ray unit, mobile | E10: 61 | F10: 16 | G10: =F10*E10 -> 976 | I10: =E10/H$6 -> 0.54954955 | J10: =I10*F10 -> 8.7927928 | M10: 3 | N10: Surgical equipment
C11: 6 | D11: X-Ray unit, dental, panoramic | E11: 3 | F11: 26 | G11: =F11*E11 -> 78 | I11: =E11/H$6 -> 0.027027027 | J11: =I11*F11 -> 0.7027027 | N11: a | O11: anaesthesia unit | P11: ANS | Q11: =SUM(J86:J88) -> 8.2244898
C12: 7 | D12: X-Ray unit, dental | E12: 10 | F12: 5.5 | G12: =F12*E12 -> 55 | N12: b | O12: electrosurgical unit | P12: ESU | Q12: =F91 -> 2.8
C13: 8 | D13: X-Ray film processor, automatic | E13: 12 | F13: 5 | G13: =F13*E13 -> 60 | N13: c | O13: operating light | P13: LGHT | Q13: =SUM(J93:J95) -> 2.8561151
C14: 9 | D14: X-Ray film dryer, automatic | E14: 1 | F14: 1.5 | G14: =F14*E14 -> 1.5 | N14: d | O14: oxygen concentrator | P14: OXG | Q14: =F65 -> 0.9
C15: 10 | D15: Scanner, ultrasonic, portable | E15: 3 | F15: 5.5 | G15: =F15*E15 -> 16.5 | H15: =SUM(E15:E17) -> 65 | I15: =E15/H$15 -> 0.046153846 | J15: =I15*F15 -> 0.25384615 | N15: e | O15: strelizing unit | P15: STR | Q15: =SUM(J70:J74) -> 1.9605634
C16: 11 | D16: Scanner, ultrasonic, diagnostic | E16: 53 | F16: 8.5 | G16: =F16*E16 -> 450.5 | I16: =E16/H$15 -> 0.81538462 | J16: =I16*F16 -> 6.9307692 | N16: f | O16: operating table | P16: TAB | Q16: =SUM(J99:J100) -> 6.7142857
C17: 12 | D17: Scanner, ultrasonic, Doppler | E17: 9 | F17: 16 | G17: =F17*E17 -> 144 | I17: =E17/H$15 -> 0.13846154 | J17: =I17*F17 -> 2.2153846 | M17: 4 | N17: Monitoring
C18: 13 | D18: Printer for ultrasound scanner | E18: 63 | F18: 0.3 | G18: =F18*E18 -> 18.9 | N18: a | O18: ecg | P18: ECG | Q18: =0.8*F19+0.2*F20 -> 2.48
B19: Diagnostic | C19: 14 | D19: Electrocardiograph, multi channel | E19: 76 | F19: 2.8 | G19: =F19*E19 -> 212.8 | N19: b | O19: monitor | P19: MON | Q19: =F31 -> 6.5
C20: 15 | D20: Electrocardiograph, single channel | E20: 6 | F20: 1.2 | G20: =F20*E20 -> 7.2 | M20: 5 | N20: Ultrasound imaging | P20: ULS | Q20: =SUM(J15:J17) -> 9.4
C21: 16 | D21: Electroencephalograph | E21: 2 | F21: 3 | G21: =F21*E21 -> 6 | M21: 6 | N21: Xray imaging | P21: XRAY | Q21: =SUM(J6:J11) -> 27.189189
C22: 17 | D22: ENT Treatment Unit | E22: 3 | F22: 8.5 | G22: =F22*E22 -> 25.5
C23: 18 | D23: Endoscope ENT, with Monitor | E23: 2 | F23: 5 | G23: =F23*E23 -> 10
C24: 19 | D24: Endoscope | E24: 25 | F24: 3.5 | G24: =F24*E24 -> 87.5
C25: 20 | D25: Bronchoscope | E25: 1 | F25: 3.5 | G25: =F25*E25 -> 3.5
C26: 21 | D26: Colonoscope | E26: 3 | F26: 4 | G26: =F26*E26 -> 12
C27: 22 | D27: Laparoscope | E27: 4 | F27: 3.5 | G27: =F27*E27 -> 14
C28: 23 | D28: Insufflator for laparoscope | E28: 4 | F28: 4 | G28: =F28*E28 -> 16
C29: 24 | D29: Colposcope | E29: 1 | F29: 3.5 | G29: =F29*E29 -> 3.5
C30: 25 | D30: Monitor, multiparameter, centralized | E30: 1 | F30: 8.5 | G30: =F30*E30 -> 8.5
C31: 26 | D31: Monitor, multiparameters | E31: 117 | F31: 6.5 | G31: =F31*E31 -> 760.5
C32: 27 | D32: Ultrasonic foetal heart monitor | E32: 6 | F32: 0.6 | G32: =F32*E32 -> 3.6
C33: 28 | D33: Audiometer | E33: 9 | F33: 2.4 | G33: =F33*E33 -> 21.6
... C36: 31 | D36: Pulmonary function test unit | E36: 1 | F36: 3.5 | G36: =F36*E36 -> 3.5
B37: Laboratory | C37: 32 | D37: Microscope, binocular | E37: 164 | F37: 1.6 | G37: =F37*E37 -> 262.4
C38: 33 | D38: Centrifuge, electric | E38: 134 | F38: 0.5 | G38: =F38*E38 -> 67
C39: 34 | D39: Centrifuge, haematocrit | E39: 5 | F39: 0.5 | G39: =F39*E39 -> 2.5
C40: 35 | D40: Colorimeter | E40: 94 | F40: 0.6 | G40: =F40*E40 -> 56.4
C41: 36 | D41: Analyser, biochemistry | E41: 37 | F41: 7.5 | G41: =F41*E41 -> 277.5 | H41: =SUM(E41:E44,E46,E47) -> 60 | I41: =E41/H$41 -> 0.61666667 | J41: =I41*F41 -> 4.625
C42: 37 | D42: Analyser, blood gas | E42: 2 | F42: 7 | G42: =F42*E42 -> 14 | I42: =E42/H$41 -> 0.033333333 | J42: =I42*F42 -> 0.23333333
C43: 38 | D43: Analyser, electrolyte | E43: 9 | F43: 4 | G43: =F43*E43 -> 36 | I43: =E43/H$41 -> 0.15 | J43: =I43*F43 -> 0.6
C44: 39 | D44: Analyser, haematology | E44: 7 | F44: 4.5 | G44: =F44*E44 -> 31.5 | I44: =E44/H$41 -> 0.11666667 | J44: =I44*F44 -> 0.525
C45: 40 | D45: CD4 Count Machine | E45: 7 | F45: 6 | G45: =F45*E45 -> 42
C46: 41 | D46: Analyser, immunoassay | E46: 3 | F46: 7 | G46: =F46*E46 -> 21 | I46: =E46/H$41 -> 0.05 | J46: =I46*F46 -> 0.35
C47: 42 | D47: Analyzer, MTB/RIF | E47: 2 | F47: 7 | G47: =F47*E47 -> 14 | I47: =E47/H$41 -> 0.033333333 | J47: =I47*F47 -> 0.23333333
C48: 43 | D48: Haemoglobinometer | E48: 2 | F48: 2 | G48: =F48*E48 -> 4
C49: 44 | D49: ELISA micro-plate reader | E49: 2 | F49: 3.5 | G49: =F49*E49 -> 7
C50: 45 | D50: Coagulometer | E50: 3 | F50: 0.6 | G50: =F50*E50 -> 1.8
C51: 46 | D51: Bilirubinometer | E51: 1 | F51: 0.4 | G51: =F51*E51 -> 0.4
C52: 47 | D52: Laboratory incubator | E52: 79 | F52: 2.4 | G52: =F52*E52 -> 189.6
C53: 48 | D53: Bio-safety cabinet | E53: 2 | F53: 5 | G53: =F53*E53 -> 10
C54: 49 | D54: Drying oven | E54: 51 | F54: 1.2 | G54: =F54*E54 -> 61.2
C55: 50 | D55: Shaker / mixer | E55: 30 | F55: 0.3 | G55: =F55*E55 -> 9
C56: 51 | D56: Tissue processor | E56: 3 | F56: 2.5 | G56: =F56*E56 -> 7.5
B57: Monitoring | C57: 52 | D57: Infant incubator | E57: 26 | F57: 8.5 | G57: =F57*E57 -> 221
C58: 53 | D58: Infant incubator, transport | E58: 3 | F58: 5.5 | G58: =F58*E58 -> 16.5
C59: 54 | D59: Infant warmer, with sensor | E59: 15 | F59: 1 | G59: =F59*E59 -> 15
C60: 55 | D60: Ventilator, intensive care | E60: 23 | F60: 9 | G60: =F60*E60 -> 207
C61: 56 | D61: Ventilator, emergencies & transport | E61: 8 | F61: 7.5 | G61: =F61*E61 -> 60
C62: 57 | D62: Infusion pump | E62: 8 | F62: 0.3 | G62: =F62*E62 -> 2.4
C63: 58 | D63: Air compressor, ICU | E63: 1 | F63: 0.6 | G63: =F63*E63 -> 0.6
B64: Other | C64: 59 | D64: Suction apparatus, electric | E64: 305 | F64: 0.4 | G64: =F64*E64 -> 122
C65: 60 | D65: Oxygen concentrator | E65: 108 | F65: 0.9 | G65: =F65*E65 -> 97.2
C66: 61 | D66: Dental unit complete | E66: 32 | F66: 9 | G66: =F66*E66 -> 288
C67: 62 | D67: Dental chair, electrical | E67: 1 | F67: 2.5 | G67: =F67*E67 -> 2.5
C68: 63 | D68: Resin curing light, dental | E68: 6 | F68: 0.1 | G68: =F68*E68 -> 0.6
C69: 64 | D69: Ultrasonic scaler | E69: 9 | F69: 0.1 | G69: =F69*E69 -> 0.9
C70: 65 | D70: Sterilizing unit, dry heat | E70: 26 | F70: 0.7 | G70: =F70*E70 -> 18.2 | H70: =SUM(E70:E74) -> 71 | I70: =E70/H$70 -> 0.36619718 | J70: =I70*F70 -> 0.25633803
C71: 66 | D71: Sterilizing unit, non-vacuum, basic | E71: 27 | F71: 1 | G71: =F71*E71 -> 27 | I71: =E71/H$70 -> 0.38028169 | J71: =I71*F71 -> 0.38028169
C72: 67 | D72: Sterilizing unit, non-vacuum, automatic | E72: 4 | F72: 3 | G72: =F72*E72 -> 12 | I72: =E72/H$70 -> 0.056338028 | J72: =I72*F72 -> 0.16901408
C73: 68 | D73: Sterilizing unit, vacuum, basic | E73: 5 | F73: 2 | G73: =F73*E73 -> 10 | I73: =E73/H$70 -> 0.070422535 | J73: =I73*F73 -> 0.14084507
C74: 69 | D74: Sterilizing unit, vacuum, automatic | E74: 9 | F74: 8 | G74: =F74*E74 -> 72 | I74: =E74/H$70 -> 0.12676056 | J74: =I74*F74 -> 1.0140845
C75: 70 | D75: Dialysis machine | E75: 10 | F75: 9.5 | G75: =F75*E75 -> 95
C76: 71 | D76: Dialysis water treatment unit | E76: 1 | F76: 10 | G76: =F76*E76 -> 10
C77: 72 | D77: Lithotripter, intracorporeal, with camera | E77: 1 | F77: 16 | G77: =F77*E77 -> 16
C78: 73 | D78: Diathermy unit, short wave | E78: 5 | F78: 2 | G78: =F78*E78 -> 10
C79: 74 | D79: Electro Convulsive Therapy (ECT) | E79: 2 | F79: 1.2 | G79: =F79*E79 -> 2.4
C80: 75 | D80: Interferential therapy apparatus | E80: 1 | F80: 1.8 | G80: =F80*E80 -> 1.8
C81: 76 | D81: Ultrasonic therapy unit | E81: 5 | F81: 1.4 | G81: =F81*E81 -> 7
C82: 77 | D82: Muscle stimulator | E82: 2 | F82: 0.8 | G82: =F82*E82 -> 1.6
C83: 78 | D83: Syringe pump | E83: 12 | F83: 0.2 | G83: =F83*E83 -> 2.4
C84: 79 | D84: Digital traction unit | E84: 1 | F84: 1.8 | G84: =F84*E84 -> 1.8
C85: 80 | D85: Lens edging machine, automatic | E85: 1 | F85: 0.3 | G85: =F85*E85 -> 0.3
B86: Theatre | C86: 81 | D86: Anaesthesia apparatus, Boyle's | E86: 14 | F86: 7 | G86: =F86*E86 -> 98 | H86: =SUM(E86:E88) -> 49 | I86: =E86/H$86 -> 0.28571429 | J86: =I86*F86 -> 2
C87: 82 | D87: Anaesthesia apparatus, EMO | E87: 4 | F87: 6.5 | G87: =F87*E87 -> 26 | I87: =E87/H$86 -> 0.081632653 | J87: =I87*F87 -> 0.53061224
C88: 83 | D88: Anaesthesia apparatus, Ventilator | E88: 31 | F88: 9 | G88: =F88*E88 -> 279 | I88: =E88/H$86 -> 0.63265306 | J88: =I88*F88 -> 5.6938776
C89: 84 | D89: Defibrillator | E89: 12 | F89: 2.6 | G89: =F89*E89 -> 31.2
C90: 85 | D90: Surgical Drill | E90: 3 | F90: 0.2 | G90: =F90*E90 -> 0.6
C91: 86 | D91: Electrosurgical unit, general purpose | E91: 60 | F91: 2.8 | G91: =F91*E91 -> 168
C92: 87 | D92: Electrosurgical unit, ophthalmology | E92: 1 | F92: 3 | G92: =F92*E92 -> 3
C93: 88 | D93: Operating light, ceiling mounted | E93: 37 | F93: 6 | G93: =F93*E93 -> 222 | H93: =SUM(E93:E95) -> 139 | I93: =E93/H$93 -> 0.26618705 | J93: =I93*F93 -> 1.5971223
C94: 89 | D94: Operating light, mobile | E94: 80 | F94: 1.5 | G94: =F94*E94 -> 120 | I94: =E94/H$93 -> 0.57553957 | J94: =I94*F94 -> 0.86330935
C95: 90 | D95: Operating light, mobile, battery backup | E95: 22 | F95: 2.5 | G95: =F95*E95 -> 55 | I95: =E95/H$93 -> 0.15827338 | J95: =I95*F95 -> 0.39568345
C96: 91 | D96: Ophtalmic microscope | E96: 6 | F96: 3.5 | G96: =F96*E96 -> 21
C97: 92 | D97: Operating microscope | E97: 7 | F97: 6.5 | G97: =F97*E97 -> 45.5
C98: 93 | D98: Pulse oximeter, with monitor | E98: 6 | F98: 0.3 | G98: =F98*E98 -> 1.8
C99: 94 | D99: Operating table, electric | E99: 6 | F99: 8.5 | G99: =F99*E99 -> 51 | H99: 56 | I99: =E99/H$99 -> 0.10714286 | J99: =I99*F99 -> 0.91071429
C100: 95 | D100: Operating table, hydraulic | E100: 50 | F100: 6.5 | G100: =F100*E100 -> 325 | I100: =E100/H$99 -> 0.89285714 | J100: =I100*F100 -> 5.8035714
B101: Cooling | C101: 96 | D101: Air conditioner, window type | E101: 9 | F101: 0.2 | G101: =F101*E101 -> 1.8
B102: Cold Chain | C102: 97 | D102: Air conditioning unit, split type | E102: 129 | F102: 0.4 | G102: =F102*E102 -> 51.6
...

Sheet D_service_prices
A1: =HYPERLINK("#"&ADDRESS(1,1,,,"MASTER"),"M <=") -> M <= | G1: Original Excel: | I1: Renumeration Rates per Service - Health Insurance.xlsx
C2: S.N. | D2: Investigation | E2: Rate in NPR | G2: Original Sheet: | I2: Tabelle 1
B3: X-Ray: | C3: 3 | D3: Plain X-Ray (10x12/14x17) | E3: 150
C4: 4 | D4: CR X-Ray Small (8x10/10x12) | E4: 200
C5: 5 | D5: X-Ray Medium (11x14) | E5: 300
C6: 6 | D6: X-Ray Large (14x17) | E6: 400
C7: 7 | D7: X-Ray Digital (double/three/four exposure) | E7: 400/500/600
C8: 8 | D8: Dental X-Ray | E8: 100
B9: Ultrasound | C9: 1 | D9: USG A Scan (eye) and soft tissue - Neck, Breast etc. Scan | E9: 360
C10: 2 | D10: USG (abdomen/pelvis) Scan | E10: 500
C11: 18 | D11: USG guided FNAC | E11: 850
C12: 66 | D12: USG B Scan | E12: 500
B13: Electrocardiogram | C13: 9 | D13: Electrocardiogram ECG | E13: 200
B14: Colonoscopy | C14: 17 | D14: Colonoscopy | E14: 2500
B15: Hematology | C15: 1 | D15: TC/DC/Hb | E15: 35/35/35
C16: 2 | D16: Absolute count (Eosinophil/Neutrophil/Lymphocyte/Monocyte/Basophil) per cell type | E16: 50
C17: 3 | D17: APTT (activated partial thromboplastine time) | E17: 290
C18: 4 | D18: CT/BT | E18: 70
C19: 5 | D19: Mean Corpuscular Hemoglobin (MCH) | E19: 30
C20: 6 | D20: Mean Corpuscular Hemoglobin Concentration (MCHC) | E20: 30
C21: 7 | D21: Mean Corpuscular Volume (MCV) | E21: 30
C22: 8 | D22: Packed Cell Volume (PCV) | E22: 50
C23: 9 | D23: Peripheral smear/RBC morphology comment | E23: 100
C24: 10 | D24: Platelet count | E24: 50
C25: 11 | D25: PT/INR | E25: 180
C26: 12 | D26: RBC count | E26: 35
C27: 13 | D27: Reticulocyte count | E27: 125

Sheet D_device_lifecycles
A1: =HYPERLINK("#"&ADDRESS(1,1,,,"MASTER"),"M <=") -> M <= | D1: GIZ Life Expectancy | T1: LIC (from GIZ) | X1: HIC | AA1: Original Excel: | AC1: Equipment list-PLAMAHS-10thOct2018-BR.xlsx
A2: Category | B2: Description | C2: eqp_many | D2: PQ_bad1 | E2: PQ_bad2 | F2: PQwell1 | G2: PQ_well2 | H2: GQ_bad1 | I2: GQ_bad2 | J2: GQ_well1 | K2: GQ_well2 | L2: LE2 | M2: LE3 | N2: P2 | T2: w\o MTN | U2: w. MTN | V2: decrease | X2: w. MTN | Y2: w\o MTN | AA2: Original Sheet: | AC2: lifecycle
A3: AC | B3: Air conditioner | C3: YES | D3: 3 | E3: 3 | F3: 5 | G3: 7 | H3: 5 | I3: 6 | J3: 10 | K3: 12 | L3: 10 | M3: 10 | P3: 1 | Q3: Laboratory equipment
A4: ANS | B4: Anaesthesia apparatus | C4: YES | D4: 2 | E4: 5 | F4: 5 | G4: 10 | H4: 5 | I4: 10 | J4: 10 | K4: 15 | L4: 10 | M4: 10 | Q4: a | R4: analyser | S4: ANL | X4: 7.5 | Y4: =X4-(T$22*X4) -> #REF!
A5: ANL | B5: Analyser | C5: YES | L5: 8 | M5: 7 | Q5: b | R5: centrifuge | S5: CEN | T5: 6 | U5: 10 | V5: =(U5-T5)/U5 -> 0.4 | X5: 9 | Y5: =X5-(T$22*X5) -> #REF!
A6: ADM | B6: Audiometer | C6: NO | L6: 10 | M6: 10 | Q6: c | R6: microscope | S6: MIC | T6: 6.5 | U6: 12 | V6: =(U6-T6)/U6 -> 0.45833333 | X6: 10 | Y6: =X6-(T$22*X6) -> #REF!
A7: BLN | B7: Balance, electronic, laboratory | C7: NO | L7: 7 | M7: 7 | P7: 2 | Q7: Cold chain equipment
A8: BIR | B8: Bilirubinometer | C8: NO | L8: 8 | M8: 10 | Q8: a | R8: refrigerator | S8: CLD | T8: 6.5 | U8: 10.5 | V8: =(U8-T8)/U8 -> 0.38095238 | X8: 10 | Y8: =X8-(T$22*X8) -> #REF!
A9: BSC | B9: Bio-safety cabinet | C9: NO | L9: - | M9: - | Q9: b | R9: freezer | S9: CLD | X9: 11 | Y9: =X9-(T$22*X9) -> #REF!
A10: BRO | B10: Bronchoscope | C10: NO | L10: 8 | M10: 7 | P10: 3 | Q10: Surgical equipment
A11: CTG | B11: Cardio Tocographic (CTG) Machine | C11: NO | L11: 8 | M11: 6 | Q11: a | R11: anaesthesia unit | S11: ANS | T11: 5 | U11: 10 | V11: =(U11-T11)/U11 -> 0.5 | X11: 10 | Y11: =X11-(T$22*X11) -> #REF!
A12: CAU | B12: Cautery apparatus, eye clinic | C12: NO | L12: 10 | M12: - | Q12: b | R12: electrosurgical unit | S12: ESU | X12: 9 | Y12: =X12-(T$22*X12) -> #REF!
A13: CDF | B13: CD4 Count Machine | C13: NO | L13: - | M13: - | Q13: c | R13: operating light | S13: LGHT | X13: 7 | Y13: =X13-(T$22*X13) -> #REF!
A14: CEN | B14: Centrifuge | C14: YES | D14: 3 | E14: 4 | F14: 7 | G14: 8 | H14: 6 | I14: 9 | J14: 10 | K14: 12 | L14: 8 | M14: 10 | Q14: d | R14: oxygen concentrator | S14: OXG | X14: 8 | Y14: =X14-(T$22*X14) -> #REF!
A15: COS | B15: Change over switch, automatic | C15: NO | L15: - | M15: - | Q15: e | R15: strelizing unit | S15: STR | T15: 6.5 | U15: 8.5 | V15: =(U15-T15)/U15 -> 0.23529412 | X15: 12 | Y15: =X15-(T$22*X15) -> #REF!
A16: CGLM | B16: Coagulometer | C16: NO | L16: 5 | M16: 5 | Q16: f | R16: operating table | S16: TAB | X16: 15 | Y16: =X16-(T$22*X16) -> #REF!
A17: CLDR | B17: Cold room with complete cooling system | C17: NO | L17: - | P17: 4 | Q17: Monitoring
A18: CLNS | B18: Colonoscope | C18: NO | L18: 5 | M18: 5 | Q18: a | R18: ecg | S18: ECG | X18: 8 | Y18: =X18-(T$22*X18) -> #REF!
A19: CMR | B19: Colorimeter | C19: YES | L19: 12 | M19: - | Q19: b | R19: monitor | S19: MON | X19: 9 | Y19: =X19-(T$22*X19) -> #REF!
A20: CLPS | B20: Colposcope | C20: NO | L20: 7 | M20: 15 | P20: 5 | Q20: Ultrasound imaging | S20: ULS | X20: 10 | Y20: =X20-(T$22*X20) -> #REF!
A21: CMPR | B21: Compressor, Air, ICU | C21: NO | L21: 15 | M21: 15 | P21: 6 | Q21: Xray imaging | S21: XRAY | X21: 8 | Y21: =X21-(T$22*X21) -> #REF!
A22: CNV | B22: Converter, solar power | C22: NO | L22: - | M22: - | T22: =Master!#REF! -> #REF! | V22: Reduction
A23: CNT | B23: Counter, blood cell, electronic | C23: NO | L23: 10 | M23: 7
A24: DEF | B24: Defibrillator | C24: NO | L24: 8 | M24: 7
A25: DCH | B25: Dental chair, electrical | C25: NO | L25: 10 | M25: -
A26: DUC | B26: Dental unit complete | C26: NO | L26: 10 | M26: 10
A27: DLSM | B27: Dialysis machine | C27: NO | L27: 8 | M27: 10
A28: DLSW | B28: Dialysis water treatment unit | C28: NO | L28: - | M28: -
A29: DTU | B29: Diathermy unit, short wave | C29: NO | L29: 10 | M29: 15
A30: DRL | B30: Drill, surgical | C30: NO | L30: 10 | M30: 10
A31: ECT | B31: Electro Convulsive Therapy (ECT) | C31: NO | L31: - | M31: 15
A32: ECG | B32: Electrocardiograph | C32: YES | L32: 8 | M32: 10
A33: EEPG | B33: Electroencephalograph | C33: NO | L33: 10 | M33: 10
A34: ESU | B34: Electrosurgical unit | C34: YES | L34: 8 | M34: 10
A35: ELI | B35: ELISA micro-plate reader | C35: NO | L35: - | M35: -
A36: END | B36: Endoscope | C36: NO | L36: 10 | M36: -
A37: ENT | B37: ENT Treatment Unit | C37: NO | L37: 12 | M37: 12
A38: FOT | B38: Fiber optic tube, colonoscope | C38: NO | L38: - | M38: -
A39: FRZ | B39: Freezer | C39: YES | L39: 11 | M39: 12
A40: GNR | B40: Generator | C40: YES | D40: 2 | E40: 6 | F40: 5 | G40: 10 | H40: 6 | I40: 15 | J40: 10 | K40: 20 | L40: 10 | M40: -
A41: HAEM | B41: Haemoglobinometer | C41: NO | L41: 10 | M41: 10
A42: INC | B42: Incubator | C42: YES | L42: 10 | M42: 15
A43: INS | B43: Insufflator | C43: NO | L43: 10 | M43: 20
A44: ITA | B44: Interferential therapy apparatus | C44: NO | L44: - | M44: -
A45: INV | B45: Inverter | C45: NO | L45: - | M45: -
A46: LAP | B46: Laparoscope | C46: NO | L46: 10 | M46: 10
A47: LEM | B47: Lens edging machine, automatic, optician | C47: NO | L47: - | M47: 12
A48: LGHT | B48: Light | C48: YES | L48: 10 | M48: 7
A49: LITH | B49: Lithotripter, intracorporeal pneumatic, with camera | C49: NO | L49: 5 | M49: 10
A50: MIC | B50: Microscope | C50: YES | D50: 3 | E50: 6 | F50: 5 | G50: 10 | H50: 6 | I50: 10 | J50: 10 | K50: 20 | L50: 12 | M50: 7
A51: MIX | B51: Mixer, Vortex | C51: NO | L51: 10 | M51: 8
A52: MON | B52: Monitor | C52: YES | L52: 9 | M52: -
A53: OVN | B53: Oven | C53: YES | D53: 2 | E53: 6 | F53: 5 | G53: 8 | H53: 6 | I53: 10 | J53: 10 | K53: 15 | L53: 10 | M53: 8
A54: OXM | B54: Oximeter | C54: YES | L54: 10 | M54: 10
A55: OXG | B55: Oxygen concentrator | C55: YES | L55: 8 | M55: 10
A56: PTM | B56: Photometer, flame | C56: NO | L56: 9 | M56: 8
A57: PIP | B57: Pipette, digital | C57: NO | L57: 10 | M57: 10
A58: PRN | B58: Printer, thermal, Ultrasound scanner | C58: NO | L58: 8 | M58: 7
A59: PFT | B59: Pulmonary function test unit | C59: NO | L59: 10 | M59: 10
A60: PMP | B60: Pump | C60: NO | L60: 5 | M60: 10
A61: REF | B61: Refrigerator | C61: YES | D61: 3 | E61: 5 | F61: 4 | G61: 8 | H61: 2 | I61: 10 | J61: 10 | K61: 17 | L61: 12 | M61: 10
A62: REG | B62: Regulator, charging, solar | C62: NO | L62: 10 | M62: -
A63: ULS | B63: Scaler, ultrasonic | C63: YES | L63: 10 | M63: 10 | Q63: =AVERAGE(D66:E66,H66:I66) -> 6.25
A64: SHK | B64: Shaker / mixer | C64: YES | L64: 10 | M64: 10
A65: STB | B65: Stabilizer | C65: NO | L65: - | M65: -
A66: STR | B66: Sterilizing unit | C66: YES | D66: 3 | E66: 6 | F66: 5 | G66: 12 | H66: 6 | I66: 10 | J66: 8 | K66: 14 | L66: 12 | M66: 15
A67: STM | B67: Stimulator, muscle | C67: NO | L67: 10 | M67: 7
A68: SUC | B68: Suction apparatus, electric | C68: NO | D68: 1 | E68: 3 | F68: 5 | G68: 7 | H68: 5 | I68: 8 | J68: 10 | K68: 15 | L68: 10 | M68: -
A69: TAB | B69: Table, operating | C69: YES | L69: 15 | M69: 15
A70: TUU | B70: Therapy unit, ultrasonic | C70: NO | L70: 7 | M70: -
A71: TISP | B71: Tissue processor | C71: NO | L71: 10 | M71: 10
A72: TRCT | B72: Traction unit, digital | C72: NO | L72: 10 | M72: 10
A73: TYMP | B73: Tympanometer | C73: NO | L73: 10 | M73: -
A74: UPS | B74: UPS | C74: NO | L74: - | M74: -
A75: VNT | B75: Ventilator | C75: YES | L75: 10 | M75: 7
A76: WRM | B76: Warmer, infant, with sensor | C76: NO | L76: 10 | M76: 10
A77: WBH | B77: Water bath heater and stirrer | C77: NO | L77: 10 | M77: 10
A78: XRAY | B78: X-Ray | C78: YES | L78: 8 | M78: 8

Sheet D_currency_conversion
A1: =HYPERLINK("#"&ADDRESS(1,1,,,"MASTER"),"M <=") -> M <=
A3: Exchange Rates: Nepalese Rupee per USD, Euro per USD & Nepalese Consumer Price Index
B4: 2008 | C4: 2009 | D4: 2010 | E4: 2011 | F4: 2012 | G4: 2013 | H4: 2014 | I4: 2015 | J4: 2016 | K4: 2017
A5: CPI# | B5: 82.334284 | C5: 91.469128 | D5: 100 | E5: 109.22708 | F5: 119.55975 | G5: 130.36815 | H5: 141.27234 | I5: 152.38893 | J5: 165.78444 | K5: 171.1375
A6: ER NPR* | B6: 69.761695 | C6: 77.573431 | D6: 73.262359 | E6: 74.02 | F6: 85.196667 | G6: 92.993333 | H6: 97.554167 | I6: 102.40513 | J6: 107.38382 | K6: 104.51189
A7: ER EUR* | B7: 0.68267471 | C7: 0.71984336 | D7: 0.75504495 | E7: 0.71935525 | F7: 0.7782936 | G7: 0.75315918 | H7: 0.75373074 | I7: 0.90165896 | J7: 0.90403513 | K7: -
A8: Notes: #Consumper price index Nepal from World Development Indicators. *Official exchange rate refers to the exchange rate determined by national authorities or to the rate determined in the legally sanctioned exchange market. It is calculated as an annual average based on monthly averages (local currency units per USD).
A10: Annual Percent Change in Nepalese CPI
A11: i | C11: =(C5-B5)/B5 -> 0.11094824 | D11: =(D5-C5)/C5 -> 0.093265041 | E11: =(E5-D5)/D5 -> 0.092270755 | F11: =(F5-E5)/E5 -> 0.094598098 | G11: =(G5-F5)/F5 -> 0.090401631 | H11: =(H5-G5)/G5 -> 0.083641547 | I11: =(I5-H5)/H5 -> 0.07868909 | J11: =(J5-I5)/I5 -> 0.087903433 | K11: =(K5-J5)/J5 -> 0.032289281
A12: i+1 | C12: =C11+1 -> 1.1109482 | D12: =D11+1 -> 1.093265 | E12: =E11+1 -> 1.0922708 | F12: =F11+1 -> 1.0945981 | G12: =G11+1 -> 1.0904016 | H12: =H11+1 -> 1.0836415 | I12: =I11+1 -> 1.0786891 | J12: =J11+1 -> 1.0879034 | K12: =K11+1 -> 1.0322893
A13: Notes: The change in CPI (i) is calculated as: (CPI current year - CPI previous year)/CPI previous year
A15: Exchange Rates: Nepalese Rupee per I$, Euro per I$
B16: 2008 | C16: 2009 | D16: 2010 | E16: 2011 | F16: 2012 | G16: 2013 | H16: 2014 | I16: 2015 | J16: 2016 | K16: 2017
A17: ER NPR* | B17: 17.770447 | C17: 20.441591 | D17: 23.26675 | E17: 25.254612 | F17: 26.00444 | G17: 26.79987 | H17: 28.152746 | I17: 29.942535 | J17: 31.99881 | K17: 31.234983
A18: ER EUR* | B18: 0.806152 | C18: 0.794418 | D18: 0.792321 | E18: 0.780416 | F18: 0.774121 | G18: 0.755494 | H18: 0.751991 | I18: 0.755235 | J18: 0.729722 | K18: -
A19: Notes: *Official exchange rate refers to the exchange rate determined by national authorities or to the rate determined in the legally sanctioned exchange market. It is calculated as an annual average based on monthly averages (local currency units per international dollar).

Sheet D_fullhouse
A1: 0-30 Beds Hospital: | C1: Bio-Medical Engineer(BME)-0; Bio-Medical Equipment Technician(BMET)-1; Tools-NRS 200,000; Spares stock-NRS 350,000; Space-130 sq. ft.; Room-1 | O1: =HYPERLINK("#"&ADDRESS(1,1,,,"MASTER"),"M <=") -> M <=
A2: 31-99 Beds Hospital: | C2: Bio-Medical Engineer(BME)-1; Bio-Medical Equipment Technician(BMET)-2; Tools-NRS 250,000; Spares stock-NRS 400,000; Space-194 sq. ft.; Room-1
A3: 100-249 Beds Hospital: | C3: Bio-Medical Engineer(BME)-2; Bio-Medical Equipment Technician(BMET)-3; Tools-NRS 300,000; Spares stock-NRS 450,000; Space-258 sq. ft.; Room-2
A4: 250 and more Beds Hospital: | C4: Bio-Medical Engineer(BME)-3; Bio-Medical Equipment Technician(BMET)-4; Tools-NRS 350,000; Spares stock-NRS 500,000; Space-333 sq. ft.; Room-2
G5: Requirements estimation
B6: SN | C6: Facility | D6: Facility type | E6: Current BoQ (active + passive), before 2nd PPM | F6: No. of Beds | G6: BME | H6: salary+misc(NRS) | I6: BMET | J6: salary+misc(NRS) | K6: Electrician & Plumber | L6: salary+misc (NRS) | M6: Total maintenance staff salary per Year(NRS) | N6: Tools(NRS) | O6: Spares(NRS) | P6: Cal/testing tools | Q6: Space(sq m) | R6: Space(sq ft) | S6: Construction cost (5500 per sq ft) | T6: Rooms
A7: x | B7: 1 | C7: Achham District Hospital | D7: DH | E7: 37 | F7: 15 | I7: 1 | J7: 50000 | M7: =(G7*H7+I7*J7+K7*L7)*12 -> 600000 | N7: 200000 | O7: 350000 | P7: 200000 | Q7: 12 | R7: =Q7*10.764 -> 129.168 | S7: =R7*5500 -> 710424 | T7: 1
A8: x | B8: 3 | C8: Baitadi District Hospital | D8: DH | E8: 37 | F8: 15 | I8: 1 | J8: 50000 | M8: =(G8*H8+I8*J8+K8*L8)*12 -> 600000 | N8: 200000 | O8: 350000 | P8: 200000 | Q8: 12 | R8: =Q8*10.764 -> 129.168 | S8: =R8*5500 -> 710424 | T8: 1
A9: x | B9: 4 | C9: Bajhang District Hospital | D9: DH | E9: 36 | F9: 15 | I9: 1 | J9: 50000 | M9: =(G9*H9+I9*J9+K9*L9)*12 -> 600000 | N9: 200000 | O9: 350000 | P9: 200000 | Q9: 12 | R9: =Q9*10.764 -> 129.168 | S9: =R9*5500 -> 710424 | T9: 1
A10: x | B10: 5 | C10: Bajura District Hospital | D10: DH | E10: 58 | F10: 15 | I10: 1 | J10: 50000 | M10: =(G10*H10+I10*J10+K10*L10)*12 -> 600000 | N10: 200000 | O10: 350000 | P10: 200000 | Q10: 12 | R10: =Q10*10.764 -> 129.168 | S10: =R10*5500 -> 710424 | T10: 1
A11: x | B11: 7 | C11: Dailekh District Hospital | D11: DH | E11: 64 | F11: 15 | I11: 1 | J11: 50000 | M11: =(G11*H11+I11*J11+K11*L11)*12 -> 600000 | N11: 200000 | O11: 350000 | P11: 200000 | Q11: 12 | R11: =Q11*10.764 -> 129.168 | S11: =R11*5500 -> 710424 | T11: 1
A12: x | B12: 8 | C12: Darchula District Hospital | D12: DH | E12: 58 | F12: 15 | I12: 1 | J12: 50000 | M12: =(G12*H12+I12*J12+K12*L12)*12 -> 600000 | N12: 200000 | O12: 350000 | P12: 200000 | Q12: 12 | R12: =Q12*10.764 -> 129.168 | S12: =R12*5500 -> 710424 | T12: 1
A13: x | B13: 9 | C13: Dolpa District Hospital | D13: DH | E13: 30 | F13: 15 | I13: 1 | J13: 50000 | M13: =(G13*H13+I13*J13+K13*L13)*12 -> 600000 | N13: 200000 | O13: 350000 | P13: 200000 | Q13: 12 | R13: =Q13*10.764 -> 129.168 | S13: =R13*5500 -> 710424 | T13: 1
A14: x | B14: 10 | C14: Doti District Hospital | D14: DH | E14: 39 | F14: 15 | I14: 1 | J14: 50000 | M14: =(G14*H14+I14*J14+K14*L14)*12 -> 600000 | N14: 200000 | O14: 350000 | P14: 200000 | Q14: 12 | R14: =Q14*10.764 -> 129.168 | S14: =R14*5500 -> 710424 | T14: 1
A15: x | B15: 15 | C15: Humla District Hospital | D15: DH | E15: 43 | F15: 15 | I15: 1 | J15: 50000 | M15: =(G15*H15+I15*J15+K15*L15)*12 -> 600000 | N15: 200000 | O15: 350000 | P15: 200000 | Q15: 12 | R15: =Q15*10.764 -> 129.168 | S15: =R15*5500 -> 710424 | T15: 1
A16: x | B16: 16 | C16: Jajarkot District Hospital | D16: DH | E16: 42 | F16: 15 | I16: 1 | J16: 50000 | M16: =(G16*H16+I16*J16+K16*L16)*12 -> 600000 | N16: 200000 | O16: 350000 | P16: 200000 | Q16: 12 | R16: =Q16*10.764 -> 129.168 | S16: =R16*5500 -> 710424 | T16: 1
A17: x | B17: 18 | C17: Kalikot District Hospital | D17: DH | E17: 34 | F17: 15 | I17: 1 | J17: 50000 | M17: =(G17*H17+I17*J17+K17*L17)*12 -> 600000 | N17: 200000 | O17: 350000 | P17: 200000 | Q17: 12 | R17: =Q17*10.764 -> 129.168 | S17: =R17*5500 -> 710424 | T17: 1
A18: x | B18: 26 | C18: Mugu District Hospital | D18: DH | E18: 38 | F18: 15 | I18: 1 | J18: 50000 | M18: =(G18*H18+I18*J18+K18*L18)*12 -> 600000 | N18: 200000 | O18: 350000 | P18: 200000 | Q18: 12 | R18: =Q18*10.764 -> 129.168 | S18: =R18*5500 -> 710424 | T18: 1
... A21: x | B21: 34 | C21: Rukum District Hospital | D21: DH | E21: 35 | F21: 15 | I21: 1 | J21: 50000 | M21: =(G21*H21+I21*J21+K21*L21)*12 -> 600000 | N21: 200000 | O21: 350000 | P21: 200000 | Q21: 12 | R21: =Q21*10.764 -> 129.168 | S21: =R21*5500 -> 710424 | T21: 1
M22: =SUM(M7:M21) -> 9000000 | N22: =SUM(N7:N21) -> 3000000 | O22: =SUM(O7:O21) -> 5250000 | P22: =SUM(P7:P21) -> 3000000 | S22: =SUM(S7:S21) -> 10656360

Sheet P_Figure1_to_EPS
